Workbook
Name _1500TEAM: WORK2!$BB$4:$BR$75
Name _300TEAM: WORK2!$T$4:$AJ$75
Name _700TEAM: WORK2!$AK$4:$BA$75
Name _UNLTEAMS: WORK2!$BS$4:$CI$75
Name CATCOL: WORK2!$G$2:$G$6000
Name COUNT1500: WORK2!#REF!
Name COUNT300: WORK2!$T$2
Name COUNT700: WORK2!#REF!
Name COUNTUNL: WORK2!#REF!
Name DATA: Entry!$A$12:'Entry'!$DD$6000
Name DATATABLE: ROSTER!$A$1:$G5999
Name EXAMCODE: Entry!$A$10
Name EXAMCOL: WORK2!$B$2:$B$6000
Name FIRSTRESPONSE: Entry!$B$10
Name ID: Entry!$C$10
Name KEYS: Entry!$A$3:$CC$9
Name NEW: [1]Entry!$A$11:$D$5458
Name NEWI: [1]Entry!$C$10
Name NEWT: TEAMS!$O$1:$Q$500
Name NEWX: [1]Entry!$A$10
Name SCORECOL: WORK2!$A$2:$A$6000
Name SCORETABLE: Entry!$A$11:$M$5458
Name TEAMCOL: WORK2!$D$2:$D$6000
Name TEAMLIST: WORK2!$M$1:$O$500
Name WORKTABLE: WORK2!$A$1:$G$6000

Sheet Entry
A1: ENTER SCORE TABLE HERE
A2: KEYS | B2: 1 | C2: 2 | D2: 3 | E2: 4 | F2: 5 | G2: 6 | H2: 7 | I2: 8 | J2: 9 | K2: 10 | L2: 11 | M2: 12 | N2: 13 | O2: 14 | P2: 15 | Q2: 16 | R2: 17 | S2: 18 | T2: 19 | U2: 20 | V2: 21 | W2: 22 | X2: 23 | Y2: 24 | Z2: 25 | AA2: 26 | AB2: 27 | AC2: 28 | AD2: 29 | AE2: 30 | AF2: 31 | AG2: 32 | AH2: 33 | AI2: 34 | AJ2: 35 | AK2: 36 | AL2: 37 | AM2: 38 | AN2: 39 | AO2: 40 | AP2: 41 | AQ2: 42 | AR2: 43 | AS2: 44 | AT2: 45 | AU2: 46 | AV2: 47 | AW2: 48 | AX2: 49 | AY2: 50 | AZ2: 51 | BA2: 52 | BB2: 53 | BC2: 54 | BD2: 55 | BE2: 56 | BF2: 57 | BG2: 58 | BH2: 59 | BI2: 60 | BJ2: 61 | BK2: 62 | BL2: 63 | BM2: 64 | BN2: 65 | BO2: 66 | BP2: 67 | BQ2: 68 | BR2: 69 | BS2: 70 | BT2: 71 | BU2: 72 | BV2: 73 | BW2: 74 | BX2: 75 | BY2: 76 | BZ2: 77 | CA2: 78 | CB2: 79 | CC2: 80
A3: 1 | B3: A | C3: D | D3: D | E3: C | F3: C | G3: D | H3: A | I3: E | J3: E | K3: A | L3: C | M3: B | N3: E | O3: B | P3: E | Q3: B | R3: D | S3: C | T3: D | U3: E | V3: C | W3: A | X3: D | Y3: B | Z3: A | AA3: B | AB3: D | AC3: D | AD3: A | AE3: A | AF3: E | AG3: C | AH3: E | AI3: B | AJ3: D | AK3: A | AL3: D | AM3: E | AN3: C | AO3: A | AP3: A | AQ3: D | AR3: B | AS3: E | AT3: B | AU3: A | AV3: B | AW3: A | AX3: C | AY3: C
A4: 2 | B4: C | C4: A | D4: E | E4: D | F4: B | G4: C | H4: E | I4: D | J4: A | K4: A | L4: B | M4: E | N4: D | O4: C | P4: B | Q4: C | R4: E | S4: D | T4: A | U4: E | V4: C | W4: B | X4: C | Y4: E | Z4: C | AA4: D | AB4: A | AC4: E | AD4: A | AE4: B | AF4: D | AG4: A | AH4: B | AI4: E | AJ4: D | AK4: D | AL4: B | AM4: A | AN4: B | AO4: C
A5: 3 | B5: C | C5: D | D5: B | E5: D | F5: D | G5: A | H5: D | I5: D | J5: A | K5: E | L5: C | M5: B | N5: D | O5: E | P5: B | Q5: A | R5: C | S5: E | T5: B | U5: E | V5: D | W5: D | X5: C | Y5: E | Z5: B | AA5: D | AB5: C | AC5: C | AD5: C | AE5: D
A6: 4 | B6: D | C6: C | D6: C | E6: A | F6: A | G6: B | H6: A | I6: E | J6: B | K6: C | L6: D | M6: E | N6: D | O6: D | P6: B | Q6: E | R6: B | S6: C | T6: E | U6: C | V6: D | W6: A | X6: B | Y6: E | Z6: A | AA6: D | AB6: E | AC6: A | AD6: B | AE6: A | AF6: B | AG6: E | AH6: C | AI6: D | AJ6: C | AK6: D | AL6: E | AM6: B | AN6: C | AO6: B
A7: 5 | B7: C | C7: A | D7: A | E7: C | F7: B | G7: D | H7: A | I7: B | J7: D | K7: C | L7: C | M7: B | N7: A | O7: C | P7: D | Q7: B | R7: B | S7: D | T7: C | U7: A | V7: C | W7: B | X7: B | Y7: D | Z7: C | AA7: A | AB7: B | AC7: C | AD7: B | AE7: D | AF7: C | AG7: B | AH7: A | AI7: C | AJ7: D | AK7: A | AL7: C | AM7: D | AN7: A | AO7: B | AP7: C | AQ7: C | AR7: B | AS7: D | AT7: B | AU7: D | AV7: B | AW7: A | AX7: B | AY7: C | AZ7: C | BA7: B | BB7: A | BC7: C | BD7: A | BE7: B | BF7: B | BG7: C | BH7: D | BI7: B | BJ7: B | BK7: C | BL7: D | BM7: C | BN7: D | BO7: A | BP7: D | BQ7: D | BR7: A | BS7: C | BT7: B | BU7: D | BV7: A | BW7: C | BX7: A | BY7: B | BZ7: D | CA7: D | CB7: C | CC7: B
A8: 6 | B8: D | C8: C | D8: B | E8: E | F8: B | G8: C | H8: E | I8: B | J8: D | K8: A | L8: A | M8: A | N8: C | O8: C | P8: B | Q8: C | R8: B | S8: E | T8: C | U8: C | V8: A | W8: B | X8: D | Y8: C | Z8: D | AA8: D | AB8: C | AC8: D | AD8: A | AE8: B
A9: 7 | B9: D | C9: B | D9: D | E9: E | F9: B | G9: C | H9: C | I9: B | J9: B | K9: C | L9: C | M9: E | N9: B | O9: C | P9: C | Q9: A | R9: A | S9: B | T9: C | U9: C | V9: B | W9: D | X9: A | Y9: B | Z9: B | AA9: C | AB9: E | AC9: D | AD9: E | AE9: D | AF9: D | AG9: A | AH9: E | AI9: D | AJ9: A
A10: {=MIN(IF(A11:N11 = "EXAM CODE",{1,2,3,4,5,6,7,8,9,10,11,12,13}))} -> 8 | B10: {=MIN(IF(A11:N11 = "Q1",{1,2,3,4,5,6,7,8,9,10,11,12,13}))} -> 10 | C10: {=MIN(IF(A11:N11 = "ID",{1,2,3,4,5,6,7,8,9,10,11,12,13}))} -> 2
A11: SCORE | B11: ID | C11: NAME | D11: SCHOOL | E11: DIVISION | F11: CATEGORY | G11: EXAM NAME | H11: EXAM CODE | I11: EXAM PERIOD | J11: Q1 | K11: Q2 | L11: Q3 | M11: Q4 | N11: Q5 | O11: Q6 | P11: Q7 | Q11: Q8 | R11: Q9 | S11: Q10 | T11: Q11 | U11: Q12 | V11: Q13 | W11: Q14
A12: 27 | B12: 15301 | C12: Owen Gunderson | D12: Eastland High School | E12: 300 | F12: Varsity | G12: Biology | H12: 1 | I12: 1
A13: 14 | B13: 15301 | C13: Owen Gunderson | D13: Eastland High School | E13: 300 | F13: Varsity | G13: Engineering Graphics | H13: 4 | I13: 2
A14: 20 | B14: 15302 | C14: Kalena Rominski | D14: Eastland High School | E14: 300 | F14: Varsity | G14: Biology | H14: 1 | I14: 1
A15: 50 | B15: 15302 | C15: Kalena Rominski | D15: Eastland High School | E15: 300 | F15: Varsity | G15: English | H15: 5 | I15: 2
A16: 22 | B16: 15303 | C16: Shelby Groezinger | D16: Eastland High School | E16: 300 | F16: Varsity | G16: Chemistry | H16: 2 | I16: 1
A17: 60 | B17: 15303 | C17: Shelby Groezinger | D17: Eastland High School | E17: 300 | F17: Varsity | G17: English | H17: 5 | I17: 2
A18: 34 | B18: 15304 | C18: Kaleb LaRue | D18: Eastland High School | E18: 300 | F18: Varsity | G18: Biology | H18: 1 | I18: 1
A19: 14 | B19: 15304 | C19: Kaleb LaRue | D19: Eastland High School | E19: 300 | F19: Varsity | G19: Mathemathics | H19: 6 | I19: 2
A20: 15 | B20: 15305 | C20: Jaidyn McKinney | D20: Eastland High School | E20: 300 | F20: Varsity | G20: Chemistry | H20: 2 | I20: 1
A21: 14 | B21: 15305 | C21: Jaidyn McKinney | D21: Eastland High School | E21: 300 | F21: Varsity | G21: Engineering Graphics | H21: 4 | I21: 2
A22: 32 | B22: 15306 | C22: Ellie Hanviriyapunt | D22: Eastland High School | E22: 300 | F22: Varsity | G22: Biology | H22: 1 | I22: 1
A23: 51 | B23: 15306 | C23: Ellie Hanviriyapunt | D23: Eastland High School | E23: 300 | F23: Varsity | G23: English | H23: 5 | I23: 2
... A185: 9 | B185: 32014 | C185: Kenneth Clemens | D185: West Carroll High School CUSD #314 | E185: 300 | F185: Varsity | G185: Computer Science | H185: 3 | I185: 2
A5001: 0 | B5001: 99601 | C5001: 1 | D5001: 1 | E5001: 300 | F5001: 1 | G5001: 1 | H5001: 1 | I5001: 1 | J5001: 1 | K5001: 1 | L5001: 1 | M5001: 1
A5002: 0 | B5002: 99601 | C5002: 2 | D5002: 2 | E5002: 300 | F5002: 2 | G5002: 2 | H5002: 2 | I5002: 2 | J5002: 2 | K5002: 2 | L5002: 2 | M5002: 2
A5003: 0 | B5003: 99601 | C5003: 3 | D5003: 3 | E5003: 300 | F5003: 3 | G5003: 3 | H5003: 3 | I5003: 3 | J5003: 3 | K5003: 3 | L5003: 3 | M5003: 3
A5004: 0 | B5004: 99601 | C5004: 4 | D5004: 4 | E5004: 300 | F5004: 4 | G5004: 4 | H5004: 4 | I5004: 4 | J5004: 4 | K5004: 4 | L5004: 4 | M5004: 4
A5005: 0 | B5005: 99601 | C5005: 5 | D5005: 5 | E5005: 300 | F5005: 5 | G5005: 5 | H5005: 5 | I5005: 5 | J5005: 5 | K5005: 5 | L5005: 5 | M5005: 5
A5006: 0 | B5006: 99601 | C5006: 6 | D5006: 6 | E5006: 300 | F5006: 6 | G5006: 6 | H5006: 6 | I5006: 6 | J5006: 6 | K5006: 6 | L5006: 6 | M5006: 6
A5007: 0 | B5007: 99601 | C5007: 7 | D5007: 7 | E5007: 300 | F5007: 7 | G5007: 7 | H5007: 7 | I5007: 7 | J5007: 7 | K5007: 7 | L5007: 7 | M5007: 7
A5008: 0 | B5008: 99701 | C5008: 1 | D5008: 1 | E5008: 700 | F5008: 1 | G5008: 1 | H5008: 1 | I5008: 1 | J5008: 1 | K5008: 1 | L5008: 1 | M5008: 1
A5009: 0 | B5009: 99701 | C5009: 2 | D5009: 2 | E5009: 700 | F5009: 2 | G5009: 2 | H5009: 2 | I5009: 2 | J5009: 2 | K5009: 2 | L5009: 2 | M5009: 2
A5010: 0 | B5010: 99701 | C5010: 3 | D5010: 3 | E5010: 700 | F5010: 3 | G5010: 3 | H5010: 3 | I5010: 3 | J5010: 3 | K5010: 3 | L5010: 3 | M5010: 3
A5011: 0 | B5011: 99701 | C5011: 4 | D5011: 4 | E5011: 700 | F5011: 4 | G5011: 4 | H5011: 4 | I5011: 4 | J5011: 4 | K5011: 4 | L5011: 4 | M5011: 4
A5012: 0 | B5012: 99701 | C5012: 5 | D5012: 5 | E5012: 700 | F5012: 5 | G5012: 5 | H5012: 5 | I5012: 5 | J5012: 5 | K5012: 5 | L5012: 5 | M5012: 5
... A5021: 0 | B5021: 99801 | C5021: 7 | D5021: 7 | E5021: 150 | F5021: 7 | G5021: 7 | H5021: 7 | I5021: 7 | J5021: 7 | K5021: 7 | L5021: 7 | M5021: 7
A5022: 0 | B5022: 99901 | C5022: 1 | D5022: 1 | E5022: UNL | F5022: 1 | G5022: 1 | H5022: 1 | I5022: 1 | J5022: 1 | K5022: 1 | L5022: 1 | M5022: 1
A5023: 0 | B5023: 99901 | C5023: 2 | D5023: 2 | E5023: UNL | F5023: 2 | G5023: 2 | H5023: 2 | I5023: 2 | J5023: 2 | K5023: 2 | L5023: 2 | M5023: 2
A5024: 0 | B5024: 99901 | C5024: 3 | D5024: 3 | E5024: UNL | F5024: 3 | G5024: 3 | H5024: 3 | I5024: 3 | J5024: 3 | K5024: 3 | L5024: 3 | M5024: 3
A5025: 0 | B5025: 99901 | C5025: 4 | D5025: 4 | E5025: UNL | F5025: 4 | G5025: 4 | H5025: 4 | I5025: 4 | J5025: 4 | K5025: 4 | L5025: 4 | M5025: 4
A5026: 0 | B5026: 99901 | C5026: 5 | D5026: 5 | E5026: UNL | F5026: 5 | G5026: 5 | H5026: 5 | I5026: 5 | J5026: 5 | K5026: 5 | L5026: 5 | M5026: 5
A5027: 0 | B5027: 99901 | C5027: 6 | D5027: 6 | E5027: UNL | F5027: 6 | G5027: 6 | H5027: 6 | I5027: 6 | J5027: 6 | K5027: 6 | L5027: 6 | M5027: 6
A5028: 0 | B5028: 99901 | C5028: 7 | D5028: 7 | E5028: UNL | F5028: 7 | G5028: 7 | H5028: 7 | I5028: 7 | J5028: 7 | K5028: 7 | L5028: 7 | M5028: 7
B5029: =SUM(B5001:B5028) -> 2793028 | C5029: =SUM(C5001:C5028) -> 112 | D5029: =SUM(D5001:D5028) -> 112 | E5029: =SUM(E5001:E5028) -> 8050 | F5029: =SUM(F5001:F5028) -> 112 | G5029: =SUM(G5001:G5028) -> 112 | H5029: =SUM(H5001:H5028) -> 112 | I5029: =SUM(I5001:I5028) -> 112 | ... M5029: =SUM(M5001:M5028) -> 112

Sheet ROSTER
A1: ID | B1: NAME | C1: SCHOOL | D1: DIVISION | E1: CATEGORY | F1: EXAM NAME | G1: EXAM CODE | H1: EXAMPERIOD
A2: 10001 | B2: Timothy Bui | C2: A. E. Stevenson | D2: Unlimited | E2: Varsity
A3: 10002 | B3: Deborah Lee | C3: A. E. Stevenson | D3: Unlimited | E3: Varsity
A4: 10003 | B4: Ruudrakshi Ganguly | C4: A. E. Stevenson | D4: Unlimited | E4: Varsity
A5: 10004 | B5: Rhubyn Letuchy | C5: A. E. Stevenson | D5: Unlimited | E5: Varsity
A6: 10005 | B6: Orlando Sirais | C6: A. E. Stevenson | D6: Unlimited | E6: Varsity
A7: 10006 | B7: Evelyn Chan | C7: A. E. Stevenson | D7: Unlimited | E7: Varsity
A8: 10007 | B8: Katherine Yin | C8: A. E. Stevenson | D8: Unlimited | E8: Varsity
A9: 10008 | B9: Kevin Yang | C9: A. E. Stevenson | D9: Unlimited | E9: Varsity
A10: 10009 | B10: Vedansh Wadhwani | C10: A. E. Stevenson | D10: Unlimited | E10: Varsity
A11: 10010 | B11: Joseph Wang | C11: A. E. Stevenson | D11: Unlimited | E11: Varsity
A12: 10011 | B12: Dannan Li | C12: A. E. Stevenson | D12: Unlimited | E12: Varsity
A13: 10012 | B13: Ethan Base | C13: A. E. Stevenson | D13: Unlimited | E13: Varsity
... A43: 10074 | B43: Manashyu Kumar | C43: A. E. Stevenson | D43: Unlimited | E43: Junior Varsity
A44: 10101 | B44: Marcella Healy | C44: Alleman Catholic High School | D44: 700 | E44: Varsity
A45: 10102 | B45: Molly Nonnenmann | C45: Alleman Catholic High School | D45: 700 | E45: Varsity
A46: 10103 | B46: Claire Mehochko | C46: Alleman Catholic High School | D46: 700 | E46: Varsity
A47: 10104 | B47: Lindsey Britton | C47: Alleman Catholic High School | D47: 700 | E47: Varsity
A48: 10105 | B48: Garrett Myers | C48: Alleman Catholic High School | D48: 700 | E48: Varsity
A49: 10106 | B49: Gretchen Ellis | C49: Alleman Catholic High School | D49: 700 | E49: Varsity
A50: 10107 | B50: Anthony Clark | C50: Alleman Catholic High School | D50: 700 | E50: Varsity
A51: 10108 | B51: Amacher Andrew | C51: Alleman Catholic High School | D51: 700 | E51: Varsity
A52: 10109 | B52: Nate Bishop | C52: Alleman Catholic High School | D52: 700 | E52: Varsity
A53: 10110 | B53: Hannah Andrews | C53: Alleman Catholic High School | D53: 700 | E53: Varsity
A54: 10111 | B54: Adam Jacks | C54: Alleman Catholic High School | D54: 700 | E54: Varsity
A55: 10112 | B55: Caden Jenulis | C55: Alleman Catholic High School | D55: 700 | E55: Varsity
... A74: 10214 | B74: Blake Berg | C74: Altamont Community High School | D74: 300 | E74: Varsity
A75: 10301 | B75: Indre Luksys | C75: Amos Alonzo Stagg High School | D75: Unlimited | E75: Varsity
A76: 10302 | B76: Ethan Phillips | C76: Amos Alonzo Stagg High School | D76: Unlimited | E76: Varsity
A77: 10303 | B77: Adrian Komorowski | C77: Amos Alonzo Stagg High School | D77: Unlimited | E77: Varsity
A78: 10304 | B78: Jack Glod | C78: Amos Alonzo Stagg High School | D78: Unlimited | E78: Varsity
A79: 10305 | B79: Yousef Hashish | C79: Amos Alonzo Stagg High School | D79: Unlimited | E79: Varsity
A80: 10306 | B80: Medad Hammad | C80: Amos Alonzo Stagg High School | D80: Unlimited | E80: Varsity
A81: 10307 | B81: Marcel Kepa | C81: Amos Alonzo Stagg High School | D81: Unlimited | E81: Varsity
A82: 10308 | B82: Emerson Kim | C82: Amos Alonzo Stagg High School | D82: Unlimited | E82: Varsity
A83: 10309 | B83: David Enriquez | C83: Amos Alonzo Stagg High School | D83: Unlimited | E83: Varsity
A84: 10310 | B84: Ammar Abuzir | C84: Amos Alonzo Stagg High School | D84: Unlimited | E84: Varsity
A85: 10311 | B85: Khabiba Khamidova | C85: Amos Alonzo Stagg High School | D85: Unlimited | E85: Varsity
A86: 10312 | B86: Kacper Liszka | C86: Amos Alonzo Stagg High School | D86: Unlimited | E86: Varsity
... A88: 10314 | B88: Max Jankowski | C88: Amos Alonzo Stagg High School | D88: Unlimited | E88: Varsity
A89: 10401 | B89: Cash Hodges | C89: Anna Jonesboro Community High School | D89: 700 | E89: Varsity
A90: 10402 | B90: Ruby Yates | C90: Anna Jonesboro Community High School | D90: 700 | E90: Varsity
A91: 10403 | B91: Chesnee Marks | C91: Anna Jonesboro Community High School | D91: 700 | E91: Varsity
A92: 10404 | B92: Ben Hauser | C92: Anna Jonesboro Community High School | D92: 700 | E92: Varsity
A93: 10405 | B93: Lucas Salazar | C93: Anna Jonesboro Community High School | D93: 700 | E93: Varsity
A94: 10406 | B94: Tess Wilkins | C94: Anna Jonesboro Community High School | D94: 700 | E94: Varsity
A95: 10407 | B95: Logan Abernathy | C95: Anna Jonesboro Community High School | D95: 700 | E95: Varsity
A96: 10409 | B96: Connor Richardson | C96: Anna Jonesboro Community High School | D96: 700 | E96: Varsity
A97: 10410 | B97: TJ Taylor | C97: Anna Jonesboro Community High School | D97: 700 | E97: Varsity
A98: 10411 | B98: Aidan McFadden | C98: Anna Jonesboro Community High School | D98: 700 | E98: Varsity
A99: 10412 | B99: Adam Clark | C99: Anna Jonesboro Community High School | D99: 700 | E99: Varsity
A100: 10413 | B100: Drue Teske | C100: Anna Jonesboro Community High School | D100: 700 | E100: Varsity
... A244: 11567 | B244: Aaden Frese | C244: Brown County High School | D244: 300 | E244: Junior Varsity
A245: 11601 | B245: Kyra Whitson | C245: Buffalo Grove High School | D245: Unlimited | E245: Varsity
A246: 11602 | B246: Dylan Ishikawa | C246: Buffalo Grove High School | D246: Unlimited | E246: Varsity
A247: 11603 | B247: Anthony Safanov | C247: Buffalo Grove High School | D247: Unlimited | E247: Varsity
A248: 11604 | B248: Artur Mullagaliyev | C248: Buffalo Grove High School | D248: Unlimited | E248: Varsity
A249: 11605 | B249: Nikolay Sitnikov | C249: Buffalo Grove High School | D249: Unlimited | E249: Varsity
A250: 11606 | B250: Peter Deak | C250: Buffalo Grove High School | D250: Unlimited | E250: Varsity
A251: 11607 | B251: Alexandra Kolodnikov | C251: Buffalo Grove High School | D251: Unlimited | E251: Varsity
A252: 11608 | B252: Daniel Potapo | C252: Buffalo Grove High School | D252: Unlimited | E252: Varsity
A253: 11609 | B253: Ann Varughese | C253: Buffalo Grove High School | D253: Unlimited | E253: Varsity
A254: 11610 | B254: Ethan Cho | C254: Buffalo Grove High School | D254: Unlimited | E254: Varsity
A255: 11611 | B255: Aarav Patel | C255: Buffalo Grove High School | D255: Unlimited | E255: Varsity
A256: 11612 | B256: Haley Sheth | C256: Buffalo Grove High School | D256: Unlimited | E256: Varsity
... A258: 11614 | B258: Agnes Bak | C258: Buffalo Grove High School | D258: Unlimited | E258: Varsity
A259: 11701 | B259: Ben Mugrage | C259: Byron High School Dist. 226 | D259: 700 | E259: Varsity
A260: 11702 | B260: George Sober | C260: Byron High School Dist. 226 | D260: 700 | E260: Varsity
A261: 11703 | B261: Gianna Franchi | C261: Byron High School Dist. 226 | D261: 700 | E261: Varsity
A262: 11704 | B262: Rosemary Krane | C262: Byron High School Dist. 226 | D262: 700 | E262: Varsity
A263: 11705 | B263: Gavin Rhodes | C263: Byron High School Dist. 226 | D263: 700 | E263: Varsity
A264: 11706 | B264: Sadie Stoll | C264: Byron High School Dist. 226 | D264: 700 | E264: Varsity
A265: 11707 | B265: Andrew Payne | C265: Byron High School Dist. 226 | D265: 700 | E265: Varsity
A266: 11708 | B266: Acril Silvas | C266: Byron High School Dist. 226 | D266: 700 | E266: Varsity
A267: 11709 | B267: August Martz | C267: Byron High School Dist. 226 | D267: 700 | E267: Varsity
A268: 11710 | B268: Xiang Yi Chen | C268: Byron High School Dist. 226 | D268: 700 | E268: Varsity
A269: 11711 | B269: Zi Han Chen | C269: Byron High School Dist. 226 | D269: 700 | E269: Varsity
A270: 11712 | B270: Trey Vincer | C270: Byron High School Dist. 226 | D270: 700 | E270: Varsity
... A308: 11914 | B308: Lauren Lehman | C308: Carbondale Community High School | D308: 1500 | E308: Varsity
A309: 12001 | B309: Jocelyn Chan | C309: Carl Sandburg High School | D309: Unlimited | E309: Varsity
A310: 12002 | B310: Zaher Jalab | C310: Carl Sandburg High School | D310: Unlimited | E310: Varsity
A311: 12003 | B311: Benjamin Lewandowski | C311: Carl Sandburg High School | D311: Unlimited | E311: Varsity
A312: 12004 | B312: Piotr Makuch | C312: Carl Sandburg High School | D312: Unlimited | E312: Varsity
A313: 12005 | B313: Olivier Grodz | C313: Carl Sandburg High School | D313: Unlimited | E313: Varsity
A314: 12006 | B314: Sangmyung Lee | C314: Carl Sandburg High School | D314: Unlimited | E314: Varsity
A315: 12007 | B315: Nasser Dannoun | C315: Carl Sandburg High School | D315: Unlimited | E315: Varsity
A316: 12008 | B316: Matthew Swais | C316: Carl Sandburg High School | D316: Unlimited | E316: Varsity
A317: 12009 | B317: Julia Humilier | C317: Carl Sandburg High School | D317: Unlimited | E317: Varsity
A318: 12010 | B318: Chloe McLaughlin | C318: Carl Sandburg High School | D318: Unlimited | E318: Varsity
A319: 12011 | B319: Marina Blanc | C319: Carl Sandburg High School | D319: Unlimited | E319: Varsity
A320: 12012 | B320: Aashvi Kothadia | C320: Carl Sandburg High School | D320: Unlimited | E320: Varsity
... A348: 12074 | B348: Easton Donausky | C348: Carl Sandburg High School | D348: Unlimited | E348: Junior Varsity
A349: 12101 | B349: Elyse Eldred | C349: Carlinville High School | D349: 700 | E349: Varsity
A350: 12102 | B350: Alexander Behme | C350: Carlinville High School | D350: 700 | E350: Varsity
A351: 12103 | B351: Bailey Maberry | C351: Carlinville High School | D351: 700 | E351: Varsity
A352: 12104 | B352: Joanna Roemer | C352: Carlinville High School | D352: 700 | E352: Varsity
A353: 12105 | B353: Kassidy Michaels | C353: Carlinville High School | D353: 700 | E353: Varsity
A354: 12106 | B354: Sayuri Owada | C354: Carlinville High School | D354: 700 | E354: Varsity
A355: 12107 | B355: Lily McCurley | C355: Carlinville High School | D355: 700 | E355: Varsity
A356: 12108 | B356: Victorine Harrington | C356: Carlinville High School | D356: 700 | E356: Varsity
...

Sheet 300
A1: BIOLOGY | F1: CHEMISTRY | K1: COMPUTATIONAL SCIENCE | P1: ENGINEERING GRAPHICS | U1: ENGLISH | Z1: MATHEMATICS | AE1: PHYSICS
A2: DIVISION | B2: 300 | F2: DIVISION | G2: 300 | K2: DIVISION | L2: 300 | P2: DIVISION | Q2: 300 | U2: DIVISION | V2: 300 | Z2: DIVISION | AA2: 300 | AE2: DIVISION | AF2: 300 | AK2: TEAM RESULTS
A3: EXAMCODE | B3: 1 | F3: EXAMCODE | G3: 2 | K3: EXAMCODE | L3: 3 | P3: EXAMCODE | Q3: 4 | U3: EXAMCODE | V3: 5 | Z3: EXAMCODE | AA3: 6 | AE3: EXAMCODE | AF3: 7 | AK3: Row Labels | AL3: Sum of Row Labels
A4: CATEGORY | B4: (Multiple Items) | F4: CATEGORY | G4: (Multiple Items) | K4: CATEGORY | L4: (Multiple Items) | P4: CATEGORY | Q4: (Multiple Items) | U4: CATEGORY | V4: (Multiple Items) | Z4: CATEGORY | AA4: (Multiple Items) | AE4: CATEGORY | AF4: (Multiple Items) | AL4: 0 | AM4: =IF(ISNUMBER(AK4),VLOOKUP(AL4,TEAMLIST,2),"")
AJ5: 1st | AK5: 471.32785 | AL5: 153 | AM5: =IF(AK5<>0,VLOOKUP(AL5,TEAMLIST,2),"") -> Eastland High School
A6: Row Labels | B6: Sum of SCORE | F6: Row Labels | G6: Sum of SCORE | K6: Row Labels | L6: Sum of SCORE | P6: Row Labels | Q6: Sum of SCORE | U6: Row Labels | V6: Sum of SCORE | Z6: Row Labels | AA6: Sum of SCORE | AE6: Row Labels | AF6: Sum of SCORE | AJ6: 2nd | AK6: 455.95785 | AL6: 168 | AM6: =IF(AK6<>0,VLOOKUP(AL6,TEAMLIST,2),"") -> Galena High School
A7: 32003 | B7: 35 | C7: =IF(A7<>0,VLOOKUP(A7,DATATABLE,2,0),"") -> Elise Legel | D7: =IF(ISNUMBER(A7),VLOOKUP(A7,DATATABLE,3,0),"") -> West Carroll High School CUSD #314 | F7: 15308 | G7: 23 | H7: =IF(ISNUMBER(F7),VLOOKUP(F7,DATATABLE,2,0),"") -> Dylan Rominski | I7: =IF(ISNUMBER(F7),VLOOKUP(F7,DATATABLE,3,0),"") -> Eastland High School | K7: 16805 | L7: 10 | M7: =IF(ISNUMBER(K7),VLOOKUP(K7,DATATABLE,2,0),"") -> Justin Lin | N7: =IF(ISNUMBER(K7),VLOOKUP(K7,DATATABLE,3,0),"") -> Galena High School | P7: 16801 | Q7: 22 | R7: =IF(ISNUMBER(P7),VLOOKUP(P7,DATATABLE,2,0),"") -> Brady Turner | S7: =IF(ISNUMBER(P7),VLOOKUP(P7,DATATABLE,3,0),"") -> Galena High School | U7: 15303 | V7: 60 | W7: =IF(ISNUMBER(U7),VLOOKUP(U7,DATATABLE,2,0),"") -> Shelby Groezinger | X7: =IF(ISNUMBER(U7),VLOOKUP(U7,DATATABLE,3,0),"") -> Eastland High School | Z7: 32003 | AA7: 18 | AB7: =IF(ISNUMBER(Z7),VLOOKUP(Z7,DATATABLE,2,0),"") -> Elise Legel | AC7: =IF(ISNUMBER(Z7),VLOOKUP(Z7,DATATABLE,3,0),"") -> West Carroll High School CUSD #314 | AE7: 28508 | AF7: 10 | AG7: =IF(ISNUMBER(AE7),VLOOKUP(AE7,DATATABLE,2,0),"") -> Zoie Koehler | AH7: =IF(ISNUMBER(AE7),VLOOKUP(AE7,DATATABLE,3,0),"") -> Scales Mound High School | AJ7: 3rd | AK7: 451.51114 | AL7: 320 | AM7: =IF(AK7<>0,VLOOKUP(AL7,TEAMLIST,2),"") -> West Carroll High School CUSD #314
A8: 15304 | B8: 34 | C8: =IF(A8<>0,VLOOKUP(A8,DATATABLE,2,0),"") -> Kaleb LaRue | D8: =IF(ISNUMBER(A8),VLOOKUP(A8,DATATABLE,3,0),"") -> Eastland High School | F8: 15303 | G8: 22 | H8: =IF(ISNUMBER(F8),VLOOKUP(F8,DATATABLE,2,0),"") -> Shelby Groezinger | I8: =IF(ISNUMBER(F8),VLOOKUP(F8,DATATABLE,3,0),"") -> Eastland High School | K8: 16801 | L8: 10 | M8: =IF(ISNUMBER(K8),VLOOKUP(K8,DATATABLE,2,0),"") -> Brady Turner | N8: =IF(ISNUMBER(K8),VLOOKUP(K8,DATATABLE,3,0),"") -> Galena High School | P8: 32009 | Q8: 20 | R8: =IF(ISNUMBER(P8),VLOOKUP(P8,DATATABLE,2,0),"") -> Connor Winter | S8: =IF(ISNUMBER(P8),VLOOKUP(P8,DATATABLE,3,0),"") -> West Carroll High School CUSD #314 | U8: 27507 | V8: 59 | W8: =IF(ISNUMBER(U8),VLOOKUP(U8,DATATABLE,2,0),"") -> Katie Cobine | X8: =IF(ISNUMBER(U8),VLOOKUP(U8,DATATABLE,3,0),"") -> River Ridge (Hanover) High School | Z8: 15308 | AA8: 18 | AB8: =IF(ISNUMBER(Z8),VLOOKUP(Z8,DATATABLE,2,0),"") -> Dylan Rominski | AC8: =IF(ISNUMBER(Z8),VLOOKUP(Z8,DATATABLE,3,0),"") -> Eastland High School | AE8: 28503 | AF8: 9 | AG8: =IF(ISNUMBER(AE8),VLOOKUP(AE8,DATATABLE,2,0),"") -> Derrick Distler | AH8: =IF(ISNUMBER(AE8),VLOOKUP(AE8,DATATABLE,3,0),"") -> Scales Mound High School | AJ8: 4th | AK8: 436.50862 | AL8: 285 | AM8: =IF(AK8<>0,VLOOKUP(AL8,TEAMLIST,2),"") -> Scales Mound High School
A9: 32012 | B9: 34 | C9: =IF(A9<>0,VLOOKUP(A9,DATATABLE,2,0),"") -> Caitlin Nolte | D9: =IF(ISNUMBER(A9),VLOOKUP(A9,DATATABLE,3,0),"") -> West Carroll High School CUSD #314 | F9: 28502 | G9: 21 | H9: =IF(ISNUMBER(F9),VLOOKUP(F9,DATATABLE,2,0),"") -> Katherine Bilderback | I9: =IF(ISNUMBER(F9),VLOOKUP(F9,DATATABLE,3,0),"") -> Scales Mound High School | K9: 28505 | L9: 9 | M9: =IF(ISNUMBER(K9),VLOOKUP(K9,DATATABLE,2,0),"") -> Kaden Duerr | N9: =IF(ISNUMBER(K9),VLOOKUP(K9,DATATABLE,3,0),"") -> Scales Mound High School | P9: 16824 | Q9: 16 | R9: =IF(ISNUMBER(P9),VLOOKUP(P9,DATATABLE,2,0),"") -> Andrew Koenigs | S9: =IF(ISNUMBER(P9),VLOOKUP(P9,DATATABLE,3,0),"") -> Galena High School | U9: 32006 | V9: 59 | W9: =IF(ISNUMBER(U9),VLOOKUP(U9,DATATABLE,2,0),"") -> Emma Herrell | X9: =IF(ISNUMBER(U9),VLOOKUP(U9,DATATABLE,3,0),"") -> West Carroll High School CUSD #314 | Z9: 27506 | AA9: 17 | AB9: =IF(ISNUMBER(Z9),VLOOKUP(Z9,DATATABLE,2,0),"") -> Lucius Mendenhall | AC9: =IF(ISNUMBER(Z9),VLOOKUP(Z9,DATATABLE,3,0),"") -> River Ridge (Hanover) High School | AE9: 28509 | AF9: 9 | AG9: =IF(ISNUMBER(AE9),VLOOKUP(AE9,DATATABLE,2,0),"") -> Kamran Meftahi | AH9: =IF(ISNUMBER(AE9),VLOOKUP(AE9,DATATABLE,3,0),"") -> Scales Mound High School | AJ9: 5th | AK9: 435.49665 | AL9: 275 | AM9: =IF(ISNUMBER(AK9),VLOOKUP(AL9,TEAMLIST,2),"") -> River Ridge (Hanover) High School
A10: 32001 | B10: 32 | C10: =IF(A10<>0,VLOOKUP(A10,DATATABLE,2,0),"") -> Dru McIntyre | D10: =IF(ISNUMBER(A10),VLOOKUP(A10,DATATABLE,3,0),"") -> West Carroll High School CUSD #314 | F10: 32006 | G10: 21 | H10: =IF(ISNUMBER(F10),VLOOKUP(F10,DATATABLE,2,0),"") -> Emma Herrell | I10: =IF(ISNUMBER(F10),VLOOKUP(F10,DATATABLE,3,0),"") -> West Carroll High School CUSD #314 | K10: 32014 | L10: 9 | M10: =IF(ISNUMBER(K10),VLOOKUP(K10,DATATABLE,2,0),"") -> Kenneth Clemens | N10: =IF(ISNUMBER(K10),VLOOKUP(K10,DATATABLE,3,0),"") -> West Carroll High School CUSD #314 | P10: 16828 | Q10: 16 | R10: =IF(ISNUMBER(P10),VLOOKUP(P10,DATATABLE,2,0),"") -> Roman Romer | S10: =IF(ISNUMBER(P10),VLOOKUP(P10,DATATABLE,3,0),"") -> Galena High School | U10: 15310 | V10: 56 | W10: =IF(ISNUMBER(U10),VLOOKUP(U10,DATATABLE,2,0),"") -> Callie Blevins | X10: =IF(ISNUMBER(U10),VLOOKUP(U10,DATATABLE,3,0),"") -> Eastland High School | Z10: 16802 | AA10: 16 | AB10: =IF(ISNUMBER(Z10),VLOOKUP(Z10,DATATABLE,2,0),"") -> Lex Abt | AC10: =IF(ISNUMBER(Z10),VLOOKUP(Z10,DATATABLE,3,0),"") -> Galena High School | AE10: 16821 | AF10: 8 | AG10: =IF(ISNUMBER(AE10),VLOOKUP(AE10,DATATABLE,2,0),"") -> Kallan Kropp | AH10: =IF(ISNUMBER(AE10),VLOOKUP(AE10,DATATABLE,3,0),"") -> Galena High School | AJ10: 6th | AM10: =IF(ISNUMBER(AK10),VLOOKUP(AL10,TEAMLIST,2),"")
A11: 15306 | B11: 32 | C11: =IF(A11<>0,VLOOKUP(A11,DATATABLE,2,0),"") -> Ellie Hanviriyapunt | D11: =IF(ISNUMBER(A11),VLOOKUP(A11,DATATABLE,3,0),"") -> Eastland High School | F11: 27504 | G11: 21 | H11: =IF(ISNUMBER(F11),VLOOKUP(F11,DATATABLE,2,0),"") -> Camden Flack | I11: =IF(ISNUMBER(F11),VLOOKUP(F11,DATATABLE,3,0),"") -> River Ridge (Hanover) High School | K11: 16823 | L11: 9 | M11: =IF(ISNUMBER(K11),VLOOKUP(K11,DATATABLE,2,0),"") -> Achillies Morales | N11: =IF(ISNUMBER(K11),VLOOKUP(K11,DATATABLE,3,0),"") -> Galena High School | P11: 16810 | Q11: 15 | R11: =IF(ISNUMBER(P11),VLOOKUP(P11,DATATABLE,2,0),"") -> Conner Soat | S11: =IF(ISNUMBER(P11),VLOOKUP(P11,DATATABLE,3,0),"") -> Galena High School | U11: 27505 | V11: 55 | W11: =IF(ISNUMBER(U11),VLOOKUP(U11,DATATABLE,2,0),"") -> Aizlynn Griffiths | X11: =IF(ISNUMBER(U11),VLOOKUP(U11,DATATABLE,3,0),"") -> River Ridge (Hanover) High School | Z11: 16807 | AA11: 16 | AB11: =IF(ISNUMBER(Z11),VLOOKUP(Z11,DATATABLE,2,0),"") -> Evelyn Callahan | AC11: =IF(ISNUMBER(Z11),VLOOKUP(Z11,DATATABLE,3,0),"") -> Galena High School | AE11: 16814 | AF11: 8 | AG11: =IF(ISNUMBER(AE11),VLOOKUP(AE11,DATATABLE,2,0),"") -> Quinlan Wells | AH11: =IF(ISNUMBER(AE11),VLOOKUP(AE11,DATATABLE,3,0),"") -> Galena High School | AJ11: 7th | AM11: =IF(ISNUMBER(AK11),VLOOKUP(AL11,TEAMLIST,2),"")
A12: 32010 | B12: 31 | C12: =IF(A12<>0,VLOOKUP(A12,DATATABLE,2,0),"") -> Isaac Becker | D12: =IF(ISNUMBER(A12),VLOOKUP(A12,DATATABLE,3,0),"") -> West Carroll High School CUSD #314 | F12: 32001 | G12: 18 | H12: =IF(ISNUMBER(F12),VLOOKUP(F12,DATATABLE,2,0),"") -> Dru McIntyre | I12: =IF(ISNUMBER(F12),VLOOKUP(F12,DATATABLE,3,0),"") -> West Carroll High School CUSD #314 | K12: 28507 | L12: 7 | M12: =IF(ISNUMBER(K12),VLOOKUP(K12,DATATABLE,2,0),"") -> Graham Koehler | N12: =IF(ISNUMBER(K12),VLOOKUP(K12,DATATABLE,3,0),"") -> Scales Mound High School | P12: 28506 | Q12: 15 | R12: =IF(ISNUMBER(P12),VLOOKUP(P12,DATATABLE,2,0),"") -> Connor Ellis | S12: =IF(ISNUMBER(P12),VLOOKUP(P12,DATATABLE,3,0),"") -> Scales Mound High School | U12: 16826 | V12: 52 | W12: =IF(ISNUMBER(U12),VLOOKUP(U12,DATATABLE,2,0),"") -> Luna Pham | X12: =IF(ISNUMBER(U12),VLOOKUP(U12,DATATABLE,3,0),"") -> Galena High School | Z12: 16803 | AA12: 15 | AB12: =IF(ISNUMBER(Z12),VLOOKUP(Z12,DATATABLE,2,0),"") -> Gus Nack | AC12: =IF(ISNUMBER(Z12),VLOOKUP(Z12,DATATABLE,3,0),"") -> Galena High School | AE12: 27508 | AF12: 8 | AG12: =IF(ISNUMBER(AE12),VLOOKUP(AE12,DATATABLE,2,0),"") -> Elaina Doms | AH12: =IF(ISNUMBER(AE12),VLOOKUP(AE12,DATATABLE,3,0),"") -> River Ridge (Hanover) High School | AJ12: 8th | AM12: =IF(ISNUMBER(AK12),VLOOKUP(AL12,TEAMLIST,2),"")
A13: 16805 | B13: 29 | C13: =IF(A13<>0,VLOOKUP(A13,DATATABLE,2,0),"") -> Justin Lin | D13: =IF(ISNUMBER(A13),VLOOKUP(A13,DATATABLE,3,0),"") -> Galena High School | F13: 16828 | G13: 18 | H13: =IF(ISNUMBER(F13),VLOOKUP(F13,DATATABLE,2,0),"") -> Roman Romer | I13: =IF(ISNUMBER(F13),VLOOKUP(F13,DATATABLE,3,0),"") -> Galena High School | K13: 28504 | L13: 7 | M13: =IF(ISNUMBER(K13),VLOOKUP(K13,DATATABLE,2,0),"") -> Levi Distler | N13: =IF(ISNUMBER(K13),VLOOKUP(K13,DATATABLE,3,0),"") -> Scales Mound High School | P13: 32014 | Q13: 14 | R13: =IF(ISNUMBER(P13),VLOOKUP(P13,DATATABLE,2,0),"") -> Kenneth Clemens | S13: =IF(ISNUMBER(P13),VLOOKUP(P13,DATATABLE,3,0),"") -> West Carroll High School CUSD #314 | U13: 27508 | V13: 52 | W13: =IF(ISNUMBER(U13),VLOOKUP(U13,DATATABLE,2,0),"") -> Elaina Doms | X13: =IF(ISNUMBER(U13),VLOOKUP(U13,DATATABLE,3,0),"") -> River Ridge (Hanover) High School | Z13: 28509 | AA13: 15 | AB13: =IF(ISNUMBER(Z13),VLOOKUP(Z13,DATATABLE,2,0),"") -> Kamran Meftahi | AC13: =IF(ISNUMBER(Z13),VLOOKUP(Z13,DATATABLE,3,0),"") -> Scales Mound High School | AE13: 27514 | AF13: 8 | AG13: =IF(ISNUMBER(AE13),VLOOKUP(AE13,DATATABLE,2,0),"") -> Sarah Winter | AH13: =IF(ISNUMBER(AE13),VLOOKUP(AE13,DATATABLE,3,0),"") -> River Ridge (Hanover) High School | AJ13: 9th | AM13: =IF(ISNUMBER(AK13),VLOOKUP(AL13,TEAMLIST,2),"")
A14: 28510 | B14: 28 | C14: =IF(A14<>0,VLOOKUP(A14,DATATABLE,2,0),"") -> Anika Stadel | D14: =IF(ISNUMBER(A14),VLOOKUP(A14,DATATABLE,3,0),"") -> Scales Mound High School | F14: 32005 | G14: 18 | H14: =IF(ISNUMBER(F14),VLOOKUP(F14,DATATABLE,2,0),"") -> Catia Wilson | I14: =IF(ISNUMBER(F14),VLOOKUP(F14,DATATABLE,3,0),"") -> West Carroll High School CUSD #314 | K14: 28506 | L14: 7 | M14: =IF(ISNUMBER(K14),VLOOKUP(K14,DATATABLE,2,0),"") -> Connor Ellis | N14: =IF(ISNUMBER(K14),VLOOKUP(K14,DATATABLE,3,0),"") -> Scales Mound High School | P14: 27506 | Q14: 14 | R14: =IF(ISNUMBER(P14),VLOOKUP(P14,DATATABLE,2,0),"") -> Lucius Mendenhall | S14: =IF(ISNUMBER(P14),VLOOKUP(P14,DATATABLE,3,0),"") -> River Ridge (Hanover) High School | U14: 16811 | V14: 51 | W14: =IF(ISNUMBER(U14),VLOOKUP(U14,DATATABLE,2,0),"") -> Ella Dodds | X14: =IF(ISNUMBER(U14),VLOOKUP(U14,DATATABLE,3,0),"") -> Galena High School | Z14: 28511 | AA14: 15 | AB14: =IF(ISNUMBER(Z14),VLOOKUP(Z14,DATATABLE,2,0),"") -> Josie Vandigo | AC14: =IF(ISNUMBER(Z14),VLOOKUP(Z14,DATATABLE,3,0),"") -> Scales Mound High School | AE14: 28511 | AF14: 8 | AG14: =IF(ISNUMBER(AE14),VLOOKUP(AE14,DATATABLE,2,0),"") -> Josie Vandigo | AH14: =IF(ISNUMBER(AE14),VLOOKUP(AE14,DATATABLE,3,0),"") -> Scales Mound High School | AJ14: 10th | AM14: =IF(ISNUMBER(AK14),VLOOKUP(AL14,TEAMLIST,2),"")
A15: 16802 | B15: 28 | C15: =IF(A15<>0,VLOOKUP(A15,DATATABLE,2,0),"") -> Lex Abt | D15: =IF(ISNUMBER(A15),VLOOKUP(A15,DATATABLE,3,0),"") -> Galena High School | F15: 27505 | G15: 16 | H15: =IF(ISNUMBER(F15),VLOOKUP(F15,DATATABLE,2,0),"") -> Aizlynn Griffiths | I15: =IF(ISNUMBER(F15),VLOOKUP(F15,DATATABLE,3,0),"") -> River Ridge (Hanover) High School | K15: 32009 | L15: 6 | M15: =IF(ISNUMBER(K15),VLOOKUP(K15,DATATABLE,2,0),"") -> Connor Winter | N15: =IF(ISNUMBER(K15),VLOOKUP(K15,DATATABLE,3,0),"") -> West Carroll High School CUSD #314 | P15: 15301 | Q15: 14 | R15: =IF(ISNUMBER(P15),VLOOKUP(P15,DATATABLE,2,0),"") -> Owen Gunderson | S15: =IF(ISNUMBER(P15),VLOOKUP(P15,DATATABLE,3,0),"") -> Eastland High School | U15: 32012 | V15: 51 | W15: =IF(ISNUMBER(U15),VLOOKUP(U15,DATATABLE,2,0),"") -> Caitlin Nolte | X15: =IF(ISNUMBER(U15),VLOOKUP(U15,DATATABLE,3,0),"") -> West Carroll High School CUSD #314 | Z15: 15304 | AA15: 14 | AB15: =IF(ISNUMBER(Z15),VLOOKUP(Z15,DATATABLE,2,0),"") -> Kaleb LaRue | AC15: =IF(ISNUMBER(Z15),VLOOKUP(Z15,DATATABLE,3,0),"") -> Eastland High School | AE15: 27511 | AF15: 7 | AG15: =IF(ISNUMBER(AE15),VLOOKUP(AE15,DATATABLE,2,0),"") -> Sawyer Fry | AH15: =IF(ISNUMBER(AE15),VLOOKUP(AE15,DATATABLE,3,0),"") -> River Ridge (Hanover) High School | AJ15: 11th | AM15: =IF(ISNUMBER(AK15),VLOOKUP(AL15,TEAMLIST,2),"")
A16: 28512 | B16: 27 | C16: =IF(A16<>0,VLOOKUP(A16,DATATABLE,2,0),"") -> Carley Weis | D16: =IF(ISNUMBER(A16),VLOOKUP(A16,DATATABLE,3,0),"") -> Scales Mound High School | F16: 16803 | G16: 16 | H16: =IF(ISNUMBER(F16),VLOOKUP(F16,DATATABLE,2,0),"") -> Gus Nack | I16: =IF(ISNUMBER(F16),VLOOKUP(F16,DATATABLE,3,0),"") -> Galena High School | K16: 15307 | L16: 0 | M16: =IF(ISNUMBER(K16),VLOOKUP(K16,DATATABLE,2,0),"") -> Jon Spoerlein | N16: =IF(ISNUMBER(K16),VLOOKUP(K16,DATATABLE,3,0),"") -> Eastland High School | P16: 15305 | Q16: 14 | R16: =IF(ISNUMBER(P16),VLOOKUP(P16,DATATABLE,2,0),"") -> Jaidyn McKinney | S16: =IF(ISNUMBER(P16),VLOOKUP(P16,DATATABLE,3,0),"") -> Eastland High School | U16: 15306 | V16: 51 | W16: =IF(ISNUMBER(U16),VLOOKUP(U16,DATATABLE,2,0),"") -> Ellie Hanviriyapunt | X16: =IF(ISNUMBER(U16),VLOOKUP(U16,DATATABLE,3,0),"") -> Eastland High School | Z16: 27507 | AA16: 14 | AB16: =IF(ISNUMBER(Z16),VLOOKUP(Z16,DATATABLE,2,0),"") -> Katie Cobine | AC16: =IF(ISNUMBER(Z16),VLOOKUP(Z16,DATATABLE,3,0),"") -> River Ridge (Hanover) High School | AE16: 15311 | AF16: 7 | AG16: =IF(ISNUMBER(AE16),VLOOKUP(AE16,DATATABLE,2,0),"") -> Vance Crichton | AH16: =IF(ISNUMBER(AE16),VLOOKUP(AE16,DATATABLE,3,0),"") -> Eastland High School | AJ16: 12th | AM16: =IF(ISNUMBER(AK16),VLOOKUP(AL16,TEAMLIST,2),"")
A17: 28514 | B17: 27 | C17: =IF(A17<>0,VLOOKUP(A17,DATATABLE,2,0),"") -> Ava Wiederholt | D17: =IF(ISNUMBER(A17),VLOOKUP(A17,DATATABLE,3,0),"") -> Scales Mound High School | F17: 15305 | G17: 15 | H17: =IF(ISNUMBER(F17),VLOOKUP(F17,DATATABLE,2,0),"") -> Jaidyn McKinney | I17: =IF(ISNUMBER(F17),VLOOKUP(F17,DATATABLE,3,0),"") -> Eastland High School | K17: 16830 | L17: 0 | M17: =IF(ISNUMBER(K17),VLOOKUP(K17,DATATABLE,2,0),"") -> Student J Galena | N17: =IF(ISNUMBER(K17),VLOOKUP(K17,DATATABLE,3,0),"") -> Galena High School | P17: 27502 | Q17: 13 | R17: =IF(ISNUMBER(P17),VLOOKUP(P17,DATATABLE,2,0),"") -> Nate Haas | S17: =IF(ISNUMBER(P17),VLOOKUP(P17,DATATABLE,3,0),"") -> River Ridge (Hanover) High School | U17: 16807 | V17: 50 | W17: =IF(ISNUMBER(U17),VLOOKUP(U17,DATATABLE,2,0),"") -> Evelyn Callahan | X17: =IF(ISNUMBER(U17),VLOOKUP(U17,DATATABLE,3,0),"") -> Galena High School | Z17: 27511 | AA17: 13 | AB17: =IF(ISNUMBER(Z17),VLOOKUP(Z17,DATATABLE,2,0),"") -> Sawyer Fry | AC17: =IF(ISNUMBER(Z17),VLOOKUP(Z17,DATATABLE,3,0),"") -> River Ridge (Hanover) High School | AE17: 16813 | AF17: 7 | AG17: =IF(ISNUMBER(AE17),VLOOKUP(AE17,DATATABLE,2,0),"") -> Molly Beadle | AH17: =IF(ISNUMBER(AE17),VLOOKUP(AE17,DATATABLE,3,0),"") -> Galena High School | AJ17: 13th | AM17: =IF(ISNUMBER(AK17),VLOOKUP(AL17,TEAMLIST,2),"")
A18: 15301 | B18: 27 | C18: =IF(A18<>0,VLOOKUP(A18,DATATABLE,2,0),"") -> Owen Gunderson | D18: =IF(ISNUMBER(A18),VLOOKUP(A18,DATATABLE,3,0),"") -> Eastland High School | F18: 28501 | G18: 15 | H18: =IF(ISNUMBER(F18),VLOOKUP(F18,DATATABLE,2,0),"") -> Grace Behlke | I18: =IF(ISNUMBER(F18),VLOOKUP(F18,DATATABLE,3,0),"") -> Scales Mound High School | K18: 16834 | L18: 0 | M18: =IF(ISNUMBER(K18),VLOOKUP(K18,DATATABLE,2,0),"") -> Student N Galena | N18: =IF(ISNUMBER(K18),VLOOKUP(K18,DATATABLE,3,0),"") -> Galena High School | P18: 28505 | Q18: 13 | R18: =IF(ISNUMBER(P18),VLOOKUP(P18,DATATABLE,2,0),"") -> Kaden Duerr | S18: =IF(ISNUMBER(P18),VLOOKUP(P18,DATATABLE,3,0),"") -> Scales Mound High School | U18: 28512 | V18: 50 | W18: =IF(ISNUMBER(U18),VLOOKUP(U18,DATATABLE,2,0),"") -> Carley Weis | X18: =IF(ISNUMBER(U18),VLOOKUP(U18,DATATABLE,3,0),"") -> Scales Mound High School | Z18: 16809 | AA18: 13 | AB18: =IF(ISNUMBER(Z18),VLOOKUP(Z18,DATATABLE,2,0),"") -> Alfonso Grajales | AC18: =IF(ISNUMBER(Z18),VLOOKUP(Z18,DATATABLE,3,0),"") -> Galena High School | AE18: 15312 | AF18: 7 | AG18: =IF(ISNUMBER(AE18),VLOOKUP(AE18,DATATABLE,2,0),"") -> Linus Reuter | AH18: =IF(ISNUMBER(AE18),VLOOKUP(AE18,DATATABLE,3,0),"") -> Eastland High School | AJ18: 14th | AM18: =IF(ISNUMBER(AK18),VLOOKUP(AL18,TEAMLIST,2),"")
A19: 27503 | B19: 27 | C19: =IF(A19<>0,VLOOKUP(A19,DATATABLE,2,0),"") -> Laiken Haas | D19: =IF(ISNUMBER(A19),VLOOKUP(A19,DATATABLE,3,0),"") -> River Ridge (Hanover) High School | F19: 16810 | G19: 15 | H19: =IF(ISNUMBER(F19),VLOOKUP(F19,DATATABLE,2,0),"") -> Conner Soat | I19: =IF(ISNUMBER(F19),VLOOKUP(F19,DATATABLE,3,0),"") -> Galena High School | K19: 16825 | L19: 0 | M19: =IF(ISNUMBER(K19),VLOOKUP(K19,DATATABLE,2,0),"") -> Macklan Murphy | N19: =IF(ISNUMBER(K19),VLOOKUP(K19,DATATABLE,3,0),"") -> Galena High School | P19: 15314 | Q19: 13 | R19: =IF(ISNUMBER(P19),VLOOKUP(P19,DATATABLE,2,0),"") -> Deya Nieves | S19: =IF(ISNUMBER(P19),VLOOKUP(P19,DATATABLE,3,0),"") -> Eastland High School | U19: 15302 | V19: 50 | W19: =IF(ISNUMBER(U19),VLOOKUP(U19,DATATABLE,2,0),"") -> Kalena Rominski | X19: =IF(ISNUMBER(U19),VLOOKUP(U19,DATATABLE,3,0),"") -> Eastland High School | Z19: 16804 | AA19: 13 | AB19: =IF(ISNUMBER(Z19),VLOOKUP(Z19,DATATABLE,2,0),"") -> Violet Doyle | AC19: =IF(ISNUMBER(Z19),VLOOKUP(Z19,DATATABLE,3,0),"") -> Galena High School | AE19: 32010 | AF19: 6 | AG19: =IF(ISNUMBER(AE19),VLOOKUP(AE19,DATATABLE,2,0),"") -> Isaac Becker | AH19: =IF(ISNUMBER(AE19),VLOOKUP(AE19,DATATABLE,3,0),"") -> West Carroll High School CUSD #314 | AJ19: 15th | AM19: =IF(ISNUMBER(AK19),VLOOKUP(AL19,TEAMLIST,2),"")
A20: 16829 | B20: 24 | C20: =IF(A20<>0,VLOOKUP(A20,DATATABLE,2,0),"") -> Student I Galena | D20: =IF(ISNUMBER(A20),VLOOKUP(A20,DATATABLE,3,0),"") -> Galena High School | F20: 28508 | G20: 13 | H20: =IF(ISNUMBER(F20),VLOOKUP(F20,DATATABLE,2,0),"") -> Zoie Koehler | I20: =IF(ISNUMBER(F20),VLOOKUP(F20,DATATABLE,3,0),"") -> Scales Mound High School | M20: =IF(ISNUMBER(K20),VLOOKUP(K20,DATATABLE,2,0),"") | N20: =IF(ISNUMBER(K20),VLOOKUP(K20,DATATABLE,3,0),"") | P20: 16809 | Q20: 13 | R20: =IF(ISNUMBER(P20),VLOOKUP(P20,DATATABLE,2,0),"") -> Alfonso Grajales | S20: =IF(ISNUMBER(P20),VLOOKUP(P20,DATATABLE,3,0),"") -> Galena High School | U20: 16827 | V20: 49 | W20: =IF(ISNUMBER(U20),VLOOKUP(U20,DATATABLE,2,0),"") -> Max Schulz | X20: =IF(ISNUMBER(U20),VLOOKUP(U20,DATATABLE,3,0),"") -> Galena High School | Z20: 27514 | AA20: 12 | AB20: =IF(ISNUMBER(Z20),VLOOKUP(Z20,DATATABLE,2,0),"") -> Sarah Winter | AC20: =IF(ISNUMBER(Z20),VLOOKUP(Z20,DATATABLE,3,0),"") -> River Ridge (Hanover) High School | AE20: 16824 | AF20: 5 | AG20: =IF(ISNUMBER(AE20),VLOOKUP(AE20,DATATABLE,2,0),"") -> Andrew Koenigs | AH20: =IF(ISNUMBER(AE20),VLOOKUP(AE20,DATATABLE,3,0),"") -> Galena High School | AJ20: 16th | AM20: =IF(ISNUMBER(AK20),VLOOKUP(AL20,TEAMLIST,2),"")
A21: 27512 | B21: 24 | C21: =IF(A21<>0,VLOOKUP(A21,DATATABLE,2,0),"") -> Nick Cobine | D21: =IF(ISNUMBER(A21),VLOOKUP(A21,DATATABLE,3,0),"") -> River Ridge (Hanover) High School | F21: 16812 | G21: 13 | H21: =IF(ISNUMBER(F21),VLOOKUP(F21,DATATABLE,2,0),"") -> Liliana Asta | I21: =IF(ISNUMBER(F21),VLOOKUP(F21,DATATABLE,3,0),"") -> Galena High School | M21: =IF(ISNUMBER(K21),VLOOKUP(K21,DATATABLE,2,0),"") | N21: =IF(ISNUMBER(K21),VLOOKUP(K21,DATATABLE,3,0),"") | P21: 16821 | Q21: 12 | R21: =IF(ISNUMBER(P21),VLOOKUP(P21,DATATABLE,2,0),"") -> Kallan Kropp | S21: =IF(ISNUMBER(P21),VLOOKUP(P21,DATATABLE,3,0),"") -> Galena High School | U21: 16813 | V21: 49 | W21: =IF(ISNUMBER(U21),VLOOKUP(U21,DATATABLE,2,0),"") -> Molly Beadle | X21: =IF(ISNUMBER(U21),VLOOKUP(U21,DATATABLE,3,0),"") -> Galena High School | Z21: 27501 | AA21: 11 | AB21: =IF(ISNUMBER(Z21),VLOOKUP(Z21,DATATABLE,2,0),"") -> Ian Wachter | AC21: =IF(ISNUMBER(Z21),VLOOKUP(Z21,DATATABLE,3,0),"") -> River Ridge (Hanover) High School | AE21: 32008 | AF21: 0 | AG21: =IF(ISNUMBER(AE21),VLOOKUP(AE21,DATATABLE,2,0),"") -> Abigail Grzemski | AH21: =IF(ISNUMBER(AE21),VLOOKUP(AE21,DATATABLE,3,0),"") -> West Carroll High School CUSD #314 | AJ21: 18th | AM21: =IF(ISNUMBER(AK21),VLOOKUP(AL21,TEAMLIST,2),"")
A22: 15310 | B22: 24 | C22: =IF(A22<>0,VLOOKUP(A22,DATATABLE,2,0),"") -> Callie Blevins | D22: =IF(ISNUMBER(A22),VLOOKUP(A22,DATATABLE,3,0),"") -> Eastland High School | F22: 27509 | G22: 13 | H22: =IF(ISNUMBER(F22),VLOOKUP(F22,DATATABLE,2,0),"") -> Harmony Packard | I22: =IF(ISNUMBER(F22),VLOOKUP(F22,DATATABLE,3,0),"") -> River Ridge (Hanover) High School | M22: =IF(ISNUMBER(K22),VLOOKUP(K22,DATATABLE,2,0),"") | N22: =IF(ISNUMBER(K22),VLOOKUP(K22,DATATABLE,3,0),"") | P22: 16827 | Q22: 11 | R22: =IF(ISNUMBER(P22),VLOOKUP(P22,DATATABLE,2,0),"") -> Max Schulz | S22: =IF(ISNUMBER(P22),VLOOKUP(P22,DATATABLE,3,0),"") -> Galena High School | U22: 16806 | V22: 48 | W22: =IF(ISNUMBER(U22),VLOOKUP(U22,DATATABLE,2,0),"") -> Jayme Frank | X22: =IF(ISNUMBER(U22),VLOOKUP(U22,DATATABLE,3,0),"") -> Galena High School | Z22: 28501 | AA22: 11 | AB22: =IF(ISNUMBER(Z22),VLOOKUP(Z22,DATATABLE,2,0),"") -> Grace Behlke | AC22: =IF(ISNUMBER(Z22),VLOOKUP(Z22,DATATABLE,3,0),"") -> Scales Mound High School | AE22: 32007 | AF22: 0 | AG22: =IF(ISNUMBER(AE22),VLOOKUP(AE22,DATATABLE,2,0),"") -> Rowan Rannow | AH22: =IF(ISNUMBER(AE22),VLOOKUP(AE22,DATATABLE,3,0),"") -> West Carroll High School CUSD #314 | AJ22: 17th | AM22: =IF(ISNUMBER(AK22),VLOOKUP(AL22,TEAMLIST,2),"")
A23: 28504 | B23: 23 | C23: =IF(A23<>0,VLOOKUP(A23,DATATABLE,2,0),"") -> Levi Distler | D23: =IF(ISNUMBER(A23),VLOOKUP(A23,DATATABLE,3,0),"") -> Scales Mound High School | F23: 28513 | G23: 11 | H23: =IF(ISNUMBER(F23),VLOOKUP(F23,DATATABLE,2,0),"") -> Alyssa Wentz | I23: =IF(ISNUMBER(F23),VLOOKUP(F23,DATATABLE,3,0),"") -> Scales Mound High School | M23: =IF(ISNUMBER(K23),VLOOKUP(K23,DATATABLE,2,0),"") | N23: =IF(ISNUMBER(K23),VLOOKUP(K23,DATATABLE,3,0),"") | P23: 27501 | Q23: 11 | R23: =IF(ISNUMBER(P23),VLOOKUP(P23,DATATABLE,2,0),"") -> Ian Wachter | S23: =IF(ISNUMBER(P23),VLOOKUP(P23,DATATABLE,3,0),"") -> River Ridge (Hanover) High School | U23: 27522 | V23: 46 | W23: =IF(ISNUMBER(U23),VLOOKUP(U23,DATATABLE,2,0),"") -> Joe DuBord | X23: =IF(ISNUMBER(U23),VLOOKUP(U23,DATATABLE,3,0),"") -> River Ridge (Hanover) High School | Z23: 28503 | AA23: 11 | AB23: =IF(ISNUMBER(Z23),VLOOKUP(Z23,DATATABLE,2,0),"") -> Derrick Distler | AC23: =IF(ISNUMBER(Z23),VLOOKUP(Z23,DATATABLE,3,0),"") -> Scales Mound High School | AG23: =IF(ISNUMBER(AE23),VLOOKUP(AE23,DATATABLE,2,0),"") | AH23: =IF(ISNUMBER(AE23),VLOOKUP(AE23,DATATABLE,3,0),"") | AJ23: 19th | AM23: =IF(ISNUMBER(AK23),VLOOKUP(AL23,TEAMLIST,2),"")
A24: 27523 | B24: 23 | C24: =IF(A24<>0,VLOOKUP(A24,DATATABLE,2,0),"") -> Hamish Boden | D24: =IF(ISNUMBER(A24),VLOOKUP(A24,DATATABLE,3,0),"") -> River Ridge (Hanover) High School | F24: 16808 | G24: 11 | H24: =IF(ISNUMBER(F24),VLOOKUP(F24,DATATABLE,2,0),"") -> Jalyn Walker | I24: =IF(ISNUMBER(F24),VLOOKUP(F24,DATATABLE,3,0),"") -> Galena High School | M24: =IF(ISNUMBER(K24),VLOOKUP(K24,DATATABLE,2,0),"") | N24: =IF(ISNUMBER(K24),VLOOKUP(K24,DATATABLE,3,0),"") | P24: 27510 | Q24: 10 | R24: =IF(ISNUMBER(P24),VLOOKUP(P24,DATATABLE,2,0),"") -> Sam Rife | S24: =IF(ISNUMBER(P24),VLOOKUP(P24,DATATABLE,3,0),"") -> River Ridge (Hanover) High School | U24: 28514 | V24: 46 | W24: =IF(ISNUMBER(U24),VLOOKUP(U24,DATATABLE,2,0),"") -> Ava Wiederholt | X24: =IF(ISNUMBER(U24),VLOOKUP(U24,DATATABLE,3,0),"") -> Scales Mound High School | Z24: 15311 | AA24: 11 | AB24: =IF(ISNUMBER(Z24),VLOOKUP(Z24,DATATABLE,2,0),"") -> Vance Crichton | AC24: =IF(ISNUMBER(Z24),VLOOKUP(Z24,DATATABLE,3,0),"") -> Eastland High School | AG24: =IF(ISNUMBER(AE24),VLOOKUP(AE24,DATATABLE,2,0),"") | AH24: =IF(ISNUMBER(AE24),VLOOKUP(AE24,DATATABLE,3,0),"") | AJ24: 20th | AM24: =IF(ISNUMBER(AK24),VLOOKUP(AL24,TEAMLIST,2),"")
A25: 16832 | B25: 23 | C25: =IF(A25<>0,VLOOKUP(A25,DATATABLE,2,0),"") -> Student L Galena | D25: =IF(ISNUMBER(A25),VLOOKUP(A25,DATATABLE,3,0),"") -> Galena High School | F25: 16829 | G25: 10 | H25: =IF(ISNUMBER(F25),VLOOKUP(F25,DATATABLE,2,0),"") -> Student I Galena | I25: =IF(ISNUMBER(F25),VLOOKUP(F25,DATATABLE,3,0),"") -> Galena High School | M25: =IF(ISNUMBER(K25),VLOOKUP(K25,DATATABLE,2,0),"") | N25: =IF(ISNUMBER(K25),VLOOKUP(K25,DATATABLE,3,0),"") | P25: 27522 | Q25: 10 | R25: =IF(ISNUMBER(P25),VLOOKUP(P25,DATATABLE,2,0),"") -> Joe DuBord | S25: =IF(ISNUMBER(P25),VLOOKUP(P25,DATATABLE,3,0),"") -> River Ridge (Hanover) High School | U25: 27502 | V25: 45 | W25: =IF(ISNUMBER(U25),VLOOKUP(U25,DATATABLE,2,0),"") -> Nate Haas | X25: =IF(ISNUMBER(U25),VLOOKUP(U25,DATATABLE,3,0),"") -> River Ridge (Hanover) High School | Z25: 28502 | AA25: 10 | AB25: =IF(ISNUMBER(Z25),VLOOKUP(Z25,DATATABLE,2,0),"") -> Katherine Bilderback | AC25: =IF(ISNUMBER(Z25),VLOOKUP(Z25,DATATABLE,3,0),"") -> Scales Mound High School | AG25: =IF(ISNUMBER(AE25),VLOOKUP(AE25,DATATABLE,2,0),"") | AH25: =IF(ISNUMBER(AE25),VLOOKUP(AE25,DATATABLE,3,0),"") | AJ25: 21st | AM25: =IF(ISNUMBER(AK25),VLOOKUP(AL25,TEAMLIST,2),"")
A26: 16822 | B26: 22 | C26: =IF(ISNUMBER(A26),VLOOKUP(A26,DATATABLE,2,0),"") -> Vincent Gullone | D26: =IF(ISNUMBER(A26),VLOOKUP(A26,DATATABLE,3,0),"") -> Galena High School | F26: 16831 | G26: 6 | H26: =IF(ISNUMBER(F26),VLOOKUP(F26,DATATABLE,2,0),"") -> Student K Galena | I26: =IF(ISNUMBER(F26),VLOOKUP(F26,DATATABLE,3,0),"") -> Galena High School | M26: =IF(ISNUMBER(K26),VLOOKUP(K26,DATATABLE,2,0),"") | N26: =IF(ISNUMBER(K26),VLOOKUP(K26,DATATABLE,3,0),"") | P26: 16832 | Q26: 10 | R26: =IF(ISNUMBER(P26),VLOOKUP(P26,DATATABLE,2,0),"") -> Student L Galena | S26: =IF(ISNUMBER(P26),VLOOKUP(P26,DATATABLE,3,0),"") -> Galena High School | U26: 16812 | V26: 45 | W26: =IF(ISNUMBER(U26),VLOOKUP(U26,DATATABLE,2,0),"") -> Liliana Asta | X26: =IF(ISNUMBER(U26),VLOOKUP(U26,DATATABLE,3,0),"") -> Galena High School | Z26: 27510 | AA26: 10 | AB26: =IF(ISNUMBER(Z26),VLOOKUP(Z26,DATATABLE,2,0),"") -> Sam Rife | AC26: =IF(ISNUMBER(Z26),VLOOKUP(Z26,DATATABLE,3,0),"") -> River Ridge (Hanover) High School | AG26: =IF(ISNUMBER(AE26),VLOOKUP(AE26,DATATABLE,2,0),"") | AH26: =IF(ISNUMBER(AE26),VLOOKUP(AE26,DATATABLE,3,0),"") | AJ26: 22nd | AM26: =IF(ISNUMBER(AK26),VLOOKUP(AL26,TEAMLIST,2),"")
A27: 16811 | B27: 21 | C27: =IF(ISNUMBER(A27),VLOOKUP(A27,DATATABLE,2,0),"") -> Ella Dodds | D27: =IF(ISNUMBER(A27),VLOOKUP(A27,DATATABLE,3,0),"") -> Galena High School | H27: =IF(ISNUMBER(F27),VLOOKUP(F27,DATATABLE,2,0),"") | I27: =IF(ISNUMBER(F27),VLOOKUP(F27,DATATABLE,3,0),"") | M27: =IF(ISNUMBER(K27),VLOOKUP(K27,DATATABLE,2,0),"") | N27: =IF(ISNUMBER(K27),VLOOKUP(K27,DATATABLE,3,0),"") | P27: 32004 | Q27: 0 | R27: =IF(ISNUMBER(P27),VLOOKUP(P27,DATATABLE,2,0),"") -> Carter Sedivy | S27: =IF(ISNUMBER(P27),VLOOKUP(P27,DATATABLE,3,0),"") -> West Carroll High School CUSD #314 | U27: 28510 | V27: 43 | W27: =IF(ISNUMBER(U27),VLOOKUP(U27,DATATABLE,2,0),"") -> Anika Stadel | X27: =IF(ISNUMBER(U27),VLOOKUP(U27,DATATABLE,3,0),"") -> Scales Mound High School | Z27: 16814 | AA27: 10 | AB27: =IF(ISNUMBER(Z27),VLOOKUP(Z27,DATATABLE,2,0),"") -> Quinlan Wells | AC27: =IF(ISNUMBER(Z27),VLOOKUP(Z27,DATATABLE,3,0),"") -> Galena High School | AG27: =IF(ISNUMBER(AE27),VLOOKUP(AE27,DATATABLE,2,0),"") | AH27: =IF(ISNUMBER(AE27),VLOOKUP(AE27,DATATABLE,3,0),"") | AJ27: 23rd | AM27: =IF(ISNUMBER(AK27),VLOOKUP(AL27,TEAMLIST,2),"")
A28: 32013 | B28: 21 | C28: =IF(ISNUMBER(A28),VLOOKUP(A28,DATATABLE,2,0),"") -> Riley Runions | D28: =IF(ISNUMBER(A28),VLOOKUP(A28,DATATABLE,3,0),"") -> West Carroll High School CUSD #314 | H28: =IF(ISNUMBER(F28),VLOOKUP(F28,DATATABLE,2,0),"") | I28: =IF(ISNUMBER(F28),VLOOKUP(F28,DATATABLE,3,0),"") | M28: =IF(ISNUMBER(K28),VLOOKUP(K28,DATATABLE,2,0),"") | N28: =IF(ISNUMBER(K28),VLOOKUP(K28,DATATABLE,3,0),"") | P28: 16830 | Q28: 0 | R28: =IF(ISNUMBER(P28),VLOOKUP(P28,DATATABLE,2,0),"") -> Student J Galena | S28: =IF(ISNUMBER(P28),VLOOKUP(P28,DATATABLE,3,0),"") -> Galena High School | U28: 27512 | V28: 43 | W28: =IF(ISNUMBER(U28),VLOOKUP(U28,DATATABLE,2,0),"") -> Nick Cobine | X28: =IF(ISNUMBER(U28),VLOOKUP(U28,DATATABLE,3,0),"") -> River Ridge (Hanover) High School | Z28: 27521 | AA28: 9 | AB28: =IF(ISNUMBER(Z28),VLOOKUP(Z28,DATATABLE,2,0),"") -> Gracie Schnitzler | AC28: =IF(ISNUMBER(Z28),VLOOKUP(Z28,DATATABLE,3,0),"") -> River Ridge (Hanover) High School | AG28: =IF(ISNUMBER(AE28),VLOOKUP(AE28,DATATABLE,2,0),"") | AH28: =IF(ISNUMBER(AE28),VLOOKUP(AE28,DATATABLE,3,0),"") | AJ28: 24th | AM28: =IF(ISNUMBER(AK28),VLOOKUP(AL28,TEAMLIST,2),"")
A29: 16823 | B29: 21 | C29: =IF(ISNUMBER(A29),VLOOKUP(A29,DATATABLE,2,0),"") -> Achillies Morales | D29: =IF(ISNUMBER(A29),VLOOKUP(A29,DATATABLE,3,0),"") -> Galena High School | H29: =IF(ISNUMBER(F29),VLOOKUP(F29,DATATABLE,2,0),"") | I29: =IF(ISNUMBER(F29),VLOOKUP(F29,DATATABLE,3,0),"") | M29: =IF(ISNUMBER(K29),VLOOKUP(K29,DATATABLE,2,0),"") | N29: =IF(ISNUMBER(K29),VLOOKUP(K29,DATATABLE,3,0),"") | R29: =IF(ISNUMBER(P29),VLOOKUP(P29,DATATABLE,2,0),"") | S29: =IF(ISNUMBER(P29),VLOOKUP(P29,DATATABLE,3,0),"") | U29: 27509 | V29: 42 | W29: =IF(ISNUMBER(U29),VLOOKUP(U29,DATATABLE,2,0),"") -> Harmony Packard | X29: =IF(ISNUMBER(U29),VLOOKUP(U29,DATATABLE,3,0),"") -> River Ridge (Hanover) High School | Z29: 27504 | AA29: 9 | AB29: =IF(ISNUMBER(Z29),VLOOKUP(Z29,DATATABLE,2,0),"") -> Camden Flack | AC29: =IF(ISNUMBER(Z29),VLOOKUP(Z29,DATATABLE,3,0),"") -> River Ridge (Hanover) High School | AG29: =IF(ISNUMBER(AE29),VLOOKUP(AE29,DATATABLE,2,0),"") | AH29: =IF(ISNUMBER(AE29),VLOOKUP(AE29,DATATABLE,3,0),"") | AJ29: 25th | AM29: =IF(ISNUMBER(AK29),VLOOKUP(AL29,TEAMLIST,2),"")
A30: 16806 | B30: 20 | C30: =IF(ISNUMBER(A30),VLOOKUP(A30,DATATABLE,2,0),"") -> Jayme Frank | D30: =IF(ISNUMBER(A30),VLOOKUP(A30,DATATABLE,3,0),"") -> Galena High School | H30: =IF(ISNUMBER(F30),VLOOKUP(F30,DATATABLE,2,0),"") | I30: =IF(ISNUMBER(F30),VLOOKUP(F30,DATATABLE,3,0),"") | M30: =IF(ISNUMBER(K30),VLOOKUP(K30,DATATABLE,2,0),"") | N30: =IF(ISNUMBER(K30),VLOOKUP(K30,DATATABLE,3,0),"") | R30: =IF(ISNUMBER(P30),VLOOKUP(P30,DATATABLE,2,0),"") | S30: =IF(ISNUMBER(P30),VLOOKUP(P30,DATATABLE,3,0),"") | U30: 15314 | V30: 42 | W30: =IF(ISNUMBER(U30),VLOOKUP(U30,DATATABLE,2,0),"") -> Deya Nieves | X30: =IF(ISNUMBER(U30),VLOOKUP(U30,DATATABLE,3,0),"") -> Eastland High School | Z30: 15312 | AA30: 8 | AB30: =IF(ISNUMBER(Z30),VLOOKUP(Z30,DATATABLE,2,0),"") -> Linus Reuter | AC30: =IF(ISNUMBER(Z30),VLOOKUP(Z30,DATATABLE,3,0),"") -> Eastland High School | AG30: =IF(ISNUMBER(AE30),VLOOKUP(AE30,DATATABLE,2,0),"") | AH30: =IF(ISNUMBER(AE30),VLOOKUP(AE30,DATATABLE,3,0),"") | AJ30: 26th | AM30: =IF(ISNUMBER(AK30),VLOOKUP(AL30,TEAMLIST,2),"")
A31: 16826 | B31: 20 | C31: =IF(ISNUMBER(A31),VLOOKUP(A31,DATATABLE,2,0),"") -> Luna Pham | D31: =IF(ISNUMBER(A31),VLOOKUP(A31,DATATABLE,3,0),"") -> Galena High School | H31: =IF(ISNUMBER(F31),VLOOKUP(F31,DATATABLE,2,0),"") | I31: =IF(ISNUMBER(F31),VLOOKUP(F31,DATATABLE,3,0),"") | M31: =IF(ISNUMBER(K31),VLOOKUP(K31,DATATABLE,2,0),"") | N31: =IF(ISNUMBER(K31),VLOOKUP(K31,DATATABLE,3,0),"") | R31: =IF(ISNUMBER(P31),VLOOKUP(P31,DATATABLE,2,0),"") | S31: =IF(ISNUMBER(P31),VLOOKUP(P31,DATATABLE,3,0),"") | U31: 27523 | V31: 40 | W31: =IF(ISNUMBER(U31),VLOOKUP(U31,DATATABLE,2,0),"") -> Hamish Boden | X31: =IF(ISNUMBER(U31),VLOOKUP(U31,DATATABLE,3,0),"") -> River Ridge (Hanover) High School | Z31: 16822 | AA31: 8 | AB31: =IF(ISNUMBER(Z31),VLOOKUP(Z31,DATATABLE,2,0),"") -> Vincent Gullone | AC31: =IF(ISNUMBER(Z31),VLOOKUP(Z31,DATATABLE,3,0),"") -> Galena High School | AG31: =IF(ISNUMBER(AE31),VLOOKUP(AE31,DATATABLE,2,0),"") | AH31: =IF(ISNUMBER(AE31),VLOOKUP(AE31,DATATABLE,3,0),"") | AJ31: 27th | AM31: =IF(ISNUMBER(AK31),VLOOKUP(AL31,TEAMLIST,2),"")
A32: 15302 | B32: 20 | C32: =IF(ISNUMBER(A32),VLOOKUP(A32,DATATABLE,2,0),"") -> Kalena Rominski | D32: =IF(ISNUMBER(A32),VLOOKUP(A32,DATATABLE,3,0),"") -> Eastland High School | H32: =IF(ISNUMBER(F32),VLOOKUP(F32,DATATABLE,2,0),"") | I32: =IF(ISNUMBER(F32),VLOOKUP(F32,DATATABLE,3,0),"") | M32: =IF(ISNUMBER(K32),VLOOKUP(K32,DATATABLE,2,0),"") | N32: =IF(ISNUMBER(K32),VLOOKUP(K32,DATATABLE,3,0),"") | R32: =IF(ISNUMBER(P32),VLOOKUP(P32,DATATABLE,2,0),"") | S32: =IF(ISNUMBER(P32),VLOOKUP(P32,DATATABLE,3,0),"") | U32: 32013 | V32: 39 | W32: =IF(ISNUMBER(U32),VLOOKUP(U32,DATATABLE,2,0),"") -> Riley Runions | X32: =IF(ISNUMBER(U32),VLOOKUP(U32,DATATABLE,3,0),"") -> West Carroll High School CUSD #314 | Z32: 32004 | AA32: 7 | AB32: =IF(ISNUMBER(Z32),VLOOKUP(Z32,DATATABLE,2,0),"") -> Carter Sedivy | AC32: =IF(ISNUMBER(Z32),VLOOKUP(Z32,DATATABLE,3,0),"") -> West Carroll High School CUSD #314 | AG32: =IF(ISNUMBER(AE32),VLOOKUP(AE32,DATATABLE,2,0),"") | AH32: =IF(ISNUMBER(AE32),VLOOKUP(AE32,DATATABLE,3,0),"") | AJ32: 28th | AM32: =IF(ISNUMBER(AK32),VLOOKUP(AL32,TEAMLIST,2),"")
A33: 28507 | B33: 19 | C33: =IF(ISNUMBER(A33),VLOOKUP(A33,DATATABLE,2,0),"") -> Graham Koehler | D33: =IF(ISNUMBER(A33),VLOOKUP(A33,DATATABLE,3,0),"") -> Scales Mound High School | H33: =IF(ISNUMBER(F33),VLOOKUP(F33,DATATABLE,2,0),"") | I33: =IF(ISNUMBER(F33),VLOOKUP(F33,DATATABLE,3,0),"") | M33: =IF(ISNUMBER(K33),VLOOKUP(K33,DATATABLE,2,0),"") | N33: =IF(ISNUMBER(K33),VLOOKUP(K33,DATATABLE,3,0),"") | R33: =IF(ISNUMBER(P33),VLOOKUP(P33,DATATABLE,2,0),"") | S33: =IF(ISNUMBER(P33),VLOOKUP(P33,DATATABLE,3,0),"") | U33: 15313 | V33: 39 | W33: =IF(ISNUMBER(U33),VLOOKUP(U33,DATATABLE,2,0),"") -> Madison Schubert | X33: =IF(ISNUMBER(U33),VLOOKUP(U33,DATATABLE,3,0),"") -> Eastland High School | Z33: 32002 | AA33: 4 | AB33: =IF(ISNUMBER(Z33),VLOOKUP(Z33,DATATABLE,2,0),"") -> Ashlyn Foster | AC33: =IF(ISNUMBER(Z33),VLOOKUP(Z33,DATATABLE,3,0),"") -> West Carroll High School CUSD #314 | AG33: =IF(ISNUMBER(AE33),VLOOKUP(AE33,DATATABLE,2,0),"") | AH33: =IF(ISNUMBER(AE33),VLOOKUP(AE33,DATATABLE,3,0),"") | AJ33: 29th | AM33: =IF(ISNUMBER(AK33),VLOOKUP(AL33,TEAMLIST,2),"")
A34: 16808 | B34: 18 | C34: =IF(ISNUMBER(A34),VLOOKUP(A34,DATATABLE,2,0),"") -> Jalyn Walker | D34: =IF(ISNUMBER(A34),VLOOKUP(A34,DATATABLE,3,0),"") -> Galena High School | H34: =IF(ISNUMBER(F34),VLOOKUP(F34,DATATABLE,2,0),"") | I34: =IF(ISNUMBER(F34),VLOOKUP(F34,DATATABLE,3,0),"") | M34: =IF(ISNUMBER(K34),VLOOKUP(K34,DATATABLE,2,0),"") | N34: =IF(ISNUMBER(K34),VLOOKUP(K34,DATATABLE,3,0),"") | R34: =IF(ISNUMBER(P34),VLOOKUP(P34,DATATABLE,2,0),"") | S34: =IF(ISNUMBER(P34),VLOOKUP(P34,DATATABLE,3,0),"") | U34: 27503 | V34: 38 | W34: =IF(ISNUMBER(U34),VLOOKUP(U34,DATATABLE,2,0),"") -> Laiken Haas | X34: =IF(ISNUMBER(U34),VLOOKUP(U34,DATATABLE,3,0),"") -> River Ridge (Hanover) High School | Z34: 15307 | AA34: 0 | AB34: =IF(ISNUMBER(Z34),VLOOKUP(Z34,DATATABLE,2,0),"") -> Jon Spoerlein | AC34: =IF(ISNUMBER(Z34),VLOOKUP(Z34,DATATABLE,3,0),"") -> Eastland High School | AG34: =IF(ISNUMBER(AE34),VLOOKUP(AE34,DATATABLE,2,0),"") | AH34: =IF(ISNUMBER(AE34),VLOOKUP(AE34,DATATABLE,3,0),"") | AJ34: 30th | AM34: =IF(ISNUMBER(AK34),VLOOKUP(AL34,TEAMLIST,2),"")
A35: 16831 | B35: 18 | C35: =IF(ISNUMBER(A35),VLOOKUP(A35,DATATABLE,2,0),"") -> Student K Galena | D35: =IF(ISNUMBER(A35),VLOOKUP(A35,DATATABLE,3,0),"") -> Galena High School | H35: =IF(ISNUMBER(F35),VLOOKUP(F35,DATATABLE,2,0),"") | I35: =IF(ISNUMBER(F35),VLOOKUP(F35,DATATABLE,3,0),"") | M35: =IF(ISNUMBER(K35),VLOOKUP(K35,DATATABLE,2,0),"") | N35: =IF(ISNUMBER(K35),VLOOKUP(K35,DATATABLE,3,0),"") | R35: =IF(ISNUMBER(P35),VLOOKUP(P35,DATATABLE,2,0),"") | S35: =IF(ISNUMBER(P35),VLOOKUP(P35,DATATABLE,3,0),"") | U35: 28513 | V35: 38 | W35: =IF(ISNUMBER(U35),VLOOKUP(U35,DATATABLE,2,0),"") -> Alyssa Wentz | X35: =IF(ISNUMBER(U35),VLOOKUP(U35,DATATABLE,3,0),"") -> Scales Mound High School | Z35: 16833 | AA35: 0 | AB35: =IF(ISNUMBER(Z35),VLOOKUP(Z35,DATATABLE,2,0),"") -> Student M Galena | AC35: =IF(ISNUMBER(Z35),VLOOKUP(Z35,DATATABLE,3,0),"") -> Galena High School | AG35: =IF(ISNUMBER(AE35),VLOOKUP(AE35,DATATABLE,2,0),"") | AH35: =IF(ISNUMBER(AE35),VLOOKUP(AE35,DATATABLE,3,0),"") | AJ35: 31st | AM35: =IF(ISNUMBER(AK35),VLOOKUP(AL35,TEAMLIST,2),"")
A36: 32005 | B36: 17 | C36: =IF(ISNUMBER(A36),VLOOKUP(A36,DATATABLE,2,0),"") -> Catia Wilson | D36: =IF(ISNUMBER(A36),VLOOKUP(A36,DATATABLE,3,0),"") -> West Carroll High School CUSD #314 | H36: =IF(ISNUMBER(F36),VLOOKUP(F36,DATATABLE,2,0),"") | I36: =IF(ISNUMBER(F36),VLOOKUP(F36,DATATABLE,3,0),"") | M36: =IF(ISNUMBER(K36),VLOOKUP(K36,DATATABLE,2,0),"") | N36: =IF(ISNUMBER(K36),VLOOKUP(K36,DATATABLE,3,0),"") | R36: =IF(ISNUMBER(P36),VLOOKUP(P36,DATATABLE,2,0),"") | S36: =IF(ISNUMBER(P36),VLOOKUP(P36,DATATABLE,3,0),"") | U36: 16804 | V36: 36 | W36: =IF(ISNUMBER(U36),VLOOKUP(U36,DATATABLE,2,0),"") -> Violet Doyle | X36: =IF(ISNUMBER(U36),VLOOKUP(U36,DATATABLE,3,0),"") -> Galena High School | Z36: 32007 | AA36: 0 | AB36: =IF(ISNUMBER(Z36),VLOOKUP(Z36,DATATABLE,2,0),"") -> Rowan Rannow | AC36: =IF(ISNUMBER(Z36),VLOOKUP(Z36,DATATABLE,3,0),"") -> West Carroll High School CUSD #314 | AG36: =IF(ISNUMBER(AE36),VLOOKUP(AE36,DATATABLE,2,0),"") | AH36: =IF(ISNUMBER(AE36),VLOOKUP(AE36,DATATABLE,3,0),"") | AJ36: 32nd | AM36: =IF(ISNUMBER(AK36),VLOOKUP(AL36,TEAMLIST,2),"")
A37: 27513 | B37: 15 | C37: =IF(ISNUMBER(A37),VLOOKUP(A37,DATATABLE,2,0),"") -> Berkeley Mensendike | D37: =IF(ISNUMBER(A37),VLOOKUP(A37,DATATABLE,3,0),"") -> River Ridge (Hanover) High School | H37: =IF(ISNUMBER(F37),VLOOKUP(F37,DATATABLE,2,0),"") | I37: =IF(ISNUMBER(F37),VLOOKUP(F37,DATATABLE,3,0),"") | M37: =IF(ISNUMBER(K37),VLOOKUP(K37,DATATABLE,2,0),"") | N37: =IF(ISNUMBER(K37),VLOOKUP(K37,DATATABLE,3,0),"") | R37: =IF(ISNUMBER(P37),VLOOKUP(P37,DATATABLE,2,0),"") | S37: =IF(ISNUMBER(P37),VLOOKUP(P37,DATATABLE,3,0),"") | U37: 27513 | V37: 33 | W37: =IF(ISNUMBER(U37),VLOOKUP(U37,DATATABLE,2,0),"") -> Berkeley Mensendike | X37: =IF(ISNUMBER(U37),VLOOKUP(U37,DATATABLE,3,0),"") -> River Ridge (Hanover) High School | Z37: 32008 | AA37: 0 | AB37: =IF(ISNUMBER(Z37),VLOOKUP(Z37,DATATABLE,2,0),"") -> Abigail Grzemski | AC37: =IF(ISNUMBER(Z37),VLOOKUP(Z37,DATATABLE,3,0),"") -> West Carroll High School CUSD #314 | AG37: =IF(ISNUMBER(AE37),VLOOKUP(AE37,DATATABLE,2,0),"") | AH37: =IF(ISNUMBER(AE37),VLOOKUP(AE37,DATATABLE,3,0),"") | AJ37: 33rd | AM37: =IF(ISNUMBER(AK37),VLOOKUP(AL37,TEAMLIST,2),"")
A38: 15313 | B38: 10 | C38: =IF(ISNUMBER(A38),VLOOKUP(A38,DATATABLE,2,0),"") -> Madison Schubert | D38: =IF(ISNUMBER(A38),VLOOKUP(A38,DATATABLE,3,0),"") -> Eastland High School | H38: =IF(ISNUMBER(F38),VLOOKUP(F38,DATATABLE,2,0),"") | I38: =IF(ISNUMBER(F38),VLOOKUP(F38,DATATABLE,3,0),"") | M38: =IF(ISNUMBER(K38),VLOOKUP(K38,DATATABLE,2,0),"") | N38: =IF(ISNUMBER(K38),VLOOKUP(K38,DATATABLE,3,0),"") | R38: =IF(ISNUMBER(P38),VLOOKUP(P38,DATATABLE,2,0),"") | S38: =IF(ISNUMBER(P38),VLOOKUP(P38,DATATABLE,3,0),"") | U38: 27521 | V38: 29 | W38: =IF(ISNUMBER(U38),VLOOKUP(U38,DATATABLE,2,0),"") -> Gracie Schnitzler | X38: =IF(ISNUMBER(U38),VLOOKUP(U38,DATATABLE,3,0),"") -> River Ridge (Hanover) High School | Z38: 15309 | AA38: 0 | AB38: =IF(ISNUMBER(Z38),VLOOKUP(Z38,DATATABLE,2,0),"") -> Breanna Sweitzer | AC38: =IF(ISNUMBER(Z38),VLOOKUP(Z38,DATATABLE,3,0),"") -> Eastland High School | AG38: =IF(ISNUMBER(AE38),VLOOKUP(AE38,DATATABLE,2,0),"") | AH38: =IF(ISNUMBER(AE38),VLOOKUP(AE38,DATATABLE,3,0),"") | AJ38: 34th | AM38: =IF(ISNUMBER(AK38),VLOOKUP(AL38,TEAMLIST,2),"")
A39: 32011 | B39: 0 | C39: =IF(ISNUMBER(A39),VLOOKUP(A39,DATATABLE,2,0),"") -> Isabel Herrell | D39: =IF(ISNUMBER(A39),VLOOKUP(A39,DATATABLE,3,0),"") -> West Carroll High School CUSD #314 | H39: =IF(ISNUMBER(F39),VLOOKUP(F39,DATATABLE,2,0),"") | I39: =IF(ISNUMBER(F39),VLOOKUP(F39,DATATABLE,3,0),"") | M39: =IF(ISNUMBER(K39),VLOOKUP(K39,DATATABLE,2,0),"") | N39: =IF(ISNUMBER(K39),VLOOKUP(K39,DATATABLE,3,0),"") | R39: =IF(ISNUMBER(P39),VLOOKUP(P39,DATATABLE,2,0),"") | S39: =IF(ISNUMBER(P39),VLOOKUP(P39,DATATABLE,3,0),"") | U39: 32002 | V39: 29 | W39: =IF(ISNUMBER(U39),VLOOKUP(U39,DATATABLE,2,0),"") -> Ashlyn Foster | X39: =IF(ISNUMBER(U39),VLOOKUP(U39,DATATABLE,3,0),"") -> West Carroll High School CUSD #314 | AB39: =IF(ISNUMBER(Z39),VLOOKUP(Z39,DATATABLE,2,0),"") | AC39: =IF(ISNUMBER(Z39),VLOOKUP(Z39,DATATABLE,3,0),"") | AG39: =IF(ISNUMBER(AE39),VLOOKUP(AE39,DATATABLE,2,0),"") | AH39: =IF(ISNUMBER(AE39),VLOOKUP(AE39,DATATABLE,3,0),"") | AJ39: 35th | AM39: =IF(ISNUMBER(AK39),VLOOKUP(AL39,TEAMLIST,2),"")
A40: 16833 | B40: 0 | C40: =IF(ISNUMBER(A40),VLOOKUP(A40,DATATABLE,2,0),"") -> Student M Galena | D40: =IF(ISNUMBER(A40),VLOOKUP(A40,DATATABLE,3,0),"") -> Galena High School | H40: =IF(ISNUMBER(F40),VLOOKUP(F40,DATATABLE,2,0),"") | I40: =IF(ISNUMBER(F40),VLOOKUP(F40,DATATABLE,3,0),"") | M40: =IF(ISNUMBER(K40),VLOOKUP(K40,DATATABLE,2,0),"") | N40: =IF(ISNUMBER(K40),VLOOKUP(K40,DATATABLE,3,0),"") | R40: =IF(ISNUMBER(P40),VLOOKUP(P40,DATATABLE,2,0),"") | S40: =IF(ISNUMBER(P40),VLOOKUP(P40,DATATABLE,3,0),"") | U40: 16825 | V40: 0 | W40: =IF(ISNUMBER(U40),VLOOKUP(U40,DATATABLE,2,0),"") -> Macklan Murphy | X40: =IF(ISNUMBER(U40),VLOOKUP(U40,DATATABLE,3,0),"") -> Galena High School | AB40: =IF(ISNUMBER(Z40),VLOOKUP(Z40,DATATABLE,2,0),"") | AC40: =IF(ISNUMBER(Z40),VLOOKUP(Z40,DATATABLE,3,0),"") | AG40: =IF(ISNUMBER(AE40),VLOOKUP(AE40,DATATABLE,2,0),"") | AH40: =IF(ISNUMBER(AE40),VLOOKUP(AE40,DATATABLE,3,0),"") | AJ40: 36th | AM40: =IF(ISNUMBER(AK40),VLOOKUP(AL40,TEAMLIST,2),"")
C41: =IF(ISNUMBER(A41),VLOOKUP(A41,DATATABLE,2,0),"") | D41: =IF(ISNUMBER(A41),VLOOKUP(A41,DATATABLE,3,0),"") | H41: =IF(ISNUMBER(F41),VLOOKUP(F41,DATATABLE,2,0),"") | I41: =IF(ISNUMBER(F41),VLOOKUP(F41,DATATABLE,3,0),"") | M41: =IF(ISNUMBER(K41),VLOOKUP(K41,DATATABLE,2,0),"") | N41: =IF(ISNUMBER(K41),VLOOKUP(K41,DATATABLE,3,0),"") | R41: =IF(ISNUMBER(P41),VLOOKUP(P41,DATATABLE,2,0),"") | S41: =IF(ISNUMBER(P41),VLOOKUP(P41,DATATABLE,3,0),"") | U41: 16834 | V41: 0 | W41: =IF(ISNUMBER(U41),VLOOKUP(U41,DATATABLE,2,0),"") -> Student N Galena | X41: =IF(ISNUMBER(U41),VLOOKUP(U41,DATATABLE,3,0),"") -> Galena High School | AB41: =IF(ISNUMBER(Z41),VLOOKUP(Z41,DATATABLE,2,0),"") | AC41: =IF(ISNUMBER(Z41),VLOOKUP(Z41,DATATABLE,3,0),"") | AG41: =IF(ISNUMBER(AE41),VLOOKUP(AE41,DATATABLE,2,0),"") | AH41: =IF(ISNUMBER(AE41),VLOOKUP(AE41,DATATABLE,3,0),"") | AJ41: 37th | AM41: =IF(ISNUMBER(AK41),VLOOKUP(AL41,TEAMLIST,2),"")
C42: =IF(ISNUMBER(A42),VLOOKUP(A42,DATATABLE,2,0),"") | D42: =IF(ISNUMBER(A42),VLOOKUP(A42,DATATABLE,3,0),"") | H42: =IF(ISNUMBER(F42),VLOOKUP(F42,DATATABLE,2,0),"") | I42: =IF(ISNUMBER(F42),VLOOKUP(F42,DATATABLE,3,0),"") | M42: =IF(ISNUMBER(K42),VLOOKUP(K42,DATATABLE,2,0),"") | N42: =IF(ISNUMBER(K42),VLOOKUP(K42,DATATABLE,3,0),"") | R42: =IF(ISNUMBER(P42),VLOOKUP(P42,DATATABLE,2,0),"") | S42: =IF(ISNUMBER(P42),VLOOKUP(P42,DATATABLE,3,0),"") | U42: 32011 | V42: 0 | W42: =IF(ISNUMBER(U42),VLOOKUP(U42,DATATABLE,2,0),"") -> Isabel Herrell | X42: =IF(ISNUMBER(U42),VLOOKUP(U42,DATATABLE,3,0),"") -> West Carroll High School CUSD #314 | AB42: =IF(ISNUMBER(Z42),VLOOKUP(Z42,DATATABLE,2,0),"") | AC42: =IF(ISNUMBER(Z42),VLOOKUP(Z42,DATATABLE,3,0),"") | AG42: =IF(ISNUMBER(AE42),VLOOKUP(AE42,DATATABLE,2,0),"") | AH42: =IF(ISNUMBER(AE42),VLOOKUP(AE42,DATATABLE,3,0),"") | AJ42: 38th | AM42: =IF(ISNUMBER(AK42),VLOOKUP(AL42,TEAMLIST,2),"")
C43: =IF(ISNUMBER(A43),VLOOKUP(A43,DATATABLE,2,0),"") | D43: =IF(ISNUMBER(A43),VLOOKUP(A43,DATATABLE,3,0),"") | H43: =IF(ISNUMBER(F43),VLOOKUP(F43,DATATABLE,2,0),"") | I43: =IF(ISNUMBER(F43),VLOOKUP(F43,DATATABLE,3,0),"") | M43: =IF(ISNUMBER(K43),VLOOKUP(K43,DATATABLE,2,0),"") | N43: =IF(ISNUMBER(K43),VLOOKUP(K43,DATATABLE,3,0),"") | R43: =IF(ISNUMBER(P43),VLOOKUP(P43,DATATABLE,2,0),"") | S43: =IF(ISNUMBER(P43),VLOOKUP(P43,DATATABLE,3,0),"") | U43: 15309 | V43: 0 | W43: =IF(ISNUMBER(U43),VLOOKUP(U43,DATATABLE,2,0),"") -> Breanna Sweitzer | X43: =IF(ISNUMBER(U43),VLOOKUP(U43,DATATABLE,3,0),"") -> Eastland High School | AB43: =IF(ISNUMBER(Z43),VLOOKUP(Z43,DATATABLE,2,0),"") | AC43: =IF(ISNUMBER(Z43),VLOOKUP(Z43,DATATABLE,3,0),"") | AG43: =IF(ISNUMBER(AE43),VLOOKUP(AE43,DATATABLE,2,0),"") | AH43: =IF(ISNUMBER(AE43),VLOOKUP(AE43,DATATABLE,3,0),"") | AJ43: 39th | AM43: =IF(ISNUMBER(AK43),VLOOKUP(AL43,TEAMLIST,2),"")
C44: =IF(ISNUMBER(A44),VLOOKUP(A44,DATATABLE,2,0),"") | D44: =IF(ISNUMBER(A44),VLOOKUP(A44,DATATABLE,3,0),"") | H44: =IF(ISNUMBER(F44),VLOOKUP(F44,DATATABLE,2,0),"") | I44: =IF(ISNUMBER(F44),VLOOKUP(F44,DATATABLE,3,0),"") | M44: =IF(ISNUMBER(K44),VLOOKUP(K44,DATATABLE,2,0),"") | N44: =IF(ISNUMBER(K44),VLOOKUP(K44,DATATABLE,3,0),"") | R44: =IF(ISNUMBER(P44),VLOOKUP(P44,DATATABLE,2,0),"") | S44: =IF(ISNUMBER(P44),VLOOKUP(P44,DATATABLE,3,0),"") | W44: =IF(ISNUMBER(U44),VLOOKUP(U44,DATATABLE,2,0),"") | X44: =IF(ISNUMBER(U44),VLOOKUP(U44,DATATABLE,3,0),"") | AB44: =IF(ISNUMBER(Z44),VLOOKUP(Z44,DATATABLE,2,0),"") | AC44: =IF(ISNUMBER(Z44),VLOOKUP(Z44,DATATABLE,3,0),"") | AG44: =IF(ISNUMBER(AE44),VLOOKUP(AE44,DATATABLE,2,0),"") | AH44: =IF(ISNUMBER(AE44),VLOOKUP(AE44,DATATABLE,3,0),"") | AJ44: 40th | AM44: =IF(ISNUMBER(AK44),VLOOKUP(AL44,TEAMLIST,2),"")
C45: =IF(ISNUMBER(A45),VLOOKUP(A45,DATATABLE,2,0),"") | D45: =IF(ISNUMBER(A45),VLOOKUP(A45,DATATABLE,3,0),"") | H45: =IF(ISNUMBER(F45),VLOOKUP(F45,DATATABLE,2,0),"") | I45: =IF(ISNUMBER(F45),VLOOKUP(F45,DATATABLE,3,0),"") | M45: =IF(ISNUMBER(K45),VLOOKUP(K45,DATATABLE,2,0),"") | N45: =IF(ISNUMBER(K45),VLOOKUP(K45,DATATABLE,3,0),"") | R45: =IF(ISNUMBER(P45),VLOOKUP(P45,DATATABLE,2,0),"") | S45: =IF(ISNUMBER(P45),VLOOKUP(P45,DATATABLE,3,0),"") | W45: =IF(ISNUMBER(U45),VLOOKUP(U45,DATATABLE,2,0),"") | X45: =IF(ISNUMBER(U45),VLOOKUP(U45,DATATABLE,3,0),"") | AB45: =IF(ISNUMBER(Z45),VLOOKUP(Z45,DATATABLE,2,0),"") | AC45: =IF(ISNUMBER(Z45),VLOOKUP(Z45,DATATABLE,3,0),"") | AG45: =IF(ISNUMBER(AE45),VLOOKUP(AE45,DATATABLE,2,0),"") | AH45: =IF(ISNUMBER(AE45),VLOOKUP(AE45,DATATABLE,3,0),"") | AJ45: 41st | AM45: =IF(ISNUMBER(AK45),VLOOKUP(AL45,TEAMLIST,2),"")
C46: =IF(ISNUMBER(A46),VLOOKUP(A46,DATATABLE,2,0),"") | D46: =IF(ISNUMBER(A46),VLOOKUP(A46,DATATABLE,3,0),"") | H46: =IF(ISNUMBER(F46),VLOOKUP(F46,DATATABLE,2,0),"") | I46: =IF(ISNUMBER(F46),VLOOKUP(F46,DATATABLE,3,0),"") | M46: =IF(ISNUMBER(K46),VLOOKUP(K46,DATATABLE,2,0),"") | N46: =IF(ISNUMBER(K46),VLOOKUP(K46,DATATABLE,3,0),"") | R46: =IF(ISNUMBER(P46),VLOOKUP(P46,DATATABLE,2,0),"") | S46: =IF(ISNUMBER(P46),VLOOKUP(P46,DATATABLE,3,0),"") | W46: =IF(ISNUMBER(U46),VLOOKUP(U46,DATATABLE,2,0),"") | X46: =IF(ISNUMBER(U46),VLOOKUP(U46,DATATABLE,3,0),"") | AB46: =IF(ISNUMBER(Z46),VLOOKUP(Z46,DATATABLE,2,0),"") | AC46: =IF(ISNUMBER(Z46),VLOOKUP(Z46,DATATABLE,3,0),"") | AG46: =IF(ISNUMBER(AE46),VLOOKUP(AE46,DATATABLE,2,0),"") | AH46: =IF(ISNUMBER(AE46),VLOOKUP(AE46,DATATABLE,3,0),"") | AJ46: 42nd | AM46: =IF(ISNUMBER(AK46),VLOOKUP(AL46,TEAMLIST,2),"")
C47: =IF(ISNUMBER(A47),VLOOKUP(A47,DATATABLE,2,0),"") | D47: =IF(ISNUMBER(A47),VLOOKUP(A47,DATATABLE,3,0),"") | H47: =IF(ISNUMBER(F47),VLOOKUP(F47,DATATABLE,2,0),"") | I47: =IF(ISNUMBER(F47),VLOOKUP(F47,DATATABLE,3,0),"") | M47: =IF(ISNUMBER(K47),VLOOKUP(K47,DATATABLE,2,0),"") | N47: =IF(ISNUMBER(K47),VLOOKUP(K47,DATATABLE,3,0),"") | R47: =IF(ISNUMBER(P47),VLOOKUP(P47,DATATABLE,2,0),"") | S47: =IF(ISNUMBER(P47),VLOOKUP(P47,DATATABLE,3,0),"") | W47: =IF(ISNUMBER(U47),VLOOKUP(U47,DATATABLE,2,0),"") | X47: =IF(ISNUMBER(U47),VLOOKUP(U47,DATATABLE,3,0),"") | AB47: =IF(ISNUMBER(Z47),VLOOKUP(Z47,DATATABLE,2,0),"") | AC47: =IF(ISNUMBER(Z47),VLOOKUP(Z47,DATATABLE,3,0),"") | AG47: =IF(ISNUMBER(AE47),VLOOKUP(AE47,DATATABLE,2,0),"") | AH47: =IF(ISNUMBER(AE47),VLOOKUP(AE47,DATATABLE,3,0),"") | AJ47: 43rd | AM47: =IF(ISNUMBER(AK47),VLOOKUP(AL47,TEAMLIST,2),"")
C48: =IF(ISNUMBER(A48),VLOOKUP(A48,DATATABLE,2,0),"") | D48: =IF(ISNUMBER(A48),VLOOKUP(A48,DATATABLE,3,0),"") | H48: =IF(ISNUMBER(F48),VLOOKUP(F48,DATATABLE,2,0),"") | I48: =IF(ISNUMBER(F48),VLOOKUP(F48,DATATABLE,3,0),"") | M48: =IF(ISNUMBER(K48),VLOOKUP(K48,DATATABLE,2,0),"") | N48: =IF(ISNUMBER(K48),VLOOKUP(K48,DATATABLE,3,0),"") | R48: =IF(ISNUMBER(P48),VLOOKUP(P48,DATATABLE,2,0),"") | S48: =IF(ISNUMBER(P48),VLOOKUP(P48,DATATABLE,3,0),"") | W48: =IF(ISNUMBER(U48),VLOOKUP(U48,DATATABLE,2,0),"") | X48: =IF(ISNUMBER(U48),VLOOKUP(U48,DATATABLE,3,0),"") | AB48: =IF(ISNUMBER(Z48),VLOOKUP(Z48,DATATABLE,2,0),"") | AC48: =IF(ISNUMBER(Z48),VLOOKUP(Z48,DATATABLE,3,0),"") | AG48: =IF(ISNUMBER(AE48),VLOOKUP(AE48,DATATABLE,2,0),"") | AH48: =IF(ISNUMBER(AE48),VLOOKUP(AE48,DATATABLE,3,0),"") | AJ48: 44th | AM48: =IF(ISNUMBER(AK48),VLOOKUP(AL48,TEAMLIST,2),"")
C49: =IF(ISNUMBER(A49),VLOOKUP(A49,DATATABLE,2,0),"") | D49: =IF(ISNUMBER(A49),VLOOKUP(A49,DATATABLE,3,0),"") | H49: =IF(ISNUMBER(F49),VLOOKUP(F49,DATATABLE,2,0),"") | I49: =IF(ISNUMBER(F49),VLOOKUP(F49,DATATABLE,3,0),"") | M49: =IF(ISNUMBER(K49),VLOOKUP(K49,DATATABLE,2,0),"") | N49: =IF(ISNUMBER(K49),VLOOKUP(K49,DATATABLE,3,0),"") | R49: =IF(ISNUMBER(P49),VLOOKUP(P49,DATATABLE,2,0),"") | S49: =IF(ISNUMBER(P49),VLOOKUP(P49,DATATABLE,3,0),"") | W49: =IF(ISNUMBER(U49),VLOOKUP(U49,DATATABLE,2,0),"") | X49: =IF(ISNUMBER(U49),VLOOKUP(U49,DATATABLE,3,0),"") | AB49: =IF(ISNUMBER(Z49),VLOOKUP(Z49,DATATABLE,2,0),"") | AC49: =IF(ISNUMBER(Z49),VLOOKUP(Z49,DATATABLE,3,0),"") | AG49: =IF(ISNUMBER(AE49),VLOOKUP(AE49,DATATABLE,2,0),"") | AH49: =IF(ISNUMBER(AE49),VLOOKUP(AE49,DATATABLE,3,0),"") | AJ49: 45th | AM49: =IF(ISNUMBER(AK49),VLOOKUP(AL49,TEAMLIST,2),"")
C50: =IF(ISNUMBER(A50),VLOOKUP(A50,DATATABLE,2,0),"") | D50: =IF(ISNUMBER(A50),VLOOKUP(A50,DATATABLE,3,0),"") | H50: =IF(ISNUMBER(F50),VLOOKUP(F50,DATATABLE,2,0),"") | I50: =IF(ISNUMBER(F50),VLOOKUP(F50,DATATABLE,3,0),"") | M50: =IF(ISNUMBER(K50),VLOOKUP(K50,DATATABLE,2,0),"") | N50: =IF(ISNUMBER(K50),VLOOKUP(K50,DATATABLE,3,0),"") | R50: =IF(ISNUMBER(P50),VLOOKUP(P50,DATATABLE,2,0),"") | S50: =IF(ISNUMBER(P50),VLOOKUP(P50,DATATABLE,3,0),"") | W50: =IF(ISNUMBER(U50),VLOOKUP(U50,DATATABLE,2,0),"") | X50: =IF(ISNUMBER(U50),VLOOKUP(U50,DATATABLE,3,0),"") | AB50: =IF(ISNUMBER(Z50),VLOOKUP(Z50,DATATABLE,2,0),"") | AC50: =IF(ISNUMBER(Z50),VLOOKUP(Z50,DATATABLE,3,0),"") | AG50: =IF(ISNUMBER(AE50),VLOOKUP(AE50,DATATABLE,2,0),"") | AH50: =IF(ISNUMBER(AE50),VLOOKUP(AE50,DATATABLE,3,0),"") | AJ50: 46th | AM50: =IF(ISNUMBER(AK50),VLOOKUP(AL50,TEAMLIST,2),"")
C51: =IF(ISNUMBER(A51),VLOOKUP(A51,DATATABLE,2,0),"") | D51: =IF(ISNUMBER(A51),VLOOKUP(A51,DATATABLE,3,0),"") | H51: =IF(ISNUMBER(F51),VLOOKUP(F51,DATATABLE,2,0),"") | I51: =IF(ISNUMBER(F51),VLOOKUP(F51,DATATABLE,3,0),"") | M51: =IF(ISNUMBER(K51),VLOOKUP(K51,DATATABLE,2,0),"") | N51: =IF(ISNUMBER(K51),VLOOKUP(K51,DATATABLE,3,0),"") | R51: =IF(ISNUMBER(P51),VLOOKUP(P51,DATATABLE,2,0),"") | S51: =IF(ISNUMBER(P51),VLOOKUP(P51,DATATABLE,3,0),"") | W51: =IF(ISNUMBER(U51),VLOOKUP(U51,DATATABLE,2,0),"") | X51: =IF(ISNUMBER(U51),VLOOKUP(U51,DATATABLE,3,0),"") | AB51: =IF(ISNUMBER(Z51),VLOOKUP(Z51,DATATABLE,2,0),"") | AC51: =IF(ISNUMBER(Z51),VLOOKUP(Z51,DATATABLE,3,0),"") | AG51: =IF(ISNUMBER(AE51),VLOOKUP(AE51,DATATABLE,2,0),"") | AH51: =IF(ISNUMBER(AE51),VLOOKUP(AE51,DATATABLE,3,0),"") | AJ51: 47th | AM51: =IF(ISNUMBER(AK51),VLOOKUP(AL51,TEAMLIST,2),"")
C52: =IF(ISNUMBER(A52),VLOOKUP(A52,DATATABLE,2,0),"") | D52: =IF(ISNUMBER(A52),VLOOKUP(A52,DATATABLE,3,0),"") | H52: =IF(ISNUMBER(F52),VLOOKUP(F52,DATATABLE,2,0),"") | I52: =IF(ISNUMBER(F52),VLOOKUP(F52,DATATABLE,3,0),"") | M52: =IF(ISNUMBER(K52),VLOOKUP(K52,DATATABLE,2,0),"") | N52: =IF(ISNUMBER(K52),VLOOKUP(K52,DATATABLE,3,0),"") | R52: =IF(ISNUMBER(P52),VLOOKUP(P52,DATATABLE,2,0),"") | S52: =IF(ISNUMBER(P52),VLOOKUP(P52,DATATABLE,3,0),"") | W52: =IF(ISNUMBER(U52),VLOOKUP(U52,DATATABLE,2,0),"") | X52: =IF(ISNUMBER(U52),VLOOKUP(U52,DATATABLE,3,0),"") | AB52: =IF(ISNUMBER(Z52),VLOOKUP(Z52,DATATABLE,2,0),"") | AC52: =IF(ISNUMBER(Z52),VLOOKUP(Z52,DATATABLE,3,0),"") | AG52: =IF(ISNUMBER(AE52),VLOOKUP(AE52,DATATABLE,2,0),"") | AH52: =IF(ISNUMBER(AE52),VLOOKUP(AE52,DATATABLE,3,0),"") | AJ52: 48th | AM52: =IF(ISNUMBER(AK52),VLOOKUP(AL52,TEAMLIST,2),"")
C53: =IF(ISNUMBER(A53),VLOOKUP(A53,DATATABLE,2,0),"") | D53: =IF(ISNUMBER(A53),VLOOKUP(A53,DATATABLE,3,0),"") | H53: =IF(ISNUMBER(F53),VLOOKUP(F53,DATATABLE,2,0),"") | I53: =IF(ISNUMBER(F53),VLOOKUP(F53,DATATABLE,3,0),"") | M53: =IF(ISNUMBER(K53),VLOOKUP(K53,DATATABLE,2,0),"") | N53: =IF(ISNUMBER(K53),VLOOKUP(K53,DATATABLE,3,0),"") | R53: =IF(ISNUMBER(P53),VLOOKUP(P53,DATATABLE,2,0),"") | S53: =IF(ISNUMBER(P53),VLOOKUP(P53,DATATABLE,3,0),"") | W53: =IF(ISNUMBER(U53),VLOOKUP(U53,DATATABLE,2,0),"") | X53: =IF(ISNUMBER(U53),VLOOKUP(U53,DATATABLE,3,0),"") | AB53: =IF(ISNUMBER(Z53),VLOOKUP(Z53,DATATABLE,2,0),"") | AC53: =IF(ISNUMBER(Z53),VLOOKUP(Z53,DATATABLE,3,0),"") | AG53: =IF(ISNUMBER(AE53),VLOOKUP(AE53,DATATABLE,2,0),"") | AH53: =IF(ISNUMBER(AE53),VLOOKUP(AE53,DATATABLE,3,0),"") | AJ53: 49th | AM53: =IF(ISNUMBER(AK53),VLOOKUP(AL53,TEAMLIST,2),"")
C54: =IF(ISNUMBER(A54),VLOOKUP(A54,DATATABLE,2,0),"") | D54: =IF(ISNUMBER(A54),VLOOKUP(A54,DATATABLE,3,0),"") | H54: =IF(ISNUMBER(F54),VLOOKUP(F54,DATATABLE,2,0),"") | I54: =IF(ISNUMBER(F54),VLOOKUP(F54,DATATABLE,3,0),"") | M54: =IF(ISNUMBER(K54),VLOOKUP(K54,DATATABLE,2,0),"") | N54: =IF(ISNUMBER(K54),VLOOKUP(K54,DATATABLE,3,0),"") | R54: =IF(ISNUMBER(P54),VLOOKUP(P54,DATATABLE,2,0),"") | S54: =IF(ISNUMBER(P54),VLOOKUP(P54,DATATABLE,3,0),"") | W54: =IF(ISNUMBER(U54),VLOOKUP(U54,DATATABLE,2,0),"") | X54: =IF(ISNUMBER(U54),VLOOKUP(U54,DATATABLE,3,0),"") | AB54: =IF(ISNUMBER(Z54),VLOOKUP(Z54,DATATABLE,2,0),"") | AC54: =IF(ISNUMBER(Z54),VLOOKUP(Z54,DATATABLE,3,0),"") | AG54: =IF(ISNUMBER(AE54),VLOOKUP(AE54,DATATABLE,2,0),"") | AH54: =IF(ISNUMBER(AE54),VLOOKUP(AE54,DATATABLE,3,0),"") | AJ54: 50th | AM54: =IF(ISNUMBER(AK54),VLOOKUP(AL54,TEAMLIST,2),"")
C55: =IF(ISNUMBER(A55),VLOOKUP(A55,DATATABLE,2,0),"") | D55: =IF(ISNUMBER(A55),VLOOKUP(A55,DATATABLE,3,0),"") | H55: =IF(ISNUMBER(F55),VLOOKUP(F55,DATATABLE,2,0),"") | I55: =IF(ISNUMBER(F55),VLOOKUP(F55,DATATABLE,3,0),"") | M55: =IF(ISNUMBER(K55),VLOOKUP(K55,DATATABLE,2,0),"") | N55: =IF(ISNUMBER(K55),VLOOKUP(K55,DATATABLE,3,0),"") | R55: =IF(ISNUMBER(P55),VLOOKUP(P55,DATATABLE,2,0),"") | S55: =IF(ISNUMBER(P55),VLOOKUP(P55,DATATABLE,3,0),"") | W55: =IF(ISNUMBER(U55),VLOOKUP(U55,DATATABLE,2,0),"") | X55: =IF(ISNUMBER(U55),VLOOKUP(U55,DATATABLE,3,0),"") | AB55: =IF(ISNUMBER(Z55),VLOOKUP(Z55,DATATABLE,2,0),"") | AC55: =IF(ISNUMBER(Z55),VLOOKUP(Z55,DATATABLE,3,0),"") | AG55: =IF(ISNUMBER(AE55),VLOOKUP(AE55,DATATABLE,2,0),"") | AH55: =IF(ISNUMBER(AE55),VLOOKUP(AE55,DATATABLE,3,0),"") | AJ55: 51st | AM55: =IF(ISNUMBER(AK55),VLOOKUP(AL55,TEAMLIST,2),"")
... C63: =IF(ISNUMBER(A63),VLOOKUP(A63,DATATABLE,2,0),"") | D63: =IF(ISNUMBER(A63),VLOOKUP(A63,DATATABLE,3,0),"") | H63: =IF(ISNUMBER(F63),VLOOKUP(F63,DATATABLE,2,0),"") | I63: =IF(ISNUMBER(F63),VLOOKUP(F63,DATATABLE,3,0),"") | M63: =IF(ISNUMBER(K63),VLOOKUP(K63,DATATABLE,2,0),"") | N63: =IF(ISNUMBER(K63),VLOOKUP(K63,DATATABLE,3,0),"") | R63: =IF(ISNUMBER(P63),VLOOKUP(P63,DATATABLE,2,0),"") | S63: =IF(ISNUMBER(P63),VLOOKUP(P63,DATATABLE,3,0),"") | W63: =IF(ISNUMBER(U63),VLOOKUP(U63,DATATABLE,2,0),"") | X63: =IF(ISNUMBER(U63),VLOOKUP(U63,DATATABLE,3,0),"") | AB63: =IF(ISNUMBER(Z63),VLOOKUP(Z63,DATATABLE,2,0),"") | AC63: =IF(ISNUMBER(Z63),VLOOKUP(Z63,DATATABLE,3,0),"") | AG63: =IF(ISNUMBER(AE63),VLOOKUP(AE63,DATATABLE,2,0),"") | AH63: =IF(ISNUMBER(AE63),VLOOKUP(AE63,DATATABLE,3,0),"") | AJ63: 59th | AM63: =IF(ISNUMBER(AK63),VLOOKUP(AL63,TEAMLIST,2),"")
C64: =IF(ISNUMBER(A64),VLOOKUP(A64,DATATABLE,2,0),"") | D64: =IF(ISNUMBER(A64),VLOOKUP(A64,DATATABLE,3,0),"") | H64: =IF(ISNUMBER(F64),VLOOKUP(F64,DATATABLE,2,0),"") | I64: =IF(ISNUMBER(F64),VLOOKUP(F64,DATATABLE,3,0),"") | M64: =IF(ISNUMBER(K64),VLOOKUP(K64,DATATABLE,2,0),"") | N64: =IF(ISNUMBER(K64),VLOOKUP(K64,DATATABLE,3,0),"") | R64: =IF(ISNUMBER(P64),VLOOKUP(P64,DATATABLE,2,0),"") | S64: =IF(ISNUMBER(P64),VLOOKUP(P64,DATATABLE,3,0),"") | W64: =IF(ISNUMBER(U64),VLOOKUP(U64,DATATABLE,2,0),"") | X64: =IF(ISNUMBER(U64),VLOOKUP(U64,DATATABLE,3,0),"") | AB64: =IF(ISNUMBER(Z64),VLOOKUP(Z64,DATATABLE,2,0),"") | AC64: =IF(ISNUMBER(Z64),VLOOKUP(Z64,DATATABLE,3,0),"") | AG64: =IF(ISNUMBER(AE64),VLOOKUP(AE64,DATATABLE,2,0),"") | AH64: =IF(ISNUMBER(AE64),VLOOKUP(AE64,DATATABLE,3,0),"") | AJ64: 60th
C65: =IF(ISNUMBER(A65),VLOOKUP(A65,DATATABLE,2,0),"") | D65: =IF(ISNUMBER(A65),VLOOKUP(A65,DATATABLE,3,0),"") | H65: =IF(ISNUMBER(F65),VLOOKUP(F65,DATATABLE,2,0),"") | I65: =IF(ISNUMBER(F65),VLOOKUP(F65,DATATABLE,3,0),"") | M65: =IF(ISNUMBER(K65),VLOOKUP(K65,DATATABLE,2,0),"") | N65: =IF(ISNUMBER(K65),VLOOKUP(K65,DATATABLE,3,0),"") | R65: =IF(ISNUMBER(P65),VLOOKUP(P65,DATATABLE,2,0),"") | S65: =IF(ISNUMBER(P65),VLOOKUP(P65,DATATABLE,3,0),"") | W65: =IF(ISNUMBER(U65),VLOOKUP(U65,DATATABLE,2,0),"") | X65: =IF(ISNUMBER(U65),VLOOKUP(U65,DATATABLE,3,0),"") | AB65: =IF(ISNUMBER(Z65),VLOOKUP(Z65,DATATABLE,2,0),"") | AC65: =IF(ISNUMBER(Z65),VLOOKUP(Z65,DATATABLE,3,0),"") | AG65: =IF(ISNUMBER(AE65),VLOOKUP(AE65,DATATABLE,2,0),"") | AH65: =IF(ISNUMBER(AE65),VLOOKUP(AE65,DATATABLE,3,0),"")
C66: =IF(ISNUMBER(A66),VLOOKUP(A66,DATATABLE,2,0),"") | D66: =IF(ISNUMBER(A66),VLOOKUP(A66,DATATABLE,3,0),"") | H66: =IF(ISNUMBER(F66),VLOOKUP(F66,DATATABLE,2,0),"") | I66: =IF(ISNUMBER(F66),VLOOKUP(F66,DATATABLE,3,0),"") | M66: =IF(ISNUMBER(K66),VLOOKUP(K66,DATATABLE,2,0),"") | N66: =IF(ISNUMBER(K66),VLOOKUP(K66,DATATABLE,3,0),"") | R66: =IF(ISNUMBER(P66),VLOOKUP(P66,DATATABLE,2,0),"") | S66: =IF(ISNUMBER(P66),VLOOKUP(P66,DATATABLE,3,0),"") | W66: =IF(ISNUMBER(U66),VLOOKUP(U66,DATATABLE,2,0),"") | X66: =IF(ISNUMBER(U66),VLOOKUP(U66,DATATABLE,3,0),"") | AB66: =IF(ISNUMBER(Z66),VLOOKUP(Z66,DATATABLE,2,0),"") | AC66: =IF(ISNUMBER(Z66),VLOOKUP(Z66,DATATABLE,3,0),"") | AG66: =IF(ISNUMBER(AE66),VLOOKUP(AE66,DATATABLE,2,0),"") | AH66: =IF(ISNUMBER(AE66),VLOOKUP(AE66,DATATABLE,3,0),"")
C67: =IF(ISNUMBER(A67),VLOOKUP(A67,DATATABLE,2,0),"") | D67: =IF(ISNUMBER(A67),VLOOKUP(A67,DATATABLE,3,0),"") | H67: =IF(ISNUMBER(F67),VLOOKUP(F67,DATATABLE,2,0),"") | I67: =IF(ISNUMBER(F67),VLOOKUP(F67,DATATABLE,3,0),"") | M67: =IF(ISNUMBER(K67),VLOOKUP(K67,DATATABLE,2,0),"") | N67: =IF(ISNUMBER(K67),VLOOKUP(K67,DATATABLE,3,0),"") | R67: =IF(ISNUMBER(P67),VLOOKUP(P67,DATATABLE,2,0),"") | S67: =IF(ISNUMBER(P67),VLOOKUP(P67,DATATABLE,3,0),"") | W67: =IF(ISNUMBER(U67),VLOOKUP(U67,DATATABLE,2,0),"") | X67: =IF(ISNUMBER(U67),VLOOKUP(U67,DATATABLE,3,0),"") | AB67: =IF(ISNUMBER(Z67),VLOOKUP(Z67,DATATABLE,2,0),"") | AC67: =IF(ISNUMBER(Z67),VLOOKUP(Z67,DATATABLE,3,0),"") | AG67: =IF(ISNUMBER(AE67),VLOOKUP(AE67,DATATABLE,2,0),"") | AH67: =IF(ISNUMBER(AE67),VLOOKUP(AE67,DATATABLE,3,0),"")
C68: =IF(ISNUMBER(A68),VLOOKUP(A68,DATATABLE,2,0),"") | D68: =IF(ISNUMBER(A68),VLOOKUP(A68,DATATABLE,3,0),"") | H68: =IF(ISNUMBER(F68),VLOOKUP(F68,DATATABLE,2,0),"") | I68: =IF(ISNUMBER(F68),VLOOKUP(F68,DATATABLE,3,0),"") | M68: =IF(ISNUMBER(K68),VLOOKUP(K68,DATATABLE,2,0),"") | N68: =IF(ISNUMBER(K68),VLOOKUP(K68,DATATABLE,3,0),"") | R68: =IF(ISNUMBER(P68),VLOOKUP(P68,DATATABLE,2,0),"") | S68: =IF(ISNUMBER(P68),VLOOKUP(P68,DATATABLE,3,0),"") | W68: =IF(ISNUMBER(U68),VLOOKUP(U68,DATATABLE,2,0),"") | X68: =IF(ISNUMBER(U68),VLOOKUP(U68,DATATABLE,3,0),"") | AB68: =IF(ISNUMBER(Z68),VLOOKUP(Z68,DATATABLE,2,0),"") | AC68: =IF(ISNUMBER(Z68),VLOOKUP(Z68,DATATABLE,3,0),"") | AG68: =IF(ISNUMBER(AE68),VLOOKUP(AE68,DATATABLE,2,0),"") | AH68: =IF(ISNUMBER(AE68),VLOOKUP(AE68,DATATABLE,3,0),"")
C69: =IF(ISNUMBER(A69),VLOOKUP(A69,DATATABLE,2,0),"") | D69: =IF(ISNUMBER(A69),VLOOKUP(A69,DATATABLE,3,0),"") | H69: =IF(ISNUMBER(F69),VLOOKUP(F69,DATATABLE,2,0),"") | I69: =IF(ISNUMBER(F69),VLOOKUP(F69,DATATABLE,3,0),"") | M69: =IF(ISNUMBER(K69),VLOOKUP(K69,DATATABLE,2,0),"") | N69: =IF(ISNUMBER(K69),VLOOKUP(K69,DATATABLE,3,0),"") | R69: =IF(ISNUMBER(P69),VLOOKUP(P69,DATATABLE,2,0),"") | S69: =IF(ISNUMBER(P69),VLOOKUP(P69,DATATABLE,3,0),"") | W69: =IF(ISNUMBER(U69),VLOOKUP(U69,DATATABLE,2,0),"") | X69: =IF(ISNUMBER(U69),VLOOKUP(U69,DATATABLE,3,0),"") | AB69: =IF(ISNUMBER(Z69),VLOOKUP(Z69,DATATABLE,2,0),"") | AC69: =IF(ISNUMBER(Z69),VLOOKUP(Z69,DATATABLE,3,0),"") | AG69: =IF(ISNUMBER(AE69),VLOOKUP(AE69,DATATABLE,2,0),"") | AH69: =IF(ISNUMBER(AE69),VLOOKUP(AE69,DATATABLE,3,0),"")
C70: =IF(ISNUMBER(A70),VLOOKUP(A70,DATATABLE,2,0),"") | D70: =IF(ISNUMBER(A70),VLOOKUP(A70,DATATABLE,3,0),"") | H70: =IF(ISNUMBER(F70),VLOOKUP(F70,DATATABLE,2,0),"") | I70: =IF(ISNUMBER(F70),VLOOKUP(F70,DATATABLE,3,0),"") | M70: =IF(ISNUMBER(K70),VLOOKUP(K70,DATATABLE,2,0),"") | N70: =IF(ISNUMBER(K70),VLOOKUP(K70,DATATABLE,3,0),"") | R70: =IF(ISNUMBER(P70),VLOOKUP(P70,DATATABLE,2,0),"") | S70: =IF(ISNUMBER(P70),VLOOKUP(P70,DATATABLE,3,0),"") | W70: =IF(ISNUMBER(U70),VLOOKUP(U70,DATATABLE,2,0),"") | X70: =IF(ISNUMBER(U70),VLOOKUP(U70,DATATABLE,3,0),"") | AB70: =IF(ISNUMBER(Z70),VLOOKUP(Z70,DATATABLE,2,0),"") | AC70: =IF(ISNUMBER(Z70),VLOOKUP(Z70,DATATABLE,3,0),"") | AG70: =IF(ISNUMBER(AE70),VLOOKUP(AE70,DATATABLE,2,0),"") | AH70: =IF(ISNUMBER(AE70),VLOOKUP(AE70,DATATABLE,3,0),"")
C71: =IF(ISNUMBER(A71),VLOOKUP(A71,DATATABLE,2,0),"") | D71: =IF(ISNUMBER(A71),VLOOKUP(A71,DATATABLE,3,0),"") | H71: =IF(ISNUMBER(F71),VLOOKUP(F71,DATATABLE,2,0),"") | I71: =IF(ISNUMBER(F71),VLOOKUP(F71,DATATABLE,3,0),"") | M71: =IF(ISNUMBER(K71),VLOOKUP(K71,DATATABLE,2,0),"") | N71: =IF(ISNUMBER(K71),VLOOKUP(K71,DATATABLE,3,0),"") | R71: =IF(ISNUMBER(P71),VLOOKUP(P71,DATATABLE,2,0),"") | S71: =IF(ISNUMBER(P71),VLOOKUP(P71,DATATABLE,3,0),"") | W71: =IF(ISNUMBER(U71),VLOOKUP(U71,DATATABLE,2,0),"") | X71: =IF(ISNUMBER(U71),VLOOKUP(U71,DATATABLE,3,0),"") | AB71: =IF(ISNUMBER(Z71),VLOOKUP(Z71,DATATABLE,2,0),"") | AC71: =IF(ISNUMBER(Z71),VLOOKUP(Z71,DATATABLE,3,0),"") | AG71: =IF(ISNUMBER(AE71),VLOOKUP(AE71,DATATABLE,2,0),"") | AH71: =IF(ISNUMBER(AE71),VLOOKUP(AE71,DATATABLE,3,0),"")
C72: =IF(ISNUMBER(A72),VLOOKUP(A72,DATATABLE,2,0),"") | D72: =IF(ISNUMBER(A72),VLOOKUP(A72,DATATABLE,3,0),"") | H72: =IF(ISNUMBER(F72),VLOOKUP(F72,DATATABLE,2,0),"") | I72: =IF(ISNUMBER(F72),VLOOKUP(F72,DATATABLE,3,0),"") | M72: =IF(ISNUMBER(K72),VLOOKUP(K72,DATATABLE,2,0),"") | N72: =IF(ISNUMBER(K72),VLOOKUP(K72,DATATABLE,3,0),"") | R72: =IF(ISNUMBER(P72),VLOOKUP(P72,DATATABLE,2,0),"") | S72: =IF(ISNUMBER(P72),VLOOKUP(P72,DATATABLE,3,0),"") | W72: =IF(ISNUMBER(U72),VLOOKUP(U72,DATATABLE,2,0),"") | X72: =IF(ISNUMBER(U72),VLOOKUP(U72,DATATABLE,3,0),"") | AB72: =IF(ISNUMBER(Z72),VLOOKUP(Z72,DATATABLE,2,0),"") | AC72: =IF(ISNUMBER(Z72),VLOOKUP(Z72,DATATABLE,3,0),"") | AG72: =IF(ISNUMBER(AE72),VLOOKUP(AE72,DATATABLE,2,0),"") | AH72: =IF(ISNUMBER(AE72),VLOOKUP(AE72,DATATABLE,3,0),"")
C73: =IF(ISNUMBER(A73),VLOOKUP(A73,DATATABLE,2,0),"") | D73: =IF(ISNUMBER(A73),VLOOKUP(A73,DATATABLE,3,0),"") | H73: =IF(ISNUMBER(F73),VLOOKUP(F73,DATATABLE,2,0),"") | I73: =IF(ISNUMBER(F73),VLOOKUP(F73,DATATABLE,3,0),"") | M73: =IF(ISNUMBER(K73),VLOOKUP(K73,DATATABLE,2,0),"") | N73: =IF(ISNUMBER(K73),VLOOKUP(K73,DATATABLE,3,0),"") | R73: =IF(ISNUMBER(P73),VLOOKUP(P73,DATATABLE,2,0),"") | S73: =IF(ISNUMBER(P73),VLOOKUP(P73,DATATABLE,3,0),"") | W73: =IF(ISNUMBER(U73),VLOOKUP(U73,DATATABLE,2,0),"") | X73: =IF(ISNUMBER(U73),VLOOKUP(U73,DATATABLE,3,0),"") | AB73: =IF(ISNUMBER(Z73),VLOOKUP(Z73,DATATABLE,2,0),"") | AC73: =IF(ISNUMBER(Z73),VLOOKUP(Z73,DATATABLE,3,0),"") | AG73: =IF(ISNUMBER(AE73),VLOOKUP(AE73,DATATABLE,2,0),"") | AH73: =IF(ISNUMBER(AE73),VLOOKUP(AE73,DATATABLE,3,0),"")
C74: =IF(ISNUMBER(A74),VLOOKUP(A74,DATATABLE,2,0),"") | D74: =IF(ISNUMBER(A74),VLOOKUP(A74,DATATABLE,3,0),"") | H74: =IF(ISNUMBER(F74),VLOOKUP(F74,DATATABLE,2,0),"") | I74: =IF(ISNUMBER(F74),VLOOKUP(F74,DATATABLE,3,0),"") | M74: =IF(ISNUMBER(K74),VLOOKUP(K74,DATATABLE,2,0),"") | N74: =IF(ISNUMBER(K74),VLOOKUP(K74,DATATABLE,3,0),"") | R74: =IF(ISNUMBER(P74),VLOOKUP(P74,DATATABLE,2,0),"") | S74: =IF(ISNUMBER(P74),VLOOKUP(P74,DATATABLE,3,0),"") | W74: =IF(ISNUMBER(U74),VLOOKUP(U74,DATATABLE,2,0),"") | X74: =IF(ISNUMBER(U74),VLOOKUP(U74,DATATABLE,3,0),"") | AB74: =IF(ISNUMBER(Z74),VLOOKUP(Z74,DATATABLE,2,0),"") | AC74: =IF(ISNUMBER(Z74),VLOOKUP(Z74,DATATABLE,3,0),"") | AG74: =IF(ISNUMBER(AE74),VLOOKUP(AE74,DATATABLE,2,0),"") | AH74: =IF(ISNUMBER(AE74),VLOOKUP(AE74,DATATABLE,3,0),"")
C75: =IF(ISNUMBER(A75),VLOOKUP(A75,DATATABLE,2,0),"") | D75: =IF(ISNUMBER(A75),VLOOKUP(A75,DATATABLE,3,0),"") | H75: =IF(ISNUMBER(F75),VLOOKUP(F75,DATATABLE,2,0),"") | I75: =IF(ISNUMBER(F75),VLOOKUP(F75,DATATABLE,3,0),"") | M75: =IF(ISNUMBER(K75),VLOOKUP(K75,DATATABLE,2,0),"") | N75: =IF(ISNUMBER(K75),VLOOKUP(K75,DATATABLE,3,0),"") | R75: =IF(ISNUMBER(P75),VLOOKUP(P75,DATATABLE,2,0),"") | S75: =IF(ISNUMBER(P75),VLOOKUP(P75,DATATABLE,3,0),"") | W75: =IF(ISNUMBER(U75),VLOOKUP(U75,DATATABLE,2,0),"") | X75: =IF(ISNUMBER(U75),VLOOKUP(U75,DATATABLE,3,0),"") | AB75: =IF(ISNUMBER(Z75),VLOOKUP(Z75,DATATABLE,2,0),"") | AC75: =IF(ISNUMBER(Z75),VLOOKUP(Z75,DATATABLE,3,0),"") | AG75: =IF(ISNUMBER(AE75),VLOOKUP(AE75,DATATABLE,2,0),"") | AH75: =IF(ISNUMBER(AE75),VLOOKUP(AE75,DATATABLE,3,0),"")
C76: =IF(ISNUMBER(A76),VLOOKUP(A76,DATATABLE,2,0),"") | D76: =IF(ISNUMBER(A76),VLOOKUP(A76,DATATABLE,3,0),"") | H76: =IF(ISNUMBER(F76),VLOOKUP(F76,DATATABLE,2,0),"") | I76: =IF(ISNUMBER(F76),VLOOKUP(F76,DATATABLE,3,0),"") | M76: =IF(ISNUMBER(K76),VLOOKUP(K76,DATATABLE,2,0),"") | N76: =IF(ISNUMBER(K76),VLOOKUP(K76,DATATABLE,3,0),"") | R76: =IF(ISNUMBER(P76),VLOOKUP(P76,DATATABLE,2,0),"") | S76: =IF(ISNUMBER(P76),VLOOKUP(P76,DATATABLE,3,0),"") | W76: =IF(ISNUMBER(U76),VLOOKUP(U76,DATATABLE,2,0),"") | X76: =IF(ISNUMBER(U76),VLOOKUP(U76,DATATABLE,3,0),"") | AB76: =IF(ISNUMBER(Z76),VLOOKUP(Z76,DATATABLE,2,0),"") | AC76: =IF(ISNUMBER(Z76),VLOOKUP(Z76,DATATABLE,3,0),"") | AG76: =IF(ISNUMBER(AE76),VLOOKUP(AE76,DATATABLE,2,0),"") | AH76: =IF(ISNUMBER(AE76),VLOOKUP(AE76,DATATABLE,3,0),"")
... C308: =IF(ISNUMBER(A308),VLOOKUP(A308,DATATABLE,2,0),"") | D308: =IF(ISNUMBER(A308),VLOOKUP(A308,DATATABLE,3,0),"") | H308: =IF(ISNUMBER(F308),VLOOKUP(F308,DATATABLE,2,0),"") | I308: =IF(ISNUMBER(F308),VLOOKUP(F308,DATATABLE,3,0),"") | M308: =IF(ISNUMBER(K308),VLOOKUP(K308,DATATABLE,2,0),"") | N308: =IF(ISNUMBER(K308),VLOOKUP(K308,DATATABLE,3,0),"") | R308: =IF(ISNUMBER(P308),VLOOKUP(P308,DATATABLE,2,0),"") | S308: =IF(ISNUMBER(P308),VLOOKUP(P308,DATATABLE,3,0),"") | W308: =IF(ISNUMBER(U308),VLOOKUP(U308,DATATABLE,2,0),"") | X308: =IF(ISNUMBER(U308),VLOOKUP(U308,DATATABLE,3,0),"") | AB308: =IF(ISNUMBER(Z308),VLOOKUP(Z308,DATATABLE,2,0),"") | AC308: =IF(ISNUMBER(Z308),VLOOKUP(Z308,DATATABLE,3,0),"") | AG308: =IF(ISNUMBER(AE308),VLOOKUP(AE308,DATATABLE,2,0),"") | AH308: =IF(ISNUMBER(AE308),VLOOKUP(AE308,DATATABLE,3,0),"")

Sheet 700
A1: BIOLOGY | F1: CHEMISTRY | K1: COMPUTATIONAL SCIENCE | P1: ENGINEERING GRAPHICS | U1: ENGLISH | Z1: MATHEMATICS | AE1: PHYSICS | AK1: TEAM RESULTS
A2: DIVISION | B2: 700 | F2: DIVISION | G2: 700 | K2: DIVISION | L2: 700 | P2: DIVISION | Q2: 700 | U2: DIVISION | V2: 700 | Z2: DIVISION | AA2: 700 | AE2: DIVISION | AF2: 700 | AK2: Row Labels | AL2: Sum of Row Labels
A3: EXAMCODE | B3: 1 | F3: EXAMCODE | G3: 2 | K3: EXAMCODE | L3: 3 | P3: EXAMCODE | Q3: 4 | U3: EXAMCODE | V3: 5 | Z3: EXAMCODE | AA3: 6 | AE3: EXAMCODE | AF3: 7 | AL3: 0 | AM3: =IF(AND(AL3>0,AL3<600),VLOOKUP(AL3,TEAMLIST,2,0),"")
A4: CATEGORY | B4: (Multiple Items) | F4: CATEGORY | G4: (Multiple Items) | K4: CATEGORY | L4: (Multiple Items) | P4: CATEGORY | Q4: (Multiple Items) | U4: CATEGORY | V4: (Multiple Items) | Z4: CATEGORY | AA4: (Multiple Items) | AE4: CATEGORY | AF4: (Multiple Items) | AJ4: 1st | AM4: =IF(AND(AL4>0,AL4<600),VLOOKUP(AL4,TEAMLIST,2,0),"")
AJ5: 2nd | AM5: =VLOOKUP(AL5,TEAMLIST,2,0) -> #N/A
A6: Row Labels | B6: Sum of SCORE | F6: Row Labels | G6: Sum of SCORE | K6: Row Labels | L6: Sum of SCORE | P6: Row Labels | Q6: Sum of SCORE | U6: Row Labels | V6: Sum of SCORE | Z6: Row Labels | AA6: Sum of SCORE | AE6: Row Labels | AF6: Sum of SCORE | AJ6: 3rd | AM6: =IF(AL6<>0,VLOOKUP(AL6,TEAMLIST,2,0),"")
C7: =IF(ISNUMBER(A7),VLOOKUP(A7,DATATABLE,2,0),"") | D7: =IF(ISNUMBER(A7),VLOOKUP(A7,DATATABLE,3,0),"") | H7: =IF(ISNUMBER(F7),VLOOKUP(F7,DATATABLE,2,0),"") | I7: =IF(ISNUMBER(F7),VLOOKUP(F7,DATATABLE,3,0),"") | M7: =IF(ISNUMBER(K7),VLOOKUP(K7,DATATABLE,2,0),"") | N7: =IF(ISNUMBER(K7),VLOOKUP(K7,DATATABLE,3,0),"") | R7: =IF(ISNUMBER(P7),VLOOKUP(P7,DATATABLE,2,0),"") | S7: =IF(ISNUMBER(P7),VLOOKUP(P7,DATATABLE,3,0),"") | W7: =IF(ISNUMBER(U7),VLOOKUP(U7,DATATABLE,2,0),"") | X7: =IF(ISNUMBER(U7),VLOOKUP(U7,DATATABLE,3,0),"") | AB7: =IF(ISNUMBER(Z7),VLOOKUP(Z7,DATATABLE,2,0),"") | AC7: =IF(ISNUMBER(Z7),VLOOKUP(Z7,DATATABLE,3,0),"") | AG7: =IF(ISNUMBER(AE7),VLOOKUP(AE7,DATATABLE,2,0),"") | AH7: =IF(ISNUMBER(AE7),VLOOKUP(AE7,DATATABLE,3,0),"") | AJ7: 4th | AM7: =IF(AL7<>0,VLOOKUP(AL7,TEAMLIST,2,0),"")
C8: =IF(ISNUMBER(A8),VLOOKUP(A8,DATATABLE,2,0),"") | D8: =IF(ISNUMBER(A8),VLOOKUP(A8,DATATABLE,3,0),"") | H8: =IF(ISNUMBER(F8),VLOOKUP(F8,DATATABLE,2,0),"") | I8: =IF(ISNUMBER(F8),VLOOKUP(F8,DATATABLE,3,0),"") | M8: =IF(ISNUMBER(K8),VLOOKUP(K8,DATATABLE,2,0),"") | N8: =IF(ISNUMBER(K8),VLOOKUP(K8,DATATABLE,3,0),"") | R8: =IF(ISNUMBER(P8),VLOOKUP(P8,DATATABLE,2,0),"") | S8: =IF(ISNUMBER(P8),VLOOKUP(P8,DATATABLE,3,0),"") | W8: =IF(ISNUMBER(U8),VLOOKUP(U8,DATATABLE,2,0),"") | X8: =IF(ISNUMBER(U8),VLOOKUP(U8,DATATABLE,3,0),"") | AB8: =IF(ISNUMBER(Z8),VLOOKUP(Z8,DATATABLE,2,0),"") | AC8: =IF(ISNUMBER(Z8),VLOOKUP(Z8,DATATABLE,3,0),"") | AG8: =IF(ISNUMBER(AE8),VLOOKUP(AE8,DATATABLE,2,0),"") | AH8: =IF(ISNUMBER(AE8),VLOOKUP(AE8,DATATABLE,3,0),"") | AJ8: 5th | AM8: =IF(AND(AL8>0,AL8<600),VLOOKUP(AL8,TEAMLIST,2,0),"")
C9: =IF(ISNUMBER(A9),VLOOKUP(A9,DATATABLE,2,0),"") | D9: =IF(ISNUMBER(A9),VLOOKUP(A9,DATATABLE,3,0),"") | H9: =IF(ISNUMBER(F9),VLOOKUP(F9,DATATABLE,2,0),"") | I9: =IF(ISNUMBER(F9),VLOOKUP(F9,DATATABLE,3,0),"") | M9: =IF(ISNUMBER(K9),VLOOKUP(K9,DATATABLE,2,0),"") | N9: =IF(ISNUMBER(K9),VLOOKUP(K9,DATATABLE,3,0),"") | R9: =IF(ISNUMBER(P9),VLOOKUP(P9,DATATABLE,2,0),"") | S9: =IF(ISNUMBER(P9),VLOOKUP(P9,DATATABLE,3,0),"") | W9: =IF(ISNUMBER(U9),VLOOKUP(U9,DATATABLE,2,0),"") | X9: =IF(ISNUMBER(U9),VLOOKUP(U9,DATATABLE,3,0),"") | AB9: =IF(ISNUMBER(Z9),VLOOKUP(Z9,DATATABLE,2,0),"") | AC9: =IF(ISNUMBER(Z9),VLOOKUP(Z9,DATATABLE,3,0),"") | AG9: =IF(ISNUMBER(AE9),VLOOKUP(AE9,DATATABLE,2,0),"") | AH9: =IF(ISNUMBER(AE9),VLOOKUP(AE9,DATATABLE,3,0),"") | AJ9: 6th | AM9: =IF(AND(AL9>0,AL9<600),VLOOKUP(AL9,TEAMLIST,2,0),"")
C10: =IF(ISNUMBER(A10),VLOOKUP(A10,DATATABLE,2,0),"") | D10: =IF(ISNUMBER(A10),VLOOKUP(A10,DATATABLE,3,0),"") | H10: =IF(ISNUMBER(F10),VLOOKUP(F10,DATATABLE,2,0),"") | I10: =IF(ISNUMBER(F10),VLOOKUP(F10,DATATABLE,3,0),"") | M10: =IF(ISNUMBER(K10),VLOOKUP(K10,DATATABLE,2,0),"") | N10: =IF(ISNUMBER(K10),VLOOKUP(K10,DATATABLE,3,0),"") | R10: =IF(ISNUMBER(P10),VLOOKUP(P10,DATATABLE,2,0),"") | S10: =IF(ISNUMBER(P10),VLOOKUP(P10,DATATABLE,3,0),"") | W10: =IF(ISNUMBER(U10),VLOOKUP(U10,DATATABLE,2,0),"") | X10: =IF(ISNUMBER(U10),VLOOKUP(U10,DATATABLE,3,0),"") | AB10: =IF(ISNUMBER(Z10),VLOOKUP(Z10,DATATABLE,2,0),"") | AC10: =IF(ISNUMBER(Z10),VLOOKUP(Z10,DATATABLE,3,0),"") | AG10: =IF(ISNUMBER(AE10),VLOOKUP(AE10,DATATABLE,2,0),"") | AH10: =IF(ISNUMBER(AE10),VLOOKUP(AE10,DATATABLE,3,0),"") | AJ10: 7th | AM10: =IF(AND(AL10>0,AL10<600),VLOOKUP(AL10,TEAMLIST,2,0),"")
C11: =IF(ISNUMBER(A11),VLOOKUP(A11,DATATABLE,2,0),"") | D11: =IF(ISNUMBER(A11),VLOOKUP(A11,DATATABLE,3,0),"") | H11: =IF(ISNUMBER(F11),VLOOKUP(F11,DATATABLE,2,0),"") | I11: =IF(ISNUMBER(F11),VLOOKUP(F11,DATATABLE,3,0),"") | M11: =IF(ISNUMBER(K11),VLOOKUP(K11,DATATABLE,2,0),"") | N11: =IF(ISNUMBER(K11),VLOOKUP(K11,DATATABLE,3,0),"") | R11: =IF(ISNUMBER(P11),VLOOKUP(P11,DATATABLE,2,0),"") | S11: =IF(ISNUMBER(P11),VLOOKUP(P11,DATATABLE,3,0),"") | W11: =IF(ISNUMBER(U11),VLOOKUP(U11,DATATABLE,2,0),"") | X11: =IF(ISNUMBER(U11),VLOOKUP(U11,DATATABLE,3,0),"") | AB11: =IF(ISNUMBER(Z11),VLOOKUP(Z11,DATATABLE,2,0),"") | AC11: =IF(ISNUMBER(Z11),VLOOKUP(Z11,DATATABLE,3,0),"") | AG11: =IF(ISNUMBER(AE11),VLOOKUP(AE11,DATATABLE,2,0),"") | AH11: =IF(ISNUMBER(AE11),VLOOKUP(AE11,DATATABLE,3,0),"") | AJ11: 8th | AM11: =IF(AND(AL11>0,AL11<600),VLOOKUP(AL11,TEAMLIST,2,0),"")
C12: =IF(ISNUMBER(A12),VLOOKUP(A12,DATATABLE,2,0),"") | D12: =IF(ISNUMBER(A12),VLOOKUP(A12,DATATABLE,3,0),"") | H12: =IF(ISNUMBER(F12),VLOOKUP(F12,DATATABLE,2,0),"") | I12: =IF(ISNUMBER(F12),VLOOKUP(F12,DATATABLE,3,0),"") | M12: =IF(ISNUMBER(K12),VLOOKUP(K12,DATATABLE,2,0),"") | N12: =IF(ISNUMBER(K12),VLOOKUP(K12,DATATABLE,3,0),"") | R12: =IF(ISNUMBER(P12),VLOOKUP(P12,DATATABLE,2,0),"") | S12: =IF(ISNUMBER(P12),VLOOKUP(P12,DATATABLE,3,0),"") | W12: =IF(ISNUMBER(U12),VLOOKUP(U12,DATATABLE,2,0),"") | X12: =IF(ISNUMBER(U12),VLOOKUP(U12,DATATABLE,3,0),"") | AB12: =IF(ISNUMBER(Z12),VLOOKUP(Z12,DATATABLE,2,0),"") | AC12: =IF(ISNUMBER(Z12),VLOOKUP(Z12,DATATABLE,3,0),"") | AG12: =IF(ISNUMBER(AE12),VLOOKUP(AE12,DATATABLE,2,0),"") | AH12: =IF(ISNUMBER(AE12),VLOOKUP(AE12,DATATABLE,3,0),"") | AJ12: 9th | AM12: =IF(AND(AL12>0,AL12<600),VLOOKUP(AL12,TEAMLIST,2,0),"")
C13: =IF(ISNUMBER(A13),VLOOKUP(A13,DATATABLE,2,0),"") | D13: =IF(ISNUMBER(A13),VLOOKUP(A13,DATATABLE,3,0),"") | H13: =IF(ISNUMBER(F13),VLOOKUP(F13,DATATABLE,2,0),"") | I13: =IF(ISNUMBER(F13),VLOOKUP(F13,DATATABLE,3,0),"") | M13: =IF(ISNUMBER(K13),VLOOKUP(K13,DATATABLE,2,0),"") | N13: =IF(ISNUMBER(K13),VLOOKUP(K13,DATATABLE,3,0),"") | R13: =IF(ISNUMBER(P13),VLOOKUP(P13,DATATABLE,2,0),"") | S13: =IF(ISNUMBER(P13),VLOOKUP(P13,DATATABLE,3,0),"") | W13: =IF(ISNUMBER(U13),VLOOKUP(U13,DATATABLE,2,0),"") | X13: =IF(ISNUMBER(U13),VLOOKUP(U13,DATATABLE,3,0),"") | AB13: =IF(ISNUMBER(Z13),VLOOKUP(Z13,DATATABLE,2,0),"") | AC13: =IF(ISNUMBER(Z13),VLOOKUP(Z13,DATATABLE,3,0),"") | AG13: =IF(ISNUMBER(AE13),VLOOKUP(AE13,DATATABLE,2,0),"") | AH13: =IF(ISNUMBER(AE13),VLOOKUP(AE13,DATATABLE,3,0),"") | AJ13: 10th | AM13: =IF(AND(AL13>0,AL13<600),VLOOKUP(AL13,TEAMLIST,2,0),"")
C14: =IF(ISNUMBER(A14),VLOOKUP(A14,DATATABLE,2,0),"") | D14: =IF(ISNUMBER(A14),VLOOKUP(A14,DATATABLE,3,0),"") | H14: =IF(ISNUMBER(F14),VLOOKUP(F14,DATATABLE,2,0),"") | I14: =IF(ISNUMBER(F14),VLOOKUP(F14,DATATABLE,3,0),"") | M14: =IF(ISNUMBER(K14),VLOOKUP(K14,DATATABLE,2,0),"") | N14: =IF(ISNUMBER(K14),VLOOKUP(K14,DATATABLE,3,0),"") | R14: =IF(ISNUMBER(P14),VLOOKUP(P14,DATATABLE,2,0),"") | S14: =IF(ISNUMBER(P14),VLOOKUP(P14,DATATABLE,3,0),"") | W14: =IF(ISNUMBER(U14),VLOOKUP(U14,DATATABLE,2,0),"") | X14: =IF(ISNUMBER(U14),VLOOKUP(U14,DATATABLE,3,0),"") | AB14: =IF(ISNUMBER(Z14),VLOOKUP(Z14,DATATABLE,2,0),"") | AC14: =IF(ISNUMBER(Z14),VLOOKUP(Z14,DATATABLE,3,0),"") | AG14: =IF(ISNUMBER(AE14),VLOOKUP(AE14,DATATABLE,2,0),"") | AH14: =IF(ISNUMBER(AE14),VLOOKUP(AE14,DATATABLE,3,0),"") | AJ14: 11th | AM14: =IF(AND(AL14>0,AL14<600),VLOOKUP(AL14,TEAMLIST,2,0),"")
C15: =IF(ISNUMBER(A15),VLOOKUP(A15,DATATABLE,2,0),"") | D15: =IF(ISNUMBER(A15),VLOOKUP(A15,DATATABLE,3,0),"") | H15: =IF(ISNUMBER(F15),VLOOKUP(F15,DATATABLE,2,0),"") | I15: =IF(ISNUMBER(F15),VLOOKUP(F15,DATATABLE,3,0),"") | M15: =IF(ISNUMBER(K15),VLOOKUP(K15,DATATABLE,2,0),"") | N15: =IF(ISNUMBER(K15),VLOOKUP(K15,DATATABLE,3,0),"") | R15: =IF(ISNUMBER(P15),VLOOKUP(P15,DATATABLE,2,0),"") | S15: =IF(ISNUMBER(P15),VLOOKUP(P15,DATATABLE,3,0),"") | W15: =IF(ISNUMBER(U15),VLOOKUP(U15,DATATABLE,2,0),"") | X15: =IF(ISNUMBER(U15),VLOOKUP(U15,DATATABLE,3,0),"") | AB15: =IF(ISNUMBER(Z15),VLOOKUP(Z15,DATATABLE,2,0),"") | AC15: =IF(ISNUMBER(Z15),VLOOKUP(Z15,DATATABLE,3,0),"") | AG15: =IF(ISNUMBER(AE15),VLOOKUP(AE15,DATATABLE,2,0),"") | AH15: =IF(ISNUMBER(AE15),VLOOKUP(AE15,DATATABLE,3,0),"") | AJ15: 12th | AM15: =IF(AND(AL15>0,AL15<600),VLOOKUP(AL15,TEAMLIST,2,0),"")
C16: =IF(ISNUMBER(A16),VLOOKUP(A16,DATATABLE,2,0),"") | D16: =IF(ISNUMBER(A16),VLOOKUP(A16,DATATABLE,3,0),"") | H16: =IF(ISNUMBER(F16),VLOOKUP(F16,DATATABLE,2,0),"") | I16: =IF(ISNUMBER(F16),VLOOKUP(F16,DATATABLE,3,0),"") | M16: =IF(ISNUMBER(K16),VLOOKUP(K16,DATATABLE,2,0),"") | N16: =IF(ISNUMBER(K16),VLOOKUP(K16,DATATABLE,3,0),"") | R16: =IF(ISNUMBER(P16),VLOOKUP(P16,DATATABLE,2,0),"") | S16: =IF(ISNUMBER(P16),VLOOKUP(P16,DATATABLE,3,0),"") | W16: =IF(ISNUMBER(U16),VLOOKUP(U16,DATATABLE,2,0),"") | X16: =IF(ISNUMBER(U16),VLOOKUP(U16,DATATABLE,3,0),"") | AB16: =IF(ISNUMBER(Z16),VLOOKUP(Z16,DATATABLE,2,0),"") | AC16: =IF(ISNUMBER(Z16),VLOOKUP(Z16,DATATABLE,3,0),"") | AG16: =IF(ISNUMBER(AE16),VLOOKUP(AE16,DATATABLE,2,0),"") | AH16: =IF(ISNUMBER(AE16),VLOOKUP(AE16,DATATABLE,3,0),"") | AJ16: 13th | AM16: =IF(AND(AL16>0,AL16<600),VLOOKUP(AL16,TEAMLIST,2,0),"")
C17: =IF(ISNUMBER(A17),VLOOKUP(A17,DATATABLE,2,0),"") | D17: =IF(ISNUMBER(A17),VLOOKUP(A17,DATATABLE,3,0),"") | H17: =IF(ISNUMBER(F17),VLOOKUP(F17,DATATABLE,2,0),"") | I17: =IF(ISNUMBER(F17),VLOOKUP(F17,DATATABLE,3,0),"") | M17: =IF(ISNUMBER(K17),VLOOKUP(K17,DATATABLE,2,0),"") | N17: =IF(ISNUMBER(K17),VLOOKUP(K17,DATATABLE,3,0),"") | R17: =IF(ISNUMBER(P17),VLOOKUP(P17,DATATABLE,2,0),"") | S17: =IF(ISNUMBER(P17),VLOOKUP(P17,DATATABLE,3,0),"") | W17: =IF(ISNUMBER(U17),VLOOKUP(U17,DATATABLE,2,0),"") | X17: =IF(ISNUMBER(U17),VLOOKUP(U17,DATATABLE,3,0),"") | AB17: =IF(ISNUMBER(Z17),VLOOKUP(Z17,DATATABLE,2,0),"") | AC17: =IF(ISNUMBER(Z17),VLOOKUP(Z17,DATATABLE,3,0),"") | AG17: =IF(ISNUMBER(AE17),VLOOKUP(AE17,DATATABLE,2,0),"") | AH17: =IF(ISNUMBER(AE17),VLOOKUP(AE17,DATATABLE,3,0),"") | AJ17: 14th | AM17: =IF(AND(AL17>0,AL17<600),VLOOKUP(AL17,TEAMLIST,2,0),"")
C18: =IF(ISNUMBER(A18),VLOOKUP(A18,DATATABLE,2,0),"") | D18: =IF(ISNUMBER(A18),VLOOKUP(A18,DATATABLE,3,0),"") | H18: =IF(ISNUMBER(F18),VLOOKUP(F18,DATATABLE,2,0),"") | I18: =IF(ISNUMBER(F18),VLOOKUP(F18,DATATABLE,3,0),"") | M18: =IF(ISNUMBER(K18),VLOOKUP(K18,DATATABLE,2,0),"") | N18: =IF(ISNUMBER(K18),VLOOKUP(K18,DATATABLE,3,0),"") | R18: =IF(ISNUMBER(P18),VLOOKUP(P18,DATATABLE,2,0),"") | S18: =IF(ISNUMBER(P18),VLOOKUP(P18,DATATABLE,3,0),"") | W18: =IF(ISNUMBER(U18),VLOOKUP(U18,DATATABLE,2,0),"") | X18: =IF(ISNUMBER(U18),VLOOKUP(U18,DATATABLE,3,0),"") | AB18: =IF(ISNUMBER(Z18),VLOOKUP(Z18,DATATABLE,2,0),"") | AC18: =IF(ISNUMBER(Z18),VLOOKUP(Z18,DATATABLE,3,0),"") | AG18: =IF(ISNUMBER(AE18),VLOOKUP(AE18,DATATABLE,2,0),"") | AH18: =IF(ISNUMBER(AE18),VLOOKUP(AE18,DATATABLE,3,0),"") | AJ18: 15th | AM18: =IF(AND(AL18>0,AL18<600),VLOOKUP(AL18,TEAMLIST,2,0),"")
C19: =IF(ISNUMBER(A19),VLOOKUP(A19,DATATABLE,2,0),"") | D19: =IF(ISNUMBER(A19),VLOOKUP(A19,DATATABLE,3,0),"") | H19: =IF(ISNUMBER(F19),VLOOKUP(F19,DATATABLE,2,0),"") | I19: =IF(ISNUMBER(F19),VLOOKUP(F19,DATATABLE,3,0),"") | M19: =IF(ISNUMBER(K19),VLOOKUP(K19,DATATABLE,2,0),"") | N19: =IF(ISNUMBER(K19),VLOOKUP(K19,DATATABLE,3,0),"") | R19: =IF(ISNUMBER(P19),VLOOKUP(P19,DATATABLE,2,0),"") | S19: =IF(ISNUMBER(P19),VLOOKUP(P19,DATATABLE,3,0),"") | W19: =IF(ISNUMBER(U19),VLOOKUP(U19,DATATABLE,2,0),"") | X19: =IF(ISNUMBER(U19),VLOOKUP(U19,DATATABLE,3,0),"") | AB19: =IF(ISNUMBER(Z19),VLOOKUP(Z19,DATATABLE,2,0),"") | AC19: =IF(ISNUMBER(Z19),VLOOKUP(Z19,DATATABLE,3,0),"") | AG19: =IF(ISNUMBER(AE19),VLOOKUP(AE19,DATATABLE,2,0),"") | AH19: =IF(ISNUMBER(AE19),VLOOKUP(AE19,DATATABLE,3,0),"") | AJ19: 16th | AM19: =IF(AND(AL19>0,AL19<600),VLOOKUP(AL19,TEAMLIST,2,0),"")
... C63: =IF(ISNUMBER(A63),VLOOKUP(A63,DATATABLE,2,0),"") | D63: =IF(ISNUMBER(A63),VLOOKUP(A63,DATATABLE,3,0),"") | H63: =IF(ISNUMBER(F63),VLOOKUP(F63,DATATABLE,2,0),"") | I63: =IF(ISNUMBER(F63),VLOOKUP(F63,DATATABLE,3,0),"") | M63: =IF(ISNUMBER(K63),VLOOKUP(K63,DATATABLE,2,0),"") | N63: =IF(ISNUMBER(K63),VLOOKUP(K63,DATATABLE,3,0),"") | R63: =IF(ISNUMBER(P63),VLOOKUP(P63,DATATABLE,2,0),"") | S63: =IF(ISNUMBER(P63),VLOOKUP(P63,DATATABLE,3,0),"") | W63: =IF(ISNUMBER(U63),VLOOKUP(U63,DATATABLE,2,0),"") | X63: =IF(ISNUMBER(U63),VLOOKUP(U63,DATATABLE,3,0),"") | AB63: =IF(ISNUMBER(Z63),VLOOKUP(Z63,DATATABLE,2,0),"") | AC63: =IF(ISNUMBER(Z63),VLOOKUP(Z63,DATATABLE,3,0),"") | AG63: =IF(ISNUMBER(AE63),VLOOKUP(AE63,DATATABLE,2,0),"") | AH63: =IF(ISNUMBER(AE63),VLOOKUP(AE63,DATATABLE,3,0),"") | AJ63: 60th | AM63: =IF(AND(AL63>0,AL63<600),VLOOKUP(AL63,TEAMLIST,2,0),"")
C64: =IF(ISNUMBER(A64),VLOOKUP(A64,DATATABLE,2,0),"") | D64: =IF(ISNUMBER(A64),VLOOKUP(A64,DATATABLE,3,0),"") | H64: =IF(ISNUMBER(F64),VLOOKUP(F64,DATATABLE,2,0),"") | I64: =IF(ISNUMBER(F64),VLOOKUP(F64,DATATABLE,3,0),"") | M64: =IF(ISNUMBER(K64),VLOOKUP(K64,DATATABLE,2,0),"") | N64: =IF(ISNUMBER(K64),VLOOKUP(K64,DATATABLE,3,0),"") | R64: =IF(ISNUMBER(P64),VLOOKUP(P64,DATATABLE,2,0),"") | S64: =IF(ISNUMBER(P64),VLOOKUP(P64,DATATABLE,3,0),"") | W64: =IF(ISNUMBER(U64),VLOOKUP(U64,DATATABLE,2,0),"") | X64: =IF(ISNUMBER(U64),VLOOKUP(U64,DATATABLE,3,0),"") | AB64: =IF(ISNUMBER(Z64),VLOOKUP(Z64,DATATABLE,2,0),"") | AC64: =IF(ISNUMBER(Z64),VLOOKUP(Z64,DATATABLE,3,0),"") | AG64: =IF(ISNUMBER(AE64),VLOOKUP(AE64,DATATABLE,2,0),"") | AH64: =IF(ISNUMBER(AE64),VLOOKUP(AE64,DATATABLE,3,0),"") | AM64: =IF(AND(AL64>0,AL64<600),VLOOKUP(AL64,TEAMLIST,2,0),"")
C65: =IF(ISNUMBER(A65),VLOOKUP(A65,DATATABLE,2,0),"") | D65: =IF(ISNUMBER(A65),VLOOKUP(A65,DATATABLE,3,0),"") | H65: =IF(ISNUMBER(F65),VLOOKUP(F65,DATATABLE,2,0),"") | I65: =IF(ISNUMBER(F65),VLOOKUP(F65,DATATABLE,3,0),"") | M65: =IF(ISNUMBER(K65),VLOOKUP(K65,DATATABLE,2,0),"") | N65: =IF(ISNUMBER(K65),VLOOKUP(K65,DATATABLE,3,0),"") | R65: =IF(ISNUMBER(P65),VLOOKUP(P65,DATATABLE,2,0),"") | S65: =IF(ISNUMBER(P65),VLOOKUP(P65,DATATABLE,3,0),"") | W65: =IF(ISNUMBER(U65),VLOOKUP(U65,DATATABLE,2,0),"") | X65: =IF(ISNUMBER(U65),VLOOKUP(U65,DATATABLE,3,0),"") | AB65: =IF(ISNUMBER(Z65),VLOOKUP(Z65,DATATABLE,2,0),"") | AC65: =IF(ISNUMBER(Z65),VLOOKUP(Z65,DATATABLE,3,0),"") | AG65: =IF(ISNUMBER(AE65),VLOOKUP(AE65,DATATABLE,2,0),"") | AH65: =IF(ISNUMBER(AE65),VLOOKUP(AE65,DATATABLE,3,0),"") | AM65: =IF(AND(AL65>0,AL65<600),VLOOKUP(AL65,TEAMLIST,2,0),"")
C66: =IF(ISNUMBER(A66),VLOOKUP(A66,DATATABLE,2,0),"") | D66: =IF(ISNUMBER(A66),VLOOKUP(A66,DATATABLE,3,0),"") | H66: =IF(ISNUMBER(F66),VLOOKUP(F66,DATATABLE,2,0),"") | I66: =IF(ISNUMBER(F66),VLOOKUP(F66,DATATABLE,3,0),"") | M66: =IF(ISNUMBER(K66),VLOOKUP(K66,DATATABLE,2,0),"") | N66: =IF(ISNUMBER(K66),VLOOKUP(K66,DATATABLE,3,0),"") | R66: =IF(ISNUMBER(P66),VLOOKUP(P66,DATATABLE,2,0),"") | S66: =IF(ISNUMBER(P66),VLOOKUP(P66,DATATABLE,3,0),"") | W66: =IF(ISNUMBER(U66),VLOOKUP(U66,DATATABLE,2,0),"") | X66: =IF(ISNUMBER(U66),VLOOKUP(U66,DATATABLE,3,0),"") | AB66: =IF(ISNUMBER(Z66),VLOOKUP(Z66,DATATABLE,2,0),"") | AC66: =IF(ISNUMBER(Z66),VLOOKUP(Z66,DATATABLE,3,0),"") | AG66: =IF(ISNUMBER(AE66),VLOOKUP(AE66,DATATABLE,2,0),"") | AH66: =IF(ISNUMBER(AE66),VLOOKUP(AE66,DATATABLE,3,0),"") | AM66: =IF(AND(AL66>0,AL66<600),VLOOKUP(AL66,TEAMLIST,2,0),"")
C67: =IF(ISNUMBER(A67),VLOOKUP(A67,DATATABLE,2,0),"") | D67: =IF(ISNUMBER(A67),VLOOKUP(A67,DATATABLE,3,0),"") | H67: =IF(ISNUMBER(F67),VLOOKUP(F67,DATATABLE,2,0),"") | I67: =IF(ISNUMBER(F67),VLOOKUP(F67,DATATABLE,3,0),"") | M67: =IF(ISNUMBER(K67),VLOOKUP(K67,DATATABLE,2,0),"") | N67: =IF(ISNUMBER(K67),VLOOKUP(K67,DATATABLE,3,0),"") | R67: =IF(ISNUMBER(P67),VLOOKUP(P67,DATATABLE,2,0),"") | S67: =IF(ISNUMBER(P67),VLOOKUP(P67,DATATABLE,3,0),"") | W67: =IF(ISNUMBER(U67),VLOOKUP(U67,DATATABLE,2,0),"") | X67: =IF(ISNUMBER(U67),VLOOKUP(U67,DATATABLE,3,0),"") | AB67: =IF(ISNUMBER(Z67),VLOOKUP(Z67,DATATABLE,2,0),"") | AC67: =IF(ISNUMBER(Z67),VLOOKUP(Z67,DATATABLE,3,0),"") | AG67: =IF(ISNUMBER(AE67),VLOOKUP(AE67,DATATABLE,2,0),"") | AH67: =IF(ISNUMBER(AE67),VLOOKUP(AE67,DATATABLE,3,0),"") | AM67: =IF(AND(AL67>0,AL67<600),VLOOKUP(AL67,TEAMLIST,2,0),"")
C68: =IF(ISNUMBER(A68),VLOOKUP(A68,DATATABLE,2,0),"") | D68: =IF(ISNUMBER(A68),VLOOKUP(A68,DATATABLE,3,0),"") | H68: =IF(ISNUMBER(F68),VLOOKUP(F68,DATATABLE,2,0),"") | I68: =IF(ISNUMBER(F68),VLOOKUP(F68,DATATABLE,3,0),"") | M68: =IF(ISNUMBER(K68),VLOOKUP(K68,DATATABLE,2,0),"") | N68: =IF(ISNUMBER(K68),VLOOKUP(K68,DATATABLE,3,0),"") | R68: =IF(ISNUMBER(P68),VLOOKUP(P68,DATATABLE,2,0),"") | S68: =IF(ISNUMBER(P68),VLOOKUP(P68,DATATABLE,3,0),"") | W68: =IF(ISNUMBER(U68),VLOOKUP(U68,DATATABLE,2,0),"") | X68: =IF(ISNUMBER(U68),VLOOKUP(U68,DATATABLE,3,0),"") | AB68: =IF(ISNUMBER(Z68),VLOOKUP(Z68,DATATABLE,2,0),"") | AC68: =IF(ISNUMBER(Z68),VLOOKUP(Z68,DATATABLE,3,0),"") | AG68: =IF(ISNUMBER(AE68),VLOOKUP(AE68,DATATABLE,2,0),"") | AH68: =IF(ISNUMBER(AE68),VLOOKUP(AE68,DATATABLE,3,0),"") | AM68: =IF(AND(AL68>0,AL68<600),VLOOKUP(AL68,TEAMLIST,2,0),"")
C69: =IF(ISNUMBER(A69),VLOOKUP(A69,DATATABLE,2,0),"") | D69: =IF(ISNUMBER(A69),VLOOKUP(A69,DATATABLE,3,0),"") | H69: =IF(ISNUMBER(F69),VLOOKUP(F69,DATATABLE,2,0),"") | I69: =IF(ISNUMBER(F69),VLOOKUP(F69,DATATABLE,3,0),"") | M69: =IF(ISNUMBER(K69),VLOOKUP(K69,DATATABLE,2,0),"") | N69: =IF(ISNUMBER(K69),VLOOKUP(K69,DATATABLE,3,0),"") | R69: =IF(ISNUMBER(P69),VLOOKUP(P69,DATATABLE,2,0),"") | S69: =IF(ISNUMBER(P69),VLOOKUP(P69,DATATABLE,3,0),"") | W69: =IF(ISNUMBER(U69),VLOOKUP(U69,DATATABLE,2,0),"") | X69: =IF(ISNUMBER(U69),VLOOKUP(U69,DATATABLE,3,0),"") | AB69: =IF(ISNUMBER(Z69),VLOOKUP(Z69,DATATABLE,2,0),"") | AC69: =IF(ISNUMBER(Z69),VLOOKUP(Z69,DATATABLE,3,0),"") | AG69: =IF(ISNUMBER(AE69),VLOOKUP(AE69,DATATABLE,2,0),"") | AH69: =IF(ISNUMBER(AE69),VLOOKUP(AE69,DATATABLE,3,0),"") | AM69: =IF(AND(AL69>0,AL69<600),VLOOKUP(AL69,TEAMLIST,2,0),"")
C70: =IF(ISNUMBER(A70),VLOOKUP(A70,DATATABLE,2,0),"") | D70: =IF(ISNUMBER(A70),VLOOKUP(A70,DATATABLE,3,0),"") | H70: =IF(ISNUMBER(F70),VLOOKUP(F70,DATATABLE,2,0),"") | I70: =IF(ISNUMBER(F70),VLOOKUP(F70,DATATABLE,3,0),"") | M70: =IF(ISNUMBER(K70),VLOOKUP(K70,DATATABLE,2,0),"") | N70: =IF(ISNUMBER(K70),VLOOKUP(K70,DATATABLE,3,0),"") | R70: =IF(ISNUMBER(P70),VLOOKUP(P70,DATATABLE,2,0),"") | S70: =IF(ISNUMBER(P70),VLOOKUP(P70,DATATABLE,3,0),"") | W70: =IF(ISNUMBER(U70),VLOOKUP(U70,DATATABLE,2,0),"") | X70: =IF(ISNUMBER(U70),VLOOKUP(U70,DATATABLE,3,0),"") | AB70: =IF(ISNUMBER(Z70),VLOOKUP(Z70,DATATABLE,2,0),"") | AC70: =IF(ISNUMBER(Z70),VLOOKUP(Z70,DATATABLE,3,0),"") | AG70: =IF(ISNUMBER(AE70),VLOOKUP(AE70,DATATABLE,2,0),"") | AH70: =IF(ISNUMBER(AE70),VLOOKUP(AE70,DATATABLE,3,0),"") | AM70: =IF(AND(AL70>0,AL70<600),VLOOKUP(AL70,TEAMLIST,2,0),"")
C71: =IF(ISNUMBER(A71),VLOOKUP(A71,DATATABLE,2,0),"") | D71: =IF(ISNUMBER(A71),VLOOKUP(A71,DATATABLE,3,0),"") | H71: =IF(ISNUMBER(F71),VLOOKUP(F71,DATATABLE,2,0),"") | I71: =IF(ISNUMBER(F71),VLOOKUP(F71,DATATABLE,3,0),"") | M71: =IF(ISNUMBER(K71),VLOOKUP(K71,DATATABLE,2,0),"") | N71: =IF(ISNUMBER(K71),VLOOKUP(K71,DATATABLE,3,0),"") | R71: =IF(ISNUMBER(P71),VLOOKUP(P71,DATATABLE,2,0),"") | S71: =IF(ISNUMBER(P71),VLOOKUP(P71,DATATABLE,3,0),"") | W71: =IF(ISNUMBER(U71),VLOOKUP(U71,DATATABLE,2,0),"") | X71: =IF(ISNUMBER(U71),VLOOKUP(U71,DATATABLE,3,0),"") | AB71: =IF(ISNUMBER(Z71),VLOOKUP(Z71,DATATABLE,2,0),"") | AC71: =IF(ISNUMBER(Z71),VLOOKUP(Z71,DATATABLE,3,0),"") | AG71: =IF(ISNUMBER(AE71),VLOOKUP(AE71,DATATABLE,2,0),"") | AH71: =IF(ISNUMBER(AE71),VLOOKUP(AE71,DATATABLE,3,0),"") | AM71: =IF(AND(AL71>0,AL71<600),VLOOKUP(AL71,TEAMLIST,2,0),"")
C72: =IF(ISNUMBER(A72),VLOOKUP(A72,DATATABLE,2,0),"") | D72: =IF(ISNUMBER(A72),VLOOKUP(A72,DATATABLE,3,0),"") | H72: =IF(ISNUMBER(F72),VLOOKUP(F72,DATATABLE,2,0),"") | I72: =IF(ISNUMBER(F72),VLOOKUP(F72,DATATABLE,3,0),"") | M72: =IF(ISNUMBER(K72),VLOOKUP(K72,DATATABLE,2,0),"") | N72: =IF(ISNUMBER(K72),VLOOKUP(K72,DATATABLE,3,0),"") | R72: =IF(ISNUMBER(P72),VLOOKUP(P72,DATATABLE,2,0),"") | S72: =IF(ISNUMBER(P72),VLOOKUP(P72,DATATABLE,3,0),"") | W72: =IF(ISNUMBER(U72),VLOOKUP(U72,DATATABLE,2,0),"") | X72: =IF(ISNUMBER(U72),VLOOKUP(U72,DATATABLE,3,0),"") | AB72: =IF(ISNUMBER(Z72),VLOOKUP(Z72,DATATABLE,2,0),"") | AC72: =IF(ISNUMBER(Z72),VLOOKUP(Z72,DATATABLE,3,0),"") | AG72: =IF(ISNUMBER(AE72),VLOOKUP(AE72,DATATABLE,2,0),"") | AH72: =IF(ISNUMBER(AE72),VLOOKUP(AE72,DATATABLE,3,0),"") | AM72: =IF(AND(AL72>0,AL72<600),VLOOKUP(AL72,TEAMLIST,2,0),"")
C73: =IF(ISNUMBER(A73),VLOOKUP(A73,DATATABLE,2,0),"") | D73: =IF(ISNUMBER(A73),VLOOKUP(A73,DATATABLE,3,0),"") | H73: =IF(ISNUMBER(F73),VLOOKUP(F73,DATATABLE,2,0),"") | I73: =IF(ISNUMBER(F73),VLOOKUP(F73,DATATABLE,3,0),"") | M73: =IF(ISNUMBER(K73),VLOOKUP(K73,DATATABLE,2,0),"") | N73: =IF(ISNUMBER(K73),VLOOKUP(K73,DATATABLE,3,0),"") | R73: =IF(ISNUMBER(P73),VLOOKUP(P73,DATATABLE,2,0),"") | S73: =IF(ISNUMBER(P73),VLOOKUP(P73,DATATABLE,3,0),"") | W73: =IF(ISNUMBER(U73),VLOOKUP(U73,DATATABLE,2,0),"") | X73: =IF(ISNUMBER(U73),VLOOKUP(U73,DATATABLE,3,0),"") | AB73: =IF(ISNUMBER(Z73),VLOOKUP(Z73,DATATABLE,2,0),"") | AC73: =IF(ISNUMBER(Z73),VLOOKUP(Z73,DATATABLE,3,0),"") | AG73: =IF(ISNUMBER(AE73),VLOOKUP(AE73,DATATABLE,2,0),"") | AH73: =IF(ISNUMBER(AE73),VLOOKUP(AE73,DATATABLE,3,0),"") | AM73: =IF(AND(AL73>0,AL73<600),VLOOKUP(AL73,TEAMLIST,2,0),"")
C74: =IF(ISNUMBER(A74),VLOOKUP(A74,DATATABLE,2,0),"") | D74: =IF(ISNUMBER(A74),VLOOKUP(A74,DATATABLE,3,0),"") | H74: =IF(ISNUMBER(F74),VLOOKUP(F74,DATATABLE,2,0),"") | I74: =IF(ISNUMBER(F74),VLOOKUP(F74,DATATABLE,3,0),"") | M74: =IF(ISNUMBER(K74),VLOOKUP(K74,DATATABLE,2,0),"") | N74: =IF(ISNUMBER(K74),VLOOKUP(K74,DATATABLE,3,0),"") | R74: =IF(ISNUMBER(P74),VLOOKUP(P74,DATATABLE,2,0),"") | S74: =IF(ISNUMBER(P74),VLOOKUP(P74,DATATABLE,3,0),"") | W74: =IF(ISNUMBER(U74),VLOOKUP(U74,DATATABLE,2,0),"") | X74: =IF(ISNUMBER(U74),VLOOKUP(U74,DATATABLE,3,0),"") | AB74: =IF(ISNUMBER(Z74),VLOOKUP(Z74,DATATABLE,2,0),"") | AC74: =IF(ISNUMBER(Z74),VLOOKUP(Z74,DATATABLE,3,0),"") | AG74: =IF(ISNUMBER(AE74),VLOOKUP(AE74,DATATABLE,2,0),"") | AH74: =IF(ISNUMBER(AE74),VLOOKUP(AE74,DATATABLE,3,0),"") | AM74: =IF(AND(AL74>0,AL74<600),VLOOKUP(AL74,TEAMLIST,2,0),"")
C75: =IF(ISNUMBER(A75),VLOOKUP(A75,DATATABLE,2,0),"") | D75: =IF(ISNUMBER(A75),VLOOKUP(A75,DATATABLE,3,0),"") | H75: =IF(ISNUMBER(F75),VLOOKUP(F75,DATATABLE,2,0),"") | I75: =IF(ISNUMBER(F75),VLOOKUP(F75,DATATABLE,3,0),"") | M75: =IF(ISNUMBER(K75),VLOOKUP(K75,DATATABLE,2,0),"") | N75: =IF(ISNUMBER(K75),VLOOKUP(K75,DATATABLE,3,0),"") | R75: =IF(ISNUMBER(P75),VLOOKUP(P75,DATATABLE,2,0),"") | S75: =IF(ISNUMBER(P75),VLOOKUP(P75,DATATABLE,3,0),"") | W75: =IF(ISNUMBER(U75),VLOOKUP(U75,DATATABLE,2,0),"") | X75: =IF(ISNUMBER(U75),VLOOKUP(U75,DATATABLE,3,0),"") | AB75: =IF(ISNUMBER(Z75),VLOOKUP(Z75,DATATABLE,2,0),"") | AC75: =IF(ISNUMBER(Z75),VLOOKUP(Z75,DATATABLE,3,0),"") | AG75: =IF(ISNUMBER(AE75),VLOOKUP(AE75,DATATABLE,2,0),"") | AH75: =IF(ISNUMBER(AE75),VLOOKUP(AE75,DATATABLE,3,0),"") | AM75: =IF(AND(AL75>0,AL75<600),VLOOKUP(AL75,TEAMLIST,2,0),"")
C76: =IF(ISNUMBER(A76),VLOOKUP(A76,DATATABLE,2,0),"") | D76: =IF(ISNUMBER(A76),VLOOKUP(A76,DATATABLE,3,0),"") | H76: =IF(ISNUMBER(F76),VLOOKUP(F76,DATATABLE,2,0),"") | I76: =IF(ISNUMBER(F76),VLOOKUP(F76,DATATABLE,3,0),"") | M76: =IF(ISNUMBER(K76),VLOOKUP(K76,DATATABLE,2,0),"") | N76: =IF(ISNUMBER(K76),VLOOKUP(K76,DATATABLE,3,0),"") | R76: =IF(ISNUMBER(P76),VLOOKUP(P76,DATATABLE,2,0),"") | S76: =IF(ISNUMBER(P76),VLOOKUP(P76,DATATABLE,3,0),"") | W76: =IF(ISNUMBER(U76),VLOOKUP(U76,DATATABLE,2,0),"") | X76: =IF(ISNUMBER(U76),VLOOKUP(U76,DATATABLE,3,0),"") | AB76: =IF(ISNUMBER(Z76),VLOOKUP(Z76,DATATABLE,2,0),"") | AC76: =IF(ISNUMBER(Z76),VLOOKUP(Z76,DATATABLE,3,0),"") | AG76: =IF(ISNUMBER(AE76),VLOOKUP(AE76,DATATABLE,2,0),"") | AH76: =IF(ISNUMBER(AE76),VLOOKUP(AE76,DATATABLE,3,0),"")
C77: =IF(ISNUMBER(A77),VLOOKUP(A77,DATATABLE,2,0),"") | D77: =IF(ISNUMBER(A77),VLOOKUP(A77,DATATABLE,3,0),"") | H77: =IF(ISNUMBER(F77),VLOOKUP(F77,DATATABLE,2,0),"") | I77: =IF(ISNUMBER(F77),VLOOKUP(F77,DATATABLE,3,0),"") | M77: =IF(ISNUMBER(K77),VLOOKUP(K77,DATATABLE,2,0),"") | N77: =IF(ISNUMBER(K77),VLOOKUP(K77,DATATABLE,3,0),"") | R77: =IF(ISNUMBER(P77),VLOOKUP(P77,DATATABLE,2,0),"") | S77: =IF(ISNUMBER(P77),VLOOKUP(P77,DATATABLE,3,0),"") | W77: =IF(ISNUMBER(U77),VLOOKUP(U77,DATATABLE,2,0),"") | X77: =IF(ISNUMBER(U77),VLOOKUP(U77,DATATABLE,3,0),"") | AB77: =IF(ISNUMBER(Z77),VLOOKUP(Z77,DATATABLE,2,0),"") | AC77: =IF(ISNUMBER(Z77),VLOOKUP(Z77,DATATABLE,3,0),"") | AG77: =IF(ISNUMBER(AE77),VLOOKUP(AE77,DATATABLE,2,0),"") | AH77: =IF(ISNUMBER(AE77),VLOOKUP(AE77,DATATABLE,3,0),"")
C78: =IF(ISNUMBER(A78),VLOOKUP(A78,DATATABLE,2,0),"") | D78: =IF(ISNUMBER(A78),VLOOKUP(A78,DATATABLE,3,0),"") | H78: =IF(ISNUMBER(F78),VLOOKUP(F78,DATATABLE,2,0),"") | I78: =IF(ISNUMBER(F78),VLOOKUP(F78,DATATABLE,3,0),"") | M78: =IF(ISNUMBER(K78),VLOOKUP(K78,DATATABLE,2,0),"") | N78: =IF(ISNUMBER(K78),VLOOKUP(K78,DATATABLE,3,0),"") | R78: =IF(ISNUMBER(P78),VLOOKUP(P78,DATATABLE,2,0),"") | S78: =IF(ISNUMBER(P78),VLOOKUP(P78,DATATABLE,3,0),"") | W78: =IF(ISNUMBER(U78),VLOOKUP(U78,DATATABLE,2,0),"") | X78: =IF(ISNUMBER(U78),VLOOKUP(U78,DATATABLE,3,0),"") | AB78: =IF(ISNUMBER(Z78),VLOOKUP(Z78,DATATABLE,2,0),"") | AC78: =IF(ISNUMBER(Z78),VLOOKUP(Z78,DATATABLE,3,0),"") | AG78: =IF(ISNUMBER(AE78),VLOOKUP(AE78,DATATABLE,2,0),"") | AH78: =IF(ISNUMBER(AE78),VLOOKUP(AE78,DATATABLE,3,0),"")
C79: =IF(ISNUMBER(A79),VLOOKUP(A79,DATATABLE,2,0),"") | D79: =IF(ISNUMBER(A79),VLOOKUP(A79,DATATABLE,3,0),"") | H79: =IF(ISNUMBER(F79),VLOOKUP(F79,DATATABLE,2,0),"") | I79: =IF(ISNUMBER(F79),VLOOKUP(F79,DATATABLE,3,0),"") | M79: =IF(ISNUMBER(K79),VLOOKUP(K79,DATATABLE,2,0),"") | N79: =IF(ISNUMBER(K79),VLOOKUP(K79,DATATABLE,3,0),"") | R79: =IF(ISNUMBER(P79),VLOOKUP(P79,DATATABLE,2,0),"") | S79: =IF(ISNUMBER(P79),VLOOKUP(P79,DATATABLE,3,0),"") | W79: =IF(ISNUMBER(U79),VLOOKUP(U79,DATATABLE,2,0),"") | X79: =IF(ISNUMBER(U79),VLOOKUP(U79,DATATABLE,3,0),"") | AB79: =IF(ISNUMBER(Z79),VLOOKUP(Z79,DATATABLE,2,0),"") | AC79: =IF(ISNUMBER(Z79),VLOOKUP(Z79,DATATABLE,3,0),"") | AG79: =IF(ISNUMBER(AE79),VLOOKUP(AE79,DATATABLE,2,0),"") | AH79: =IF(ISNUMBER(AE79),VLOOKUP(AE79,DATATABLE,3,0),"")
C80: =IF(ISNUMBER(A80),VLOOKUP(A80,DATATABLE,2,0),"") | D80: =IF(ISNUMBER(A80),VLOOKUP(A80,DATATABLE,3,0),"") | H80: =IF(ISNUMBER(F80),VLOOKUP(F80,DATATABLE,2,0),"") | I80: =IF(ISNUMBER(F80),VLOOKUP(F80,DATATABLE,3,0),"") | M80: =IF(ISNUMBER(K80),VLOOKUP(K80,DATATABLE,2,0),"") | N80: =IF(ISNUMBER(K80),VLOOKUP(K80,DATATABLE,3,0),"") | R80: =IF(ISNUMBER(P80),VLOOKUP(P80,DATATABLE,2,0),"") | S80: =IF(ISNUMBER(P80),VLOOKUP(P80,DATATABLE,3,0),"") | W80: =IF(ISNUMBER(U80),VLOOKUP(U80,DATATABLE,2,0),"") | X80: =IF(ISNUMBER(U80),VLOOKUP(U80,DATATABLE,3,0),"") | AB80: =IF(ISNUMBER(Z80),VLOOKUP(Z80,DATATABLE,2,0),"") | AC80: =IF(ISNUMBER(Z80),VLOOKUP(Z80,DATATABLE,3,0),"") | AG80: =IF(ISNUMBER(AE80),VLOOKUP(AE80,DATATABLE,2,0),"") | AH80: =IF(ISNUMBER(AE80),VLOOKUP(AE80,DATATABLE,3,0),"")
C81: =IF(ISNUMBER(A81),VLOOKUP(A81,DATATABLE,2,0),"") | D81: =IF(ISNUMBER(A81),VLOOKUP(A81,DATATABLE,3,0),"") | H81: =IF(ISNUMBER(F81),VLOOKUP(F81,DATATABLE,2,0),"") | I81: =IF(ISNUMBER(F81),VLOOKUP(F81,DATATABLE,3,0),"") | M81: =IF(ISNUMBER(K81),VLOOKUP(K81,DATATABLE,2,0),"") | N81: =IF(ISNUMBER(K81),VLOOKUP(K81,DATATABLE,3,0),"") | R81: =IF(ISNUMBER(P81),VLOOKUP(P81,DATATABLE,2,0),"") | S81: =IF(ISNUMBER(P81),VLOOKUP(P81,DATATABLE,3,0),"") | W81: =IF(ISNUMBER(U81),VLOOKUP(U81,DATATABLE,2,0),"") | X81: =IF(ISNUMBER(U81),VLOOKUP(U81,DATATABLE,3,0),"") | AB81: =IF(ISNUMBER(Z81),VLOOKUP(Z81,DATATABLE,2,0),"") | AC81: =IF(ISNUMBER(Z81),VLOOKUP(Z81,DATATABLE,3,0),"") | AG81: =IF(ISNUMBER(AE81),VLOOKUP(AE81,DATATABLE,2,0),"") | AH81: =IF(ISNUMBER(AE81),VLOOKUP(AE81,DATATABLE,3,0),"")
C82: =IF(ISNUMBER(A82),VLOOKUP(A82,DATATABLE,2,0),"") | D82: =IF(ISNUMBER(A82),VLOOKUP(A82,DATATABLE,3,0),"") | H82: =IF(ISNUMBER(F82),VLOOKUP(F82,DATATABLE,2,0),"") | I82: =IF(ISNUMBER(F82),VLOOKUP(F82,DATATABLE,3,0),"") | M82: =IF(ISNUMBER(K82),VLOOKUP(K82,DATATABLE,2,0),"") | N82: =IF(ISNUMBER(K82),VLOOKUP(K82,DATATABLE,3,0),"") | R82: =IF(ISNUMBER(P82),VLOOKUP(P82,DATATABLE,2,0),"") | S82: =IF(ISNUMBER(P82),VLOOKUP(P82,DATATABLE,3,0),"") | W82: =IF(ISNUMBER(U82),VLOOKUP(U82,DATATABLE,2,0),"") | X82: =IF(ISNUMBER(U82),VLOOKUP(U82,DATATABLE,3,0),"") | AB82: =IF(ISNUMBER(Z82),VLOOKUP(Z82,DATATABLE,2,0),"") | AC82: =IF(ISNUMBER(Z82),VLOOKUP(Z82,DATATABLE,3,0),"") | AG82: =IF(ISNUMBER(AE82),VLOOKUP(AE82,DATATABLE,2,0),"") | AH82: =IF(ISNUMBER(AE82),VLOOKUP(AE82,DATATABLE,3,0),"")
C83: =IF(ISNUMBER(A83),VLOOKUP(A83,DATATABLE,2,0),"") | D83: =IF(ISNUMBER(A83),VLOOKUP(A83,DATATABLE,3,0),"") | H83: =IF(ISNUMBER(F83),VLOOKUP(F83,DATATABLE,2,0),"") | I83: =IF(ISNUMBER(F83),VLOOKUP(F83,DATATABLE,3,0),"") | M83: =IF(ISNUMBER(K83),VLOOKUP(K83,DATATABLE,2,0),"") | N83: =IF(ISNUMBER(K83),VLOOKUP(K83,DATATABLE,3,0),"") | R83: =IF(ISNUMBER(P83),VLOOKUP(P83,DATATABLE,2,0),"") | S83: =IF(ISNUMBER(P83),VLOOKUP(P83,DATATABLE,3,0),"") | W83: =IF(ISNUMBER(U83),VLOOKUP(U83,DATATABLE,2,0),"") | X83: =IF(ISNUMBER(U83),VLOOKUP(U83,DATATABLE,3,0),"") | AB83: =IF(ISNUMBER(Z83),VLOOKUP(Z83,DATATABLE,2,0),"") | AC83: =IF(ISNUMBER(Z83),VLOOKUP(Z83,DATATABLE,3,0),"") | AG83: =IF(ISNUMBER(AE83),VLOOKUP(AE83,DATATABLE,2,0),"") | AH83: =IF(ISNUMBER(AE83),VLOOKUP(AE83,DATATABLE,3,0),"")
C84: =IF(ISNUMBER(A84),VLOOKUP(A84,DATATABLE,2,0),"") | D84: =IF(ISNUMBER(A84),VLOOKUP(A84,DATATABLE,3,0),"") | H84: =IF(ISNUMBER(F84),VLOOKUP(F84,DATATABLE,2,0),"") | I84: =IF(ISNUMBER(F84),VLOOKUP(F84,DATATABLE,3,0),"") | M84: =IF(ISNUMBER(K84),VLOOKUP(K84,DATATABLE,2,0),"") | N84: =IF(ISNUMBER(K84),VLOOKUP(K84,DATATABLE,3,0),"") | R84: =IF(ISNUMBER(P84),VLOOKUP(P84,DATATABLE,2,0),"") | S84: =IF(ISNUMBER(P84),VLOOKUP(P84,DATATABLE,3,0),"") | W84: =IF(ISNUMBER(U84),VLOOKUP(U84,DATATABLE,2,0),"") | X84: =IF(ISNUMBER(U84),VLOOKUP(U84,DATATABLE,3,0),"") | AB84: =IF(ISNUMBER(Z84),VLOOKUP(Z84,DATATABLE,2,0),"") | AC84: =IF(ISNUMBER(Z84),VLOOKUP(Z84,DATATABLE,3,0),"") | AG84: =IF(ISNUMBER(AE84),VLOOKUP(AE84,DATATABLE,2,0),"") | AH84: =IF(ISNUMBER(AE84),VLOOKUP(AE84,DATATABLE,3,0),"")
C85: =IF(ISNUMBER(A85),VLOOKUP(A85,DATATABLE,2,0),"") | D85: =IF(ISNUMBER(A85),VLOOKUP(A85,DATATABLE,3,0),"") | H85: =IF(ISNUMBER(F85),VLOOKUP(F85,DATATABLE,2,0),"") | I85: =IF(ISNUMBER(F85),VLOOKUP(F85,DATATABLE,3,0),"") | M85: =IF(ISNUMBER(K85),VLOOKUP(K85,DATATABLE,2,0),"") | N85: =IF(ISNUMBER(K85),VLOOKUP(K85,DATATABLE,3,0),"") | R85: =IF(ISNUMBER(P85),VLOOKUP(P85,DATATABLE,2,0),"") | S85: =IF(ISNUMBER(P85),VLOOKUP(P85,DATATABLE,3,0),"") | W85: =IF(ISNUMBER(U85),VLOOKUP(U85,DATATABLE,2,0),"") | X85: =IF(ISNUMBER(U85),VLOOKUP(U85,DATATABLE,3,0),"") | AB85: =IF(ISNUMBER(Z85),VLOOKUP(Z85,DATATABLE,2,0),"") | AC85: =IF(ISNUMBER(Z85),VLOOKUP(Z85,DATATABLE,3,0),"") | AG85: =IF(ISNUMBER(AE85),VLOOKUP(AE85,DATATABLE,2,0),"") | AH85: =IF(ISNUMBER(AE85),VLOOKUP(AE85,DATATABLE,3,0),"")
C86: =IF(ISNUMBER(A86),VLOOKUP(A86,DATATABLE,2,0),"") | D86: =IF(ISNUMBER(A86),VLOOKUP(A86,DATATABLE,3,0),"") | H86: =IF(ISNUMBER(F86),VLOOKUP(F86,DATATABLE,2,0),"") | I86: =IF(ISNUMBER(F86),VLOOKUP(F86,DATATABLE,3,0),"") | M86: =IF(ISNUMBER(K86),VLOOKUP(K86,DATATABLE,2,0),"") | N86: =IF(ISNUMBER(K86),VLOOKUP(K86,DATATABLE,3,0),"") | R86: =IF(ISNUMBER(P86),VLOOKUP(P86,DATATABLE,2,0),"") | S86: =IF(ISNUMBER(P86),VLOOKUP(P86,DATATABLE,3,0),"") | W86: =IF(ISNUMBER(U86),VLOOKUP(U86,DATATABLE,2,0),"") | X86: =IF(ISNUMBER(U86),VLOOKUP(U86,DATATABLE,3,0),"") | AB86: =IF(ISNUMBER(Z86),VLOOKUP(Z86,DATATABLE,2,0),"") | AC86: =IF(ISNUMBER(Z86),VLOOKUP(Z86,DATATABLE,3,0),"") | AG86: =IF(ISNUMBER(AE86),VLOOKUP(AE86,DATATABLE,2,0),"") | AH86: =IF(ISNUMBER(AE86),VLOOKUP(AE86,DATATABLE,3,0),"")
C87: =IF(ISNUMBER(A87),VLOOKUP(A87,DATATABLE,2,0),"") | D87: =IF(ISNUMBER(A87),VLOOKUP(A87,DATATABLE,3,0),"") | H87: =IF(ISNUMBER(F87),VLOOKUP(F87,DATATABLE,2,0),"") | I87: =IF(ISNUMBER(F87),VLOOKUP(F87,DATATABLE,3,0),"") | M87: =IF(ISNUMBER(K87),VLOOKUP(K87,DATATABLE,2,0),"") | N87: =IF(ISNUMBER(K87),VLOOKUP(K87,DATATABLE,3,0),"") | R87: =IF(ISNUMBER(P87),VLOOKUP(P87,DATATABLE,2,0),"") | S87: =IF(ISNUMBER(P87),VLOOKUP(P87,DATATABLE,3,0),"") | W87: =IF(ISNUMBER(U87),VLOOKUP(U87,DATATABLE,2,0),"") | X87: =IF(ISNUMBER(U87),VLOOKUP(U87,DATATABLE,3,0),"") | AB87: =IF(ISNUMBER(Z87),VLOOKUP(Z87,DATATABLE,2,0),"") | AC87: =IF(ISNUMBER(Z87),VLOOKUP(Z87,DATATABLE,3,0),"") | AG87: =IF(ISNUMBER(AE87),VLOOKUP(AE87,DATATABLE,2,0),"") | AH87: =IF(ISNUMBER(AE87),VLOOKUP(AE87,DATATABLE,3,0),"")
... C308: =IF(ISNUMBER(A308),VLOOKUP(A308,DATATABLE,2,0),"") | D308: =IF(ISNUMBER(A308),VLOOKUP(A308,DATATABLE,3,0),"") | H308: =IF(ISNUMBER(F308),VLOOKUP(F308,DATATABLE,2,0),"") | I308: =IF(ISNUMBER(F308),VLOOKUP(F308,DATATABLE,3,0),"") | M308: =IF(ISNUMBER(K308),VLOOKUP(K308,DATATABLE,2,0),"") | N308: =IF(ISNUMBER(K308),VLOOKUP(K308,DATATABLE,3,0),"") | R308: =IF(ISNUMBER(P308),VLOOKUP(P308,DATATABLE,2,0),"") | S308: =IF(ISNUMBER(P308),VLOOKUP(P308,DATATABLE,3,0),"") | W308: =IF(ISNUMBER(U308),VLOOKUP(U308,DATATABLE,2,0),"") | X308: =IF(ISNUMBER(U308),VLOOKUP(U308,DATATABLE,3,0),"") | AB308: =IF(ISNUMBER(Z308),VLOOKUP(Z308,DATATABLE,2,0),"") | AC308: =IF(ISNUMBER(Z308),VLOOKUP(Z308,DATATABLE,3,0),"") | AG308: =IF(ISNUMBER(AE308),VLOOKUP(AE308,DATATABLE,2,0),"") | AH308: =IF(ISNUMBER(AE308),VLOOKUP(AE308,DATATABLE,3,0),"")

Sheet 1500
A1: BIOLOGY | F1: CHEMISTRY | K1: COMPUTATIONAL SCIENCE | P1: ENGINEERING GRAPHICS | U1: ENGLISH | Z1: MATHEMATICS | AE1: PHYSICS | AK1: TEAMS
A2: DIVISION | B2: 150 | F2: DIVISION | G2: 150 | K2: DIVISION | L2: 150 | P2: DIVISION | Q2: 150 | U2: DIVISION | V2: 150 | Z2: DIVISION | AA2: 150 | AE2: DIVISION | AF2: 150 | AK2: Row Labels | AL2: Sum of Row Labels
A3: EXAMCODE | B3: 1 | F3: EXAMCODE | G3: 2 | K3: EXAMCODE | L3: 3 | P3: EXAMCODE | Q3: 4 | U3: EXAMCODE | V3: 5 | Z3: EXAMCODE | AA3: 6 | AE3: EXAMCODE | AF3: 7 | AL3: 0 | AM3: =IF(AND(AL3>0,AL3<600),VLOOKUP(AL3,TEAMLIST,2,0),"")
A4: CATEGORY | B4: (Multiple Items) | F4: CATEGORY | G4: (Multiple Items) | K4: CATEGORY | L4: (Multiple Items) | P4: CATEGORY | Q4: (Multiple Items) | U4: CATEGORY | V4: (Multiple Items) | Z4: CATEGORY | AA4: (Multiple Items) | AE4: CATEGORY | AF4: (Multiple Items) | AJ4: 1st | AM4: =IF(AND(AL4>0,AL4<600),VLOOKUP(AL4,TEAMLIST,2,0),"")
AJ5: 2nd | AM5: =IF(AND(AL5>0,AL5<600),VLOOKUP(AL5,TEAMLIST,2,0),"")
A6: Row Labels | B6: Sum of SCORE | F6: Row Labels | G6: Sum of SCORE | K6: Row Labels | L6: Sum of SCORE | P6: Row Labels | Q6: Sum of SCORE | U6: Row Labels | V6: Sum of SCORE | Z6: Row Labels | AA6: Sum of SCORE | AE6: Row Labels | AF6: Sum of SCORE | AJ6: 3rd | AM6: =IF(AND(AL6>0,AL6<600),VLOOKUP(AL6,TEAMLIST,2,0),"")
C7: =IF(ISNUMBER(A7),VLOOKUP(A7,DATATABLE,2,0),"") | D7: =IF(ISNUMBER(A7),VLOOKUP(A7,DATATABLE,3,0),"") | H7: =IF(ISNUMBER(F7),VLOOKUP(F7,DATATABLE,2,0),"") | I7: =IF(ISNUMBER(F7),VLOOKUP(F7,DATATABLE,3,0),"") | M7: =IF(ISNUMBER(K7),VLOOKUP(K7,DATATABLE,2,0),"") | N7: =IF(ISNUMBER(K7),VLOOKUP(K7,DATATABLE,3,0),"") | R7: =IF(ISNUMBER(P7),VLOOKUP(P7,DATATABLE,2,0),"") | S7: =IF(ISNUMBER(P7),VLOOKUP(P7,DATATABLE,3,0),"") | W7: =IF(ISNUMBER(U7),VLOOKUP(U7,DATATABLE,2,0),"") | X7: =IF(ISNUMBER(U7),VLOOKUP(U7,DATATABLE,3,0),"") | AB7: =IF(ISNUMBER(Z7),VLOOKUP(Z7,DATATABLE,2,0),"") | AC7: =IF(ISNUMBER(Z7),VLOOKUP(Z7,DATATABLE,3,0),"") | AG7: =IF(ISNUMBER(AE7),VLOOKUP(AE7,DATATABLE,2,0),"") | AH7: =IF(ISNUMBER(AE7),VLOOKUP(AE7,DATATABLE,3,0),"") | AJ7: 4th | AM7: =IF(AND(AL7>0,AL7<600),VLOOKUP(AL7,TEAMLIST,2,0),"")
C8: =IF(ISNUMBER(A8),VLOOKUP(A8,DATATABLE,2,0),"") | D8: =IF(ISNUMBER(A8),VLOOKUP(A8,DATATABLE,3,0),"") | H8: =IF(ISNUMBER(F8),VLOOKUP(F8,DATATABLE,2,0),"") | I8: =IF(ISNUMBER(F8),VLOOKUP(F8,DATATABLE,3,0),"") | M8: =IF(ISNUMBER(K8),VLOOKUP(K8,DATATABLE,2,0),"") | N8: =IF(ISNUMBER(K8),VLOOKUP(K8,DATATABLE,3,0),"") | R8: =IF(ISNUMBER(P8),VLOOKUP(P8,DATATABLE,2,0),"") | S8: =IF(ISNUMBER(P8),VLOOKUP(P8,DATATABLE,3,0),"") | W8: =IF(ISNUMBER(U8),VLOOKUP(U8,DATATABLE,2,0),"") | X8: =IF(ISNUMBER(U8),VLOOKUP(U8,DATATABLE,3,0),"") | AB8: =IF(ISNUMBER(Z8),VLOOKUP(Z8,DATATABLE,2,0),"") | AC8: =IF(ISNUMBER(Z8),VLOOKUP(Z8,DATATABLE,3,0),"") | AG8: =IF(ISNUMBER(AE8),VLOOKUP(AE8,DATATABLE,2,0),"") | AH8: =IF(ISNUMBER(AE8),VLOOKUP(AE8,DATATABLE,3,0),"") | AJ8: 5th | AM8: =IF(AND(AL8>0,AL8<600),VLOOKUP(AL8,TEAMLIST,2,0),"")
C9: =IF(ISNUMBER(A9),VLOOKUP(A9,DATATABLE,2,0),"") | D9: =IF(ISNUMBER(A9),VLOOKUP(A9,DATATABLE,3,0),"") | H9: =IF(ISNUMBER(F9),VLOOKUP(F9,DATATABLE,2,0),"") | I9: =IF(ISNUMBER(F9),VLOOKUP(F9,DATATABLE,3,0),"") | M9: =IF(ISNUMBER(K9),VLOOKUP(K9,DATATABLE,2,0),"") | N9: =IF(ISNUMBER(K9),VLOOKUP(K9,DATATABLE,3,0),"") | R9: =IF(ISNUMBER(P9),VLOOKUP(P9,DATATABLE,2,0),"") | S9: =IF(ISNUMBER(P9),VLOOKUP(P9,DATATABLE,3,0),"") | W9: =IF(ISNUMBER(U9),VLOOKUP(U9,DATATABLE,2,0),"") | X9: =IF(ISNUMBER(U9),VLOOKUP(U9,DATATABLE,3,0),"") | AB9: =IF(ISNUMBER(Z9),VLOOKUP(Z9,DATATABLE,2,0),"") | AC9: =IF(ISNUMBER(Z9),VLOOKUP(Z9,DATATABLE,3,0),"") | AG9: =IF(ISNUMBER(AE9),VLOOKUP(AE9,DATATABLE,2,0),"") | AH9: =IF(ISNUMBER(AE9),VLOOKUP(AE9,DATATABLE,3,0),"") | AJ9: 6th | AM9: =IF(AND(AL9>0,AL9<600),VLOOKUP(AL9,TEAMLIST,2,0),"")
C10: =IF(ISNUMBER(A10),VLOOKUP(A10,DATATABLE,2,0),"") | D10: =IF(ISNUMBER(A10),VLOOKUP(A10,DATATABLE,3,0),"") | H10: =IF(ISNUMBER(F10),VLOOKUP(F10,DATATABLE,2,0),"") | I10: =IF(ISNUMBER(F10),VLOOKUP(F10,DATATABLE,3,0),"") | M10: =IF(ISNUMBER(K10),VLOOKUP(K10,DATATABLE,2,0),"") | N10: =IF(ISNUMBER(K10),VLOOKUP(K10,DATATABLE,3,0),"") | R10: =IF(ISNUMBER(P10),VLOOKUP(P10,DATATABLE,2,0),"") | S10: =IF(ISNUMBER(P10),VLOOKUP(P10,DATATABLE,3,0),"") | W10: =IF(ISNUMBER(U10),VLOOKUP(U10,DATATABLE,2,0),"") | X10: =IF(ISNUMBER(U10),VLOOKUP(U10,DATATABLE,3,0),"") | AB10: =IF(ISNUMBER(Z10),VLOOKUP(Z10,DATATABLE,2,0),"") | AC10: =IF(ISNUMBER(Z10),VLOOKUP(Z10,DATATABLE,3,0),"") | AG10: =IF(ISNUMBER(AE10),VLOOKUP(AE10,DATATABLE,2,0),"") | AH10: =IF(ISNUMBER(AE10),VLOOKUP(AE10,DATATABLE,3,0),"") | AJ10: 7th | AM10: =IF(AND(AL10>0,AL10<600),VLOOKUP(AL10,TEAMLIST,2,0),"")
C11: =IF(ISNUMBER(A11),VLOOKUP(A11,DATATABLE,2,0),"") | D11: =IF(ISNUMBER(A11),VLOOKUP(A11,DATATABLE,3,0),"") | H11: =IF(ISNUMBER(F11),VLOOKUP(F11,DATATABLE,2,0),"") | I11: =IF(ISNUMBER(F11),VLOOKUP(F11,DATATABLE,3,0),"") | M11: =IF(ISNUMBER(K11),VLOOKUP(K11,DATATABLE,2,0),"") | N11: =IF(ISNUMBER(K11),VLOOKUP(K11,DATATABLE,3,0),"") | R11: =IF(ISNUMBER(P11),VLOOKUP(P11,DATATABLE,2,0),"") | S11: =IF(ISNUMBER(P11),VLOOKUP(P11,DATATABLE,3,0),"") | W11: =IF(ISNUMBER(U11),VLOOKUP(U11,DATATABLE,2,0),"") | X11: =IF(ISNUMBER(U11),VLOOKUP(U11,DATATABLE,3,0),"") | AB11: =IF(ISNUMBER(Z11),VLOOKUP(Z11,DATATABLE,2,0),"") | AC11: =IF(ISNUMBER(Z11),VLOOKUP(Z11,DATATABLE,3,0),"") | AG11: =IF(ISNUMBER(AE11),VLOOKUP(AE11,DATATABLE,2,0),"") | AH11: =IF(ISNUMBER(AE11),VLOOKUP(AE11,DATATABLE,3,0),"") | AJ11: 8th | AM11: =IF(AND(AL11>0,AL11<600),VLOOKUP(AL11,TEAMLIST,2,0),"")
C12: =IF(ISNUMBER(A12),VLOOKUP(A12,DATATABLE,2,0),"") | D12: =IF(ISNUMBER(A12),VLOOKUP(A12,DATATABLE,3,0),"") | H12: =IF(ISNUMBER(F12),VLOOKUP(F12,DATATABLE,2,0),"") | I12: =IF(ISNUMBER(F12),VLOOKUP(F12,DATATABLE,3,0),"") | M12: =IF(ISNUMBER(K12),VLOOKUP(K12,DATATABLE,2,0),"") | N12: =IF(ISNUMBER(K12),VLOOKUP(K12,DATATABLE,3,0),"") | R12: =IF(ISNUMBER(P12),VLOOKUP(P12,DATATABLE,2,0),"") | S12: =IF(ISNUMBER(P12),VLOOKUP(P12,DATATABLE,3,0),"") | W12: =IF(ISNUMBER(U12),VLOOKUP(U12,DATATABLE,2,0),"") | X12: =IF(ISNUMBER(U12),VLOOKUP(U12,DATATABLE,3,0),"") | AB12: =IF(ISNUMBER(Z12),VLOOKUP(Z12,DATATABLE,2,0),"") | AC12: =IF(ISNUMBER(Z12),VLOOKUP(Z12,DATATABLE,3,0),"") | AG12: =IF(ISNUMBER(AE12),VLOOKUP(AE12,DATATABLE,2,0),"") | AH12: =IF(ISNUMBER(AE12),VLOOKUP(AE12,DATATABLE,3,0),"") | AJ12: 9th | AM12: =IF(AND(AL12>0,AL12<600),VLOOKUP(AL12,TEAMLIST,2,0),"")
C13: =IF(ISNUMBER(A13),VLOOKUP(A13,DATATABLE,2,0),"") | D13: =IF(ISNUMBER(A13),VLOOKUP(A13,DATATABLE,3,0),"") | H13: =IF(ISNUMBER(F13),VLOOKUP(F13,DATATABLE,2,0),"") | I13: =IF(ISNUMBER(F13),VLOOKUP(F13,DATATABLE,3,0),"") | M13: =IF(ISNUMBER(K13),VLOOKUP(K13,DATATABLE,2,0),"") | N13: =IF(ISNUMBER(K13),VLOOKUP(K13,DATATABLE,3,0),"") | R13: =IF(ISNUMBER(P13),VLOOKUP(P13,DATATABLE,2,0),"") | S13: =IF(ISNUMBER(P13),VLOOKUP(P13,DATATABLE,3,0),"") | W13: =IF(ISNUMBER(U13),VLOOKUP(U13,DATATABLE,2,0),"") | X13: =IF(ISNUMBER(U13),VLOOKUP(U13,DATATABLE,3,0),"") | AB13: =IF(ISNUMBER(Z13),VLOOKUP(Z13,DATATABLE,2,0),"") | AC13: =IF(ISNUMBER(Z13),VLOOKUP(Z13,DATATABLE,3,0),"") | AG13: =IF(ISNUMBER(AE13),VLOOKUP(AE13,DATATABLE,2,0),"") | AH13: =IF(ISNUMBER(AE13),VLOOKUP(AE13,DATATABLE,3,0),"") | AJ13: 10th | AM13: =IF(AND(AL13>0,AL13<600),VLOOKUP(AL13,TEAMLIST,2,0),"")
C14: =IF(ISNUMBER(A14),VLOOKUP(A14,DATATABLE,2,0),"") | D14: =IF(ISNUMBER(A14),VLOOKUP(A14,DATATABLE,3,0),"") | H14: =IF(ISNUMBER(F14),VLOOKUP(F14,DATATABLE,2,0),"") | I14: =IF(ISNUMBER(F14),VLOOKUP(F14,DATATABLE,3,0),"") | M14: =IF(ISNUMBER(K14),VLOOKUP(K14,DATATABLE,2,0),"") | N14: =IF(ISNUMBER(K14),VLOOKUP(K14,DATATABLE,3,0),"") | R14: =IF(ISNUMBER(P14),VLOOKUP(P14,DATATABLE,2,0),"") | S14: =IF(ISNUMBER(P14),VLOOKUP(P14,DATATABLE,3,0),"") | W14: =IF(ISNUMBER(U14),VLOOKUP(U14,DATATABLE,2,0),"") | X14: =IF(ISNUMBER(U14),VLOOKUP(U14,DATATABLE,3,0),"") | AB14: =IF(ISNUMBER(Z14),VLOOKUP(Z14,DATATABLE,2,0),"") | AC14: =IF(ISNUMBER(Z14),VLOOKUP(Z14,DATATABLE,3,0),"") | AG14: =IF(ISNUMBER(AE14),VLOOKUP(AE14,DATATABLE,2,0),"") | AH14: =IF(ISNUMBER(AE14),VLOOKUP(AE14,DATATABLE,3,0),"") | AJ14: 11th | AM14: =IF(AND(AL14>0,AL14<600),VLOOKUP(AL14,TEAMLIST,2,0),"")
C15: =IF(ISNUMBER(A15),VLOOKUP(A15,DATATABLE,2,0),"") | D15: =IF(ISNUMBER(A15),VLOOKUP(A15,DATATABLE,3,0),"") | H15: =IF(ISNUMBER(F15),VLOOKUP(F15,DATATABLE,2,0),"") | I15: =IF(ISNUMBER(F15),VLOOKUP(F15,DATATABLE,3,0),"") | M15: =IF(ISNUMBER(K15),VLOOKUP(K15,DATATABLE,2,0),"") | N15: =IF(ISNUMBER(K15),VLOOKUP(K15,DATATABLE,3,0),"") | R15: =IF(ISNUMBER(P15),VLOOKUP(P15,DATATABLE,2,0),"") | S15: =IF(ISNUMBER(P15),VLOOKUP(P15,DATATABLE,3,0),"") | W15: =IF(ISNUMBER(U15),VLOOKUP(U15,DATATABLE,2,0),"") | X15: =IF(ISNUMBER(U15),VLOOKUP(U15,DATATABLE,3,0),"") | AB15: =IF(ISNUMBER(Z15),VLOOKUP(Z15,DATATABLE,2,0),"") | AC15: =IF(ISNUMBER(Z15),VLOOKUP(Z15,DATATABLE,3,0),"") | AG15: =IF(ISNUMBER(AE15),VLOOKUP(AE15,DATATABLE,2,0),"") | AH15: =IF(ISNUMBER(AE15),VLOOKUP(AE15,DATATABLE,3,0),"") | AJ15: 12th | AM15: =IF(AND(AL15>0,AL15<600),VLOOKUP(AL15,TEAMLIST,2,0),"")
C16: =IF(ISNUMBER(A16),VLOOKUP(A16,DATATABLE,2,0),"") | D16: =IF(ISNUMBER(A16),VLOOKUP(A16,DATATABLE,3,0),"") | H16: =IF(ISNUMBER(F16),VLOOKUP(F16,DATATABLE,2,0),"") | I16: =IF(ISNUMBER(F16),VLOOKUP(F16,DATATABLE,3,0),"") | M16: =IF(ISNUMBER(K16),VLOOKUP(K16,DATATABLE,2,0),"") | N16: =IF(ISNUMBER(K16),VLOOKUP(K16,DATATABLE,3,0),"") | R16: =IF(ISNUMBER(P16),VLOOKUP(P16,DATATABLE,2,0),"") | S16: =IF(ISNUMBER(P16),VLOOKUP(P16,DATATABLE,3,0),"") | W16: =IF(ISNUMBER(U16),VLOOKUP(U16,DATATABLE,2,0),"") | X16: =IF(ISNUMBER(U16),VLOOKUP(U16,DATATABLE,3,0),"") | AB16: =IF(ISNUMBER(Z16),VLOOKUP(Z16,DATATABLE,2,0),"") | AC16: =IF(ISNUMBER(Z16),VLOOKUP(Z16,DATATABLE,3,0),"") | AG16: =IF(ISNUMBER(AE16),VLOOKUP(AE16,DATATABLE,2,0),"") | AH16: =IF(ISNUMBER(AE16),VLOOKUP(AE16,DATATABLE,3,0),"") | AJ16: 13th | AM16: =IF(AND(AL16>0,AL16<600),VLOOKUP(AL16,TEAMLIST,2,0),"")
C17: =IF(ISNUMBER(A17),VLOOKUP(A17,DATATABLE,2,0),"") | D17: =IF(ISNUMBER(A17),VLOOKUP(A17,DATATABLE,3,0),"") | H17: =IF(ISNUMBER(F17),VLOOKUP(F17,DATATABLE,2,0),"") | I17: =IF(ISNUMBER(F17),VLOOKUP(F17,DATATABLE,3,0),"") | M17: =IF(ISNUMBER(K17),VLOOKUP(K17,DATATABLE,2,0),"") | N17: =IF(ISNUMBER(K17),VLOOKUP(K17,DATATABLE,3,0),"") | R17: =IF(ISNUMBER(P17),VLOOKUP(P17,DATATABLE,2,0),"") | S17: =IF(ISNUMBER(P17),VLOOKUP(P17,DATATABLE,3,0),"") | W17: =IF(ISNUMBER(U17),VLOOKUP(U17,DATATABLE,2,0),"") | X17: =IF(ISNUMBER(U17),VLOOKUP(U17,DATATABLE,3,0),"") | AB17: =IF(ISNUMBER(Z17),VLOOKUP(Z17,DATATABLE,2,0),"") | AC17: =IF(ISNUMBER(Z17),VLOOKUP(Z17,DATATABLE,3,0),"") | AG17: =IF(ISNUMBER(AE17),VLOOKUP(AE17,DATATABLE,2,0),"") | AH17: =IF(ISNUMBER(AE17),VLOOKUP(AE17,DATATABLE,3,0),"") | AJ17: 14th | AM17: =IF(AND(AL17>0,AL17<600),VLOOKUP(AL17,TEAMLIST,2,0),"")
C18: =IF(ISNUMBER(A18),VLOOKUP(A18,DATATABLE,2,0),"") | D18: =IF(ISNUMBER(A18),VLOOKUP(A18,DATATABLE,3,0),"") | H18: =IF(ISNUMBER(F18),VLOOKUP(F18,DATATABLE,2,0),"") | I18: =IF(ISNUMBER(F18),VLOOKUP(F18,DATATABLE,3,0),"") | M18: =IF(ISNUMBER(K18),VLOOKUP(K18,DATATABLE,2,0),"") | N18: =IF(ISNUMBER(K18),VLOOKUP(K18,DATATABLE,3,0),"") | R18: =IF(ISNUMBER(P18),VLOOKUP(P18,DATATABLE,2,0),"") | S18: =IF(ISNUMBER(P18),VLOOKUP(P18,DATATABLE,3,0),"") | W18: =IF(ISNUMBER(U18),VLOOKUP(U18,DATATABLE,2,0),"") | X18: =IF(ISNUMBER(U18),VLOOKUP(U18,DATATABLE,3,0),"") | AB18: =IF(ISNUMBER(Z18),VLOOKUP(Z18,DATATABLE,2,0),"") | AC18: =IF(ISNUMBER(Z18),VLOOKUP(Z18,DATATABLE,3,0),"") | AG18: =IF(ISNUMBER(AE18),VLOOKUP(AE18,DATATABLE,2,0),"") | AH18: =IF(ISNUMBER(AE18),VLOOKUP(AE18,DATATABLE,3,0),"") | AJ18: 15th | AM18: =IF(AND(AL18>0,AL18<600),VLOOKUP(AL18,TEAMLIST,2,0),"")
... C63: =IF(ISNUMBER(A63),VLOOKUP(A63,DATATABLE,2,0),"") | D63: =IF(ISNUMBER(A63),VLOOKUP(A63,DATATABLE,3,0),"") | H63: =IF(ISNUMBER(F63),VLOOKUP(F63,DATATABLE,2,0),"") | I63: =IF(ISNUMBER(F63),VLOOKUP(F63,DATATABLE,3,0),"") | M63: =IF(ISNUMBER(K63),VLOOKUP(K63,DATATABLE,2,0),"") | N63: =IF(ISNUMBER(K63),VLOOKUP(K63,DATATABLE,3,0),"") | R63: =IF(ISNUMBER(P63),VLOOKUP(P63,DATATABLE,2,0),"") | S63: =IF(ISNUMBER(P63),VLOOKUP(P63,DATATABLE,3,0),"") | W63: =IF(ISNUMBER(U63),VLOOKUP(U63,DATATABLE,2,0),"") | X63: =IF(ISNUMBER(U63),VLOOKUP(U63,DATATABLE,3,0),"") | AB63: =IF(ISNUMBER(Z63),VLOOKUP(Z63,DATATABLE,2,0),"") | AC63: =IF(ISNUMBER(Z63),VLOOKUP(Z63,DATATABLE,3,0),"") | AG63: =IF(ISNUMBER(AE63),VLOOKUP(AE63,DATATABLE,2,0),"") | AH63: =IF(ISNUMBER(AE63),VLOOKUP(AE63,DATATABLE,3,0),"") | AJ63: 60th | AM63: =IF(AND(AL63>0,AL63<600),VLOOKUP(AL63,TEAMLIST,2,0),"")
C64: =IF(ISNUMBER(A64),VLOOKUP(A64,DATATABLE,2,0),"") | D64: =IF(ISNUMBER(A64),VLOOKUP(A64,DATATABLE,3,0),"") | H64: =IF(ISNUMBER(F64),VLOOKUP(F64,DATATABLE,2,0),"") | I64: =IF(ISNUMBER(F64),VLOOKUP(F64,DATATABLE,3,0),"") | M64: =IF(ISNUMBER(K64),VLOOKUP(K64,DATATABLE,2,0),"") | N64: =IF(ISNUMBER(K64),VLOOKUP(K64,DATATABLE,3,0),"") | R64: =IF(ISNUMBER(P64),VLOOKUP(P64,DATATABLE,2,0),"") | S64: =IF(ISNUMBER(P64),VLOOKUP(P64,DATATABLE,3,0),"") | W64: =IF(ISNUMBER(U64),VLOOKUP(U64,DATATABLE,2,0),"") | X64: =IF(ISNUMBER(U64),VLOOKUP(U64,DATATABLE,3,0),"") | AB64: =IF(ISNUMBER(Z64),VLOOKUP(Z64,DATATABLE,2,0),"") | AC64: =IF(ISNUMBER(Z64),VLOOKUP(Z64,DATATABLE,3,0),"") | AG64: =IF(ISNUMBER(AE64),VLOOKUP(AE64,DATATABLE,2,0),"") | AH64: =IF(ISNUMBER(AE64),VLOOKUP(AE64,DATATABLE,3,0),"")
C65: =IF(ISNUMBER(A65),VLOOKUP(A65,DATATABLE,2,0),"") | D65: =IF(ISNUMBER(A65),VLOOKUP(A65,DATATABLE,3,0),"") | H65: =IF(ISNUMBER(F65),VLOOKUP(F65,DATATABLE,2,0),"") | I65: =IF(ISNUMBER(F65),VLOOKUP(F65,DATATABLE,3,0),"") | M65: =IF(ISNUMBER(K65),VLOOKUP(K65,DATATABLE,2,0),"") | N65: =IF(ISNUMBER(K65),VLOOKUP(K65,DATATABLE,3,0),"") | R65: =IF(ISNUMBER(P65),VLOOKUP(P65,DATATABLE,2,0),"") | S65: =IF(ISNUMBER(P65),VLOOKUP(P65,DATATABLE,3,0),"") | W65: =IF(ISNUMBER(U65),VLOOKUP(U65,DATATABLE,2,0),"") | X65: =IF(ISNUMBER(U65),VLOOKUP(U65,DATATABLE,3,0),"") | AB65: =IF(ISNUMBER(Z65),VLOOKUP(Z65,DATATABLE,2,0),"") | AC65: =IF(ISNUMBER(Z65),VLOOKUP(Z65,DATATABLE,3,0),"") | AG65: =IF(ISNUMBER(AE65),VLOOKUP(AE65,DATATABLE,2,0),"") | AH65: =IF(ISNUMBER(AE65),VLOOKUP(AE65,DATATABLE,3,0),"")
C66: =IF(ISNUMBER(A66),VLOOKUP(A66,DATATABLE,2,0),"") | D66: =IF(ISNUMBER(A66),VLOOKUP(A66,DATATABLE,3,0),"") | H66: =IF(ISNUMBER(F66),VLOOKUP(F66,DATATABLE,2,0),"") | I66: =IF(ISNUMBER(F66),VLOOKUP(F66,DATATABLE,3,0),"") | M66: =IF(ISNUMBER(K66),VLOOKUP(K66,DATATABLE,2,0),"") | N66: =IF(ISNUMBER(K66),VLOOKUP(K66,DATATABLE,3,0),"") | R66: =IF(ISNUMBER(P66),VLOOKUP(P66,DATATABLE,2,0),"") | S66: =IF(ISNUMBER(P66),VLOOKUP(P66,DATATABLE,3,0),"") | W66: =IF(ISNUMBER(U66),VLOOKUP(U66,DATATABLE,2,0),"") | X66: =IF(ISNUMBER(U66),VLOOKUP(U66,DATATABLE,3,0),"") | AB66: =IF(ISNUMBER(Z66),VLOOKUP(Z66,DATATABLE,2,0),"") | AC66: =IF(ISNUMBER(Z66),VLOOKUP(Z66,DATATABLE,3,0),"") | AG66: =IF(ISNUMBER(AE66),VLOOKUP(AE66,DATATABLE,2,0),"") | AH66: =IF(ISNUMBER(AE66),VLOOKUP(AE66,DATATABLE,3,0),"")
C67: =IF(ISNUMBER(A67),VLOOKUP(A67,DATATABLE,2,0),"") | D67: =IF(ISNUMBER(A67),VLOOKUP(A67,DATATABLE,3,0),"") | H67: =IF(ISNUMBER(F67),VLOOKUP(F67,DATATABLE,2,0),"") | I67: =IF(ISNUMBER(F67),VLOOKUP(F67,DATATABLE,3,0),"") | M67: =IF(ISNUMBER(K67),VLOOKUP(K67,DATATABLE,2,0),"") | N67: =IF(ISNUMBER(K67),VLOOKUP(K67,DATATABLE,3,0),"") | R67: =IF(ISNUMBER(P67),VLOOKUP(P67,DATATABLE,2,0),"") | S67: =IF(ISNUMBER(P67),VLOOKUP(P67,DATATABLE,3,0),"") | W67: =IF(ISNUMBER(U67),VLOOKUP(U67,DATATABLE,2,0),"") | X67: =IF(ISNUMBER(U67),VLOOKUP(U67,DATATABLE,3,0),"") | AB67: =IF(ISNUMBER(Z67),VLOOKUP(Z67,DATATABLE,2,0),"") | AC67: =IF(ISNUMBER(Z67),VLOOKUP(Z67,DATATABLE,3,0),"") | AG67: =IF(ISNUMBER(AE67),VLOOKUP(AE67,DATATABLE,2,0),"") | AH67: =IF(ISNUMBER(AE67),VLOOKUP(AE67,DATATABLE,3,0),"")
C68: =IF(ISNUMBER(A68),VLOOKUP(A68,DATATABLE,2,0),"") | D68: =IF(ISNUMBER(A68),VLOOKUP(A68,DATATABLE,3,0),"") | H68: =IF(ISNUMBER(F68),VLOOKUP(F68,DATATABLE,2,0),"") | I68: =IF(ISNUMBER(F68),VLOOKUP(F68,DATATABLE,3,0),"") | M68: =IF(ISNUMBER(K68),VLOOKUP(K68,DATATABLE,2,0),"") | N68: =IF(ISNUMBER(K68),VLOOKUP(K68,DATATABLE,3,0),"") | R68: =IF(ISNUMBER(P68),VLOOKUP(P68,DATATABLE,2,0),"") | S68: =IF(ISNUMBER(P68),VLOOKUP(P68,DATATABLE,3,0),"") | W68: =IF(ISNUMBER(U68),VLOOKUP(U68,DATATABLE,2,0),"") | X68: =IF(ISNUMBER(U68),VLOOKUP(U68,DATATABLE,3,0),"") | AB68: =IF(ISNUMBER(Z68),VLOOKUP(Z68,DATATABLE,2,0),"") | AC68: =IF(ISNUMBER(Z68),VLOOKUP(Z68,DATATABLE,3,0),"") | AG68: =IF(ISNUMBER(AE68),VLOOKUP(AE68,DATATABLE,2,0),"") | AH68: =IF(ISNUMBER(AE68),VLOOKUP(AE68,DATATABLE,3,0),"")
C69: =IF(ISNUMBER(A69),VLOOKUP(A69,DATATABLE,2,0),"") | D69: =IF(ISNUMBER(A69),VLOOKUP(A69,DATATABLE,3,0),"") | H69: =IF(ISNUMBER(F69),VLOOKUP(F69,DATATABLE,2,0),"") | I69: =IF(ISNUMBER(F69),VLOOKUP(F69,DATATABLE,3,0),"") | M69: =IF(ISNUMBER(K69),VLOOKUP(K69,DATATABLE,2,0),"") | N69: =IF(ISNUMBER(K69),VLOOKUP(K69,DATATABLE,3,0),"") | R69: =IF(ISNUMBER(P69),VLOOKUP(P69,DATATABLE,2,0),"") | S69: =IF(ISNUMBER(P69),VLOOKUP(P69,DATATABLE,3,0),"") | W69: =IF(ISNUMBER(U69),VLOOKUP(U69,DATATABLE,2,0),"") | X69: =IF(ISNUMBER(U69),VLOOKUP(U69,DATATABLE,3,0),"") | AB69: =IF(ISNUMBER(Z69),VLOOKUP(Z69,DATATABLE,2,0),"") | AC69: =IF(ISNUMBER(Z69),VLOOKUP(Z69,DATATABLE,3,0),"") | AG69: =IF(ISNUMBER(AE69),VLOOKUP(AE69,DATATABLE,2,0),"") | AH69: =IF(ISNUMBER(AE69),VLOOKUP(AE69,DATATABLE,3,0),"")
C70: =IF(ISNUMBER(A70),VLOOKUP(A70,DATATABLE,2,0),"") | D70: =IF(ISNUMBER(A70),VLOOKUP(A70,DATATABLE,3,0),"") | H70: =IF(ISNUMBER(F70),VLOOKUP(F70,DATATABLE,2,0),"") | I70: =IF(ISNUMBER(F70),VLOOKUP(F70,DATATABLE,3,0),"") | M70: =IF(ISNUMBER(K70),VLOOKUP(K70,DATATABLE,2,0),"") | N70: =IF(ISNUMBER(K70),VLOOKUP(K70,DATATABLE,3,0),"") | R70: =IF(ISNUMBER(P70),VLOOKUP(P70,DATATABLE,2,0),"") | S70: =IF(ISNUMBER(P70),VLOOKUP(P70,DATATABLE,3,0),"") | W70: =IF(ISNUMBER(U70),VLOOKUP(U70,DATATABLE,2,0),"") | X70: =IF(ISNUMBER(U70),VLOOKUP(U70,DATATABLE,3,0),"") | AB70: =IF(ISNUMBER(Z70),VLOOKUP(Z70,DATATABLE,2,0),"") | AC70: =IF(ISNUMBER(Z70),VLOOKUP(Z70,DATATABLE,3,0),"") | AG70: =IF(ISNUMBER(AE70),VLOOKUP(AE70,DATATABLE,2,0),"") | AH70: =IF(ISNUMBER(AE70),VLOOKUP(AE70,DATATABLE,3,0),"")
C71: =IF(ISNUMBER(A71),VLOOKUP(A71,DATATABLE,2,0),"") | D71: =IF(ISNUMBER(A71),VLOOKUP(A71,DATATABLE,3,0),"") | H71: =IF(ISNUMBER(F71),VLOOKUP(F71,DATATABLE,2,0),"") | I71: =IF(ISNUMBER(F71),VLOOKUP(F71,DATATABLE,3,0),"") | M71: =IF(ISNUMBER(K71),VLOOKUP(K71,DATATABLE,2,0),"") | N71: =IF(ISNUMBER(K71),VLOOKUP(K71,DATATABLE,3,0),"") | R71: =IF(ISNUMBER(P71),VLOOKUP(P71,DATATABLE,2,0),"") | S71: =IF(ISNUMBER(P71),VLOOKUP(P71,DATATABLE,3,0),"") | W71: =IF(ISNUMBER(U71),VLOOKUP(U71,DATATABLE,2,0),"") | X71: =IF(ISNUMBER(U71),VLOOKUP(U71,DATATABLE,3,0),"") | AB71: =IF(ISNUMBER(Z71),VLOOKUP(Z71,DATATABLE,2,0),"") | AC71: =IF(ISNUMBER(Z71),VLOOKUP(Z71,DATATABLE,3,0),"") | AG71: =IF(ISNUMBER(AE71),VLOOKUP(AE71,DATATABLE,2,0),"") | AH71: =IF(ISNUMBER(AE71),VLOOKUP(AE71,DATATABLE,3,0),"")
C72: =IF(ISNUMBER(A72),VLOOKUP(A72,DATATABLE,2,0),"") | D72: =IF(ISNUMBER(A72),VLOOKUP(A72,DATATABLE,3,0),"") | H72: =IF(ISNUMBER(F72),VLOOKUP(F72,DATATABLE,2,0),"") | I72: =IF(ISNUMBER(F72),VLOOKUP(F72,DATATABLE,3,0),"") | M72: =IF(ISNUMBER(K72),VLOOKUP(K72,DATATABLE,2,0),"") | N72: =IF(ISNUMBER(K72),VLOOKUP(K72,DATATABLE,3,0),"") | R72: =IF(ISNUMBER(P72),VLOOKUP(P72,DATATABLE,2,0),"") | S72: =IF(ISNUMBER(P72),VLOOKUP(P72,DATATABLE,3,0),"") | W72: =IF(ISNUMBER(U72),VLOOKUP(U72,DATATABLE,2,0),"") | X72: =IF(ISNUMBER(U72),VLOOKUP(U72,DATATABLE,3,0),"") | AB72: =IF(ISNUMBER(Z72),VLOOKUP(Z72,DATATABLE,2,0),"") | AC72: =IF(ISNUMBER(Z72),VLOOKUP(Z72,DATATABLE,3,0),"") | AG72: =IF(ISNUMBER(AE72),VLOOKUP(AE72,DATATABLE,2,0),"") | AH72: =IF(ISNUMBER(AE72),VLOOKUP(AE72,DATATABLE,3,0),"")
C73: =IF(ISNUMBER(A73),VLOOKUP(A73,DATATABLE,2,0),"") | D73: =IF(ISNUMBER(A73),VLOOKUP(A73,DATATABLE,3,0),"") | H73: =IF(ISNUMBER(F73),VLOOKUP(F73,DATATABLE,2,0),"") | I73: =IF(ISNUMBER(F73),VLOOKUP(F73,DATATABLE,3,0),"") | M73: =IF(ISNUMBER(K73),VLOOKUP(K73,DATATABLE,2,0),"") | N73: =IF(ISNUMBER(K73),VLOOKUP(K73,DATATABLE,3,0),"") | R73: =IF(ISNUMBER(P73),VLOOKUP(P73,DATATABLE,2,0),"") | S73: =IF(ISNUMBER(P73),VLOOKUP(P73,DATATABLE,3,0),"") | W73: =IF(ISNUMBER(U73),VLOOKUP(U73,DATATABLE,2,0),"") | X73: =IF(ISNUMBER(U73),VLOOKUP(U73,DATATABLE,3,0),"") | AB73: =IF(ISNUMBER(Z73),VLOOKUP(Z73,DATATABLE,2,0),"") | AC73: =IF(ISNUMBER(Z73),VLOOKUP(Z73,DATATABLE,3,0),"") | AG73: =IF(ISNUMBER(AE73),VLOOKUP(AE73,DATATABLE,2,0),"") | AH73: =IF(ISNUMBER(AE73),VLOOKUP(AE73,DATATABLE,3,0),"")
C74: =IF(ISNUMBER(A74),VLOOKUP(A74,DATATABLE,2,0),"") | D74: =IF(ISNUMBER(A74),VLOOKUP(A74,DATATABLE,3,0),"") | H74: =IF(ISNUMBER(F74),VLOOKUP(F74,DATATABLE,2,0),"") | I74: =IF(ISNUMBER(F74),VLOOKUP(F74,DATATABLE,3,0),"") | M74: =IF(ISNUMBER(K74),VLOOKUP(K74,DATATABLE,2,0),"") | N74: =IF(ISNUMBER(K74),VLOOKUP(K74,DATATABLE,3,0),"") | R74: =IF(ISNUMBER(P74),VLOOKUP(P74,DATATABLE,2,0),"") | S74: =IF(ISNUMBER(P74),VLOOKUP(P74,DATATABLE,3,0),"") | W74: =IF(ISNUMBER(U74),VLOOKUP(U74,DATATABLE,2,0),"") | X74: =IF(ISNUMBER(U74),VLOOKUP(U74,DATATABLE,3,0),"") | AB74: =IF(ISNUMBER(Z74),VLOOKUP(Z74,DATATABLE,2,0),"") | AC74: =IF(ISNUMBER(Z74),VLOOKUP(Z74,DATATABLE,3,0),"") | AG74: =IF(ISNUMBER(AE74),VLOOKUP(AE74,DATATABLE,2,0),"") | AH74: =IF(ISNUMBER(AE74),VLOOKUP(AE74,DATATABLE,3,0),"")
C75: =IF(ISNUMBER(A75),VLOOKUP(A75,DATATABLE,2,0),"") | D75: =IF(ISNUMBER(A75),VLOOKUP(A75,DATATABLE,3,0),"") | H75: =IF(ISNUMBER(F75),VLOOKUP(F75,DATATABLE,2,0),"") | I75: =IF(ISNUMBER(F75),VLOOKUP(F75,DATATABLE,3,0),"") | M75: =IF(ISNUMBER(K75),VLOOKUP(K75,DATATABLE,2,0),"") | N75: =IF(ISNUMBER(K75),VLOOKUP(K75,DATATABLE,3,0),"") | R75: =IF(ISNUMBER(P75),VLOOKUP(P75,DATATABLE,2,0),"") | S75: =IF(ISNUMBER(P75),VLOOKUP(P75,DATATABLE,3,0),"") | W75: =IF(ISNUMBER(U75),VLOOKUP(U75,DATATABLE,2,0),"") | X75: =IF(ISNUMBER(U75),VLOOKUP(U75,DATATABLE,3,0),"") | AB75: =IF(ISNUMBER(Z75),VLOOKUP(Z75,DATATABLE,2,0),"") | AC75: =IF(ISNUMBER(Z75),VLOOKUP(Z75,DATATABLE,3,0),"") | AG75: =IF(ISNUMBER(AE75),VLOOKUP(AE75,DATATABLE,2,0),"") | AH75: =IF(ISNUMBER(AE75),VLOOKUP(AE75,DATATABLE,3,0),"")
... C308: =IF(ISNUMBER(A308),VLOOKUP(A308,DATATABLE,2,0),"") | D308: =IF(ISNUMBER(A308),VLOOKUP(A308,DATATABLE,3,0),"") | H308: =IF(ISNUMBER(F308),VLOOKUP(F308,DATATABLE,2,0),"") | I308: =IF(ISNUMBER(F308),VLOOKUP(F308,DATATABLE,3,0),"") | M308: =IF(ISNUMBER(K308),VLOOKUP(K308,DATATABLE,2,0),"") | N308: =IF(ISNUMBER(K308),VLOOKUP(K308,DATATABLE,3,0),"") | R308: =IF(ISNUMBER(P308),VLOOKUP(P308,DATATABLE,2,0),"") | S308: =IF(ISNUMBER(P308),VLOOKUP(P308,DATATABLE,3,0),"") | W308: =IF(ISNUMBER(U308),VLOOKUP(U308,DATATABLE,2,0),"") | X308: =IF(ISNUMBER(U308),VLOOKUP(U308,DATATABLE,3,0),"") | AB308: =IF(ISNUMBER(Z308),VLOOKUP(Z308,DATATABLE,2,0),"") | AC308: =IF(ISNUMBER(Z308),VLOOKUP(Z308,DATATABLE,3,0),"") | AG308: =IF(ISNUMBER(AE308),VLOOKUP(AE308,DATATABLE,2,0),"") | AH308: =IF(ISNUMBER(AE308),VLOOKUP(AE308,DATATABLE,3,0),"")

Sheet UNLIMITED
A1: BIOLOGY | F1: CHEMISTRY | K1: COMPUTATIONAL SCIENCE | P1: ENGINEERING GRAPHICS | U1: ENGLISH | Z1: MATHEMATICS | AE1: PHYSICS | AK1: TEAM RESULTS
A2: DIVISION | B2: UNL | F2: DIVISION | G2: UNL | K2: DIVISION | L2: UNL | P2: DIVISION | Q2: UNL | U2: DIVISION | V2: UNL | Z2: DIVISION | AA2: UNL | AE2: DIVISION | AF2: UNL
A3: EXAMCODE | B3: 1 | F3: EXAMCODE | G3: 2 | K3: EXAMCODE | L3: 3 | P3: EXAMCODE | Q3: 4 | U3: EXAMCODE | V3: 5 | Z3: EXAMCODE | AA3: 6 | AE3: EXAMCODE | AF3: 7 | AK3: Row Labels | AL3: Sum of Row Labels
A4: CATEGORY | B4: (Multiple Items) | F4: CATEGORY | G4: (Multiple Items) | K4: CATEGORY | L4: (Multiple Items) | P4: CATEGORY | Q4: (Multiple Items) | U4: CATEGORY | V4: (Multiple Items) | Z4: CATEGORY | AA4: (Multiple Items) | AE4: CATEGORY | AF4: (Multiple Items) | AL4: 0
AJ5: 1st | AM5: =IF(ISNUMBER(AK5),VLOOKUP(AL5,TEAMLIST,2,0),"")
A6: Row Labels | B6: Sum of SCORE | F6: Row Labels | G6: Sum of SCORE | K6: Row Labels | L6: Sum of SCORE | P6: Row Labels | Q6: Sum of SCORE | U6: Row Labels | V6: Sum of SCORE | Z6: Row Labels | AA6: Sum of SCORE | AE6: Row Labels | AF6: Sum of SCORE | AJ6: 2nd | AM6: =IF(ISNUMBER(AK6),VLOOKUP(AL6,TEAMLIST,2,0),"")
C7: =IF(ISNUMBER(A7),VLOOKUP(A7,DATATABLE,2,0),"") | D7: =IF(ISNUMBER(A7),VLOOKUP(A7,DATATABLE,3,0),"") | H7: =IF(ISNUMBER(F7),VLOOKUP(F7,DATATABLE,2,0),"") | I7: =IF(ISNUMBER(F7),VLOOKUP(F7,DATATABLE,3,0),"") | M7: =IF(ISNUMBER(K7),VLOOKUP(K7,DATATABLE,2,0),"") | N7: =IF(ISNUMBER(K7),VLOOKUP(K7,DATATABLE,3,0),"") | R7: =IF(ISNUMBER(P7),VLOOKUP(P7,DATATABLE,2,0),"") | S7: =IF(ISNUMBER(P7),VLOOKUP(P7,DATATABLE,3,0),"") | W7: =IF(ISNUMBER(U7),VLOOKUP(U7,DATATABLE,2,0),"") | X7: =IF(ISNUMBER(U7),VLOOKUP(U7,DATATABLE,3,0),"") | AB7: =IF(ISNUMBER(Z7),VLOOKUP(Z7,DATATABLE,2,0),"") | AC7: =IF(ISNUMBER(Z7),VLOOKUP(Z7,DATATABLE,3,0),"") | AG7: =IF(ISNUMBER(AE7),VLOOKUP(AE7,DATATABLE,2,0),"") | AH7: =IF(ISNUMBER(AE7),VLOOKUP(AE7,DATATABLE,3,0),"") | AJ7: 3rd | AM7: =IF(ISNUMBER(AK7),VLOOKUP(AL7,TEAMLIST,2,0),"")
C8: =IF(ISNUMBER(A8),VLOOKUP(A8,DATATABLE,2,0),"") | D8: =IF(ISNUMBER(A8),VLOOKUP(A8,DATATABLE,3,0),"") | H8: =IF(ISNUMBER(F8),VLOOKUP(F8,DATATABLE,2,0),"") | I8: =IF(ISNUMBER(F8),VLOOKUP(F8,DATATABLE,3,0),"") | M8: =IF(ISNUMBER(K8),VLOOKUP(K8,DATATABLE,2,0),"") | N8: =IF(ISNUMBER(K8),VLOOKUP(K8,DATATABLE,3,0),"") | R8: =IF(ISNUMBER(P8),VLOOKUP(P8,DATATABLE,2,0),"") | S8: =IF(ISNUMBER(P8),VLOOKUP(P8,DATATABLE,3,0),"") | W8: =IF(ISNUMBER(U8),VLOOKUP(U8,DATATABLE,2,0),"") | X8: =IF(ISNUMBER(U8),VLOOKUP(U8,DATATABLE,3,0),"") | AB8: =IF(ISNUMBER(Z8),VLOOKUP(Z8,DATATABLE,2,0),"") | AC8: =IF(ISNUMBER(Z8),VLOOKUP(Z8,DATATABLE,3,0),"") | AG8: =IF(ISNUMBER(AE8),VLOOKUP(AE8,DATATABLE,2,0),"") | AH8: =IF(ISNUMBER(AE8),VLOOKUP(AE8,DATATABLE,3,0),"") | AJ8: 4th | AM8: =IF(ISNUMBER(AK8),VLOOKUP(AL8,TEAMLIST,2,0),"")
C9: =IF(ISNUMBER(A9),VLOOKUP(A9,DATATABLE,2,0),"") | D9: =IF(ISNUMBER(A9),VLOOKUP(A9,DATATABLE,3,0),"") | H9: =IF(ISNUMBER(F9),VLOOKUP(F9,DATATABLE,2,0),"") | I9: =IF(ISNUMBER(F9),VLOOKUP(F9,DATATABLE,3,0),"") | M9: =IF(ISNUMBER(K9),VLOOKUP(K9,DATATABLE,2,0),"") | N9: =IF(ISNUMBER(K9),VLOOKUP(K9,DATATABLE,3,0),"") | R9: =IF(ISNUMBER(P9),VLOOKUP(P9,DATATABLE,2,0),"") | S9: =IF(ISNUMBER(P9),VLOOKUP(P9,DATATABLE,3,0),"") | W9: =IF(ISNUMBER(U9),VLOOKUP(U9,DATATABLE,2,0),"") | X9: =IF(ISNUMBER(U9),VLOOKUP(U9,DATATABLE,3,0),"") | AB9: =IF(ISNUMBER(Z9),VLOOKUP(Z9,DATATABLE,2,0),"") | AC9: =IF(ISNUMBER(Z9),VLOOKUP(Z9,DATATABLE,3,0),"") | AG9: =IF(ISNUMBER(AE9),VLOOKUP(AE9,DATATABLE,2,0),"") | AH9: =IF(ISNUMBER(AE9),VLOOKUP(AE9,DATATABLE,3,0),"") | AJ9: 5th | AM9: =IF(ISNUMBER(AK9),VLOOKUP(AL9,TEAMLIST,2,0),"")
C10: =IF(ISNUMBER(A10),VLOOKUP(A10,DATATABLE,2,0),"") | D10: =IF(ISNUMBER(A10),VLOOKUP(A10,DATATABLE,3,0),"") | H10: =IF(ISNUMBER(F10),VLOOKUP(F10,DATATABLE,2,0),"") | I10: =IF(ISNUMBER(F10),VLOOKUP(F10,DATATABLE,3,0),"") | M10: =IF(ISNUMBER(K10),VLOOKUP(K10,DATATABLE,2,0),"") | N10: =IF(ISNUMBER(K10),VLOOKUP(K10,DATATABLE,3,0),"") | R10: =IF(ISNUMBER(P10),VLOOKUP(P10,DATATABLE,2,0),"") | S10: =IF(ISNUMBER(P10),VLOOKUP(P10,DATATABLE,3,0),"") | W10: =IF(ISNUMBER(U10),VLOOKUP(U10,DATATABLE,2,0),"") | X10: =IF(ISNUMBER(U10),VLOOKUP(U10,DATATABLE,3,0),"") | AB10: =IF(ISNUMBER(Z10),VLOOKUP(Z10,DATATABLE,2,0),"") | AC10: =IF(ISNUMBER(Z10),VLOOKUP(Z10,DATATABLE,3,0),"") | AG10: =IF(ISNUMBER(AE10),VLOOKUP(AE10,DATATABLE,2,0),"") | AH10: =IF(ISNUMBER(AE10),VLOOKUP(AE10,DATATABLE,3,0),"") | AJ10: 6th | AM10: =IF(ISNUMBER(AK10),VLOOKUP(AL10,TEAMLIST,2,0),"")
C11: =IF(ISNUMBER(A11),VLOOKUP(A11,DATATABLE,2,0),"") | D11: =IF(ISNUMBER(A11),VLOOKUP(A11,DATATABLE,3,0),"") | H11: =IF(ISNUMBER(F11),VLOOKUP(F11,DATATABLE,2,0),"") | I11: =IF(ISNUMBER(F11),VLOOKUP(F11,DATATABLE,3,0),"") | M11: =IF(ISNUMBER(K11),VLOOKUP(K11,DATATABLE,2,0),"") | N11: =IF(ISNUMBER(K11),VLOOKUP(K11,DATATABLE,3,0),"") | R11: =IF(ISNUMBER(P11),VLOOKUP(P11,DATATABLE,2,0),"") | S11: =IF(ISNUMBER(P11),VLOOKUP(P11,DATATABLE,3,0),"") | W11: =IF(ISNUMBER(U11),VLOOKUP(U11,DATATABLE,2,0),"") | X11: =IF(ISNUMBER(U11),VLOOKUP(U11,DATATABLE,3,0),"") | AB11: =IF(ISNUMBER(Z11),VLOOKUP(Z11,DATATABLE,2,0),"") | AC11: =IF(ISNUMBER(Z11),VLOOKUP(Z11,DATATABLE,3,0),"") | AG11: =IF(ISNUMBER(AE11),VLOOKUP(AE11,DATATABLE,2,0),"") | AH11: =IF(ISNUMBER(AE11),VLOOKUP(AE11,DATATABLE,3,0),"") | AJ11: 7th | AM11: =IF(ISNUMBER(AK11),VLOOKUP(AL11,TEAMLIST,2,0),"")
C12: =IF(ISNUMBER(A12),VLOOKUP(A12,DATATABLE,2,0),"") | D12: =IF(ISNUMBER(A12),VLOOKUP(A12,DATATABLE,3,0),"") | H12: =IF(ISNUMBER(F12),VLOOKUP(F12,DATATABLE,2,0),"") | I12: =IF(ISNUMBER(F12),VLOOKUP(F12,DATATABLE,3,0),"") | M12: =IF(ISNUMBER(K12),VLOOKUP(K12,DATATABLE,2,0),"") | N12: =IF(ISNUMBER(K12),VLOOKUP(K12,DATATABLE,3,0),"") | R12: =IF(ISNUMBER(P12),VLOOKUP(P12,DATATABLE,2,0),"") | S12: =IF(ISNUMBER(P12),VLOOKUP(P12,DATATABLE,3,0),"") | W12: =IF(ISNUMBER(U12),VLOOKUP(U12,DATATABLE,2,0),"") | X12: =IF(ISNUMBER(U12),VLOOKUP(U12,DATATABLE,3,0),"") | AB12: =IF(ISNUMBER(Z12),VLOOKUP(Z12,DATATABLE,2,0),"") | AC12: =IF(ISNUMBER(Z12),VLOOKUP(Z12,DATATABLE,3,0),"") | AG12: =IF(ISNUMBER(AE12),VLOOKUP(AE12,DATATABLE,2,0),"") | AH12: =IF(ISNUMBER(AE12),VLOOKUP(AE12,DATATABLE,3,0),"") | AJ12: 8th | AM12: =IF(ISNUMBER(AK12),VLOOKUP(AL12,TEAMLIST,2,0),"")
C13: =IF(ISNUMBER(A13),VLOOKUP(A13,DATATABLE,2,0),"") | D13: =IF(ISNUMBER(A13),VLOOKUP(A13,DATATABLE,3,0),"") | H13: =IF(ISNUMBER(F13),VLOOKUP(F13,DATATABLE,2,0),"") | I13: =IF(ISNUMBER(F13),VLOOKUP(F13,DATATABLE,3,0),"") | M13: =IF(ISNUMBER(K13),VLOOKUP(K13,DATATABLE,2,0),"") | N13: =IF(ISNUMBER(K13),VLOOKUP(K13,DATATABLE,3,0),"") | R13: =IF(ISNUMBER(P13),VLOOKUP(P13,DATATABLE,2,0),"") | S13: =IF(ISNUMBER(P13),VLOOKUP(P13,DATATABLE,3,0),"") | W13: =IF(ISNUMBER(U13),VLOOKUP(U13,DATATABLE,2,0),"") | X13: =IF(ISNUMBER(U13),VLOOKUP(U13,DATATABLE,3,0),"") | AB13: =IF(ISNUMBER(Z13),VLOOKUP(Z13,DATATABLE,2,0),"") | AC13: =IF(ISNUMBER(Z13),VLOOKUP(Z13,DATATABLE,3,0),"") | AG13: =IF(ISNUMBER(AE13),VLOOKUP(AE13,DATATABLE,2,0),"") | AH13: =IF(ISNUMBER(AE13),VLOOKUP(AE13,DATATABLE,3,0),"") | AJ13: 9th | AM13: =IF(ISNUMBER(AK13),VLOOKUP(AL13,TEAMLIST,2,0),"")
C14: =IF(ISNUMBER(A14),VLOOKUP(A14,DATATABLE,2,0),"") | D14: =IF(ISNUMBER(A14),VLOOKUP(A14,DATATABLE,3,0),"") | H14: =IF(ISNUMBER(F14),VLOOKUP(F14,DATATABLE,2,0),"") | I14: =IF(ISNUMBER(F14),VLOOKUP(F14,DATATABLE,3,0),"") | M14: =IF(ISNUMBER(K14),VLOOKUP(K14,DATATABLE,2,0),"") | N14: =IF(ISNUMBER(K14),VLOOKUP(K14,DATATABLE,3,0),"") | R14: =IF(ISNUMBER(P14),VLOOKUP(P14,DATATABLE,2,0),"") | S14: =IF(ISNUMBER(P14),VLOOKUP(P14,DATATABLE,3,0),"") | W14: =IF(ISNUMBER(U14),VLOOKUP(U14,DATATABLE,2,0),"") | X14: =IF(ISNUMBER(U14),VLOOKUP(U14,DATATABLE,3,0),"") | AB14: =IF(ISNUMBER(Z14),VLOOKUP(Z14,DATATABLE,2,0),"") | AC14: =IF(ISNUMBER(Z14),VLOOKUP(Z14,DATATABLE,3,0),"") | AG14: =IF(ISNUMBER(AE14),VLOOKUP(AE14,DATATABLE,2,0),"") | AH14: =IF(ISNUMBER(AE14),VLOOKUP(AE14,DATATABLE,3,0),"") | AJ14: 10th | AM14: =IF(ISNUMBER(AK14),VLOOKUP(AL14,TEAMLIST,2,0),"")
C15: =IF(ISNUMBER(A15),VLOOKUP(A15,DATATABLE,2,0),"") | D15: =IF(ISNUMBER(A15),VLOOKUP(A15,DATATABLE,3,0),"") | H15: =IF(ISNUMBER(F15),VLOOKUP(F15,DATATABLE,2,0),"") | I15: =IF(ISNUMBER(F15),VLOOKUP(F15,DATATABLE,3,0),"") | M15: =IF(ISNUMBER(K15),VLOOKUP(K15,DATATABLE,2,0),"") | N15: =IF(ISNUMBER(K15),VLOOKUP(K15,DATATABLE,3,0),"") | R15: =IF(ISNUMBER(P15),VLOOKUP(P15,DATATABLE,2,0),"") | S15: =IF(ISNUMBER(P15),VLOOKUP(P15,DATATABLE,3,0),"") | W15: =IF(ISNUMBER(U15),VLOOKUP(U15,DATATABLE,2,0),"") | X15: =IF(ISNUMBER(U15),VLOOKUP(U15,DATATABLE,3,0),"") | AB15: =IF(ISNUMBER(Z15),VLOOKUP(Z15,DATATABLE,2,0),"") | AC15: =IF(ISNUMBER(Z15),VLOOKUP(Z15,DATATABLE,3,0),"") | AG15: =IF(ISNUMBER(AE15),VLOOKUP(AE15,DATATABLE,2,0),"") | AH15: =IF(ISNUMBER(AE15),VLOOKUP(AE15,DATATABLE,3,0),"") | AJ15: 11th | AM15: =IF(ISNUMBER(AK15),VLOOKUP(AL15,TEAMLIST,2,0),"")
C16: =IF(ISNUMBER(A16),VLOOKUP(A16,DATATABLE,2,0),"") | D16: =IF(ISNUMBER(A16),VLOOKUP(A16,DATATABLE,3,0),"") | H16: =IF(ISNUMBER(F16),VLOOKUP(F16,DATATABLE,2,0),"") | I16: =IF(ISNUMBER(F16),VLOOKUP(F16,DATATABLE,3,0),"") | M16: =IF(ISNUMBER(K16),VLOOKUP(K16,DATATABLE,2,0),"") | N16: =IF(ISNUMBER(K16),VLOOKUP(K16,DATATABLE,3,0),"") | R16: =IF(ISNUMBER(P16),VLOOKUP(P16,DATATABLE,2,0),"") | S16: =IF(ISNUMBER(P16),VLOOKUP(P16,DATATABLE,3,0),"") | W16: =IF(ISNUMBER(U16),VLOOKUP(U16,DATATABLE,2,0),"") | X16: =IF(ISNUMBER(U16),VLOOKUP(U16,DATATABLE,3,0),"") | AB16: =IF(ISNUMBER(Z16),VLOOKUP(Z16,DATATABLE,2,0),"") | AC16: =IF(ISNUMBER(Z16),VLOOKUP(Z16,DATATABLE,3,0),"") | AG16: =IF(ISNUMBER(AE16),VLOOKUP(AE16,DATATABLE,2,0),"") | AH16: =IF(ISNUMBER(AE16),VLOOKUP(AE16,DATATABLE,3,0),"") | AJ16: 12th | AM16: =IF(ISNUMBER(AK16),VLOOKUP(AL16,TEAMLIST,2,0),"")
C17: =IF(ISNUMBER(A17),VLOOKUP(A17,DATATABLE,2,0),"") | D17: =IF(ISNUMBER(A17),VLOOKUP(A17,DATATABLE,3,0),"") | H17: =IF(ISNUMBER(F17),VLOOKUP(F17,DATATABLE,2,0),"") | I17: =IF(ISNUMBER(F17),VLOOKUP(F17,DATATABLE,3,0),"") | M17: =IF(ISNUMBER(K17),VLOOKUP(K17,DATATABLE,2,0),"") | N17: =IF(ISNUMBER(K17),VLOOKUP(K17,DATATABLE,3,0),"") | R17: =IF(ISNUMBER(P17),VLOOKUP(P17,DATATABLE,2,0),"") | S17: =IF(ISNUMBER(P17),VLOOKUP(P17,DATATABLE,3,0),"") | W17: =IF(ISNUMBER(U17),VLOOKUP(U17,DATATABLE,2,0),"") | X17: =IF(ISNUMBER(U17),VLOOKUP(U17,DATATABLE,3,0),"") | AB17: =IF(ISNUMBER(Z17),VLOOKUP(Z17,DATATABLE,2,0),"") | AC17: =IF(ISNUMBER(Z17),VLOOKUP(Z17,DATATABLE,3,0),"") | AG17: =IF(ISNUMBER(AE17),VLOOKUP(AE17,DATATABLE,2,0),"") | AH17: =IF(ISNUMBER(AE17),VLOOKUP(AE17,DATATABLE,3,0),"") | AJ17: 13th | AM17: =IF(ISNUMBER(AK17),VLOOKUP(AL17,TEAMLIST,2,0),"")
C18: =IF(ISNUMBER(A18),VLOOKUP(A18,DATATABLE,2,0),"") | D18: =IF(ISNUMBER(A18),VLOOKUP(A18,DATATABLE,3,0),"") | H18: =IF(ISNUMBER(F18),VLOOKUP(F18,DATATABLE,2,0),"") | I18: =IF(ISNUMBER(F18),VLOOKUP(F18,DATATABLE,3,0),"") | M18: =IF(ISNUMBER(K18),VLOOKUP(K18,DATATABLE,2,0),"") | N18: =IF(ISNUMBER(K18),VLOOKUP(K18,DATATABLE,3,0),"") | R18: =IF(ISNUMBER(P18),VLOOKUP(P18,DATATABLE,2,0),"") | S18: =IF(ISNUMBER(P18),VLOOKUP(P18,DATATABLE,3,0),"") | W18: =IF(ISNUMBER(U18),VLOOKUP(U18,DATATABLE,2,0),"") | X18: =IF(ISNUMBER(U18),VLOOKUP(U18,DATATABLE,3,0),"") | AB18: =IF(ISNUMBER(Z18),VLOOKUP(Z18,DATATABLE,2,0),"") | AC18: =IF(ISNUMBER(Z18),VLOOKUP(Z18,DATATABLE,3,0),"") | AG18: =IF(ISNUMBER(AE18),VLOOKUP(AE18,DATATABLE,2,0),"") | AH18: =IF(ISNUMBER(AE18),VLOOKUP(AE18,DATATABLE,3,0),"") | AJ18: 14th | AM18: =IF(ISNUMBER(AK18),VLOOKUP(AL18,TEAMLIST,2,0),"")
... C62: =IF(ISNUMBER(A62),VLOOKUP(A62,DATATABLE,2,0),"") | D62: =IF(ISNUMBER(A62),VLOOKUP(A62,DATATABLE,3,0),"") | H62: =IF(ISNUMBER(F62),VLOOKUP(F62,DATATABLE,2,0),"") | I62: =IF(ISNUMBER(F62),VLOOKUP(F62,DATATABLE,3,0),"") | M62: =IF(ISNUMBER(K62),VLOOKUP(K62,DATATABLE,2,0),"") | N62: =IF(ISNUMBER(K62),VLOOKUP(K62,DATATABLE,3,0),"") | R62: =IF(ISNUMBER(P62),VLOOKUP(P62,DATATABLE,2,0),"") | S62: =IF(ISNUMBER(P62),VLOOKUP(P62,DATATABLE,3,0),"") | W62: =IF(ISNUMBER(U62),VLOOKUP(U62,DATATABLE,2,0),"") | X62: =IF(ISNUMBER(U62),VLOOKUP(U62,DATATABLE,3,0),"") | AB62: =IF(ISNUMBER(Z62),VLOOKUP(Z62,DATATABLE,2,0),"") | AC62: =IF(ISNUMBER(Z62),VLOOKUP(Z62,DATATABLE,3,0),"") | AG62: =IF(ISNUMBER(AE62),VLOOKUP(AE62,DATATABLE,2,0),"") | AH62: =IF(ISNUMBER(AE62),VLOOKUP(AE62,DATATABLE,3,0),"") | AJ62: 58th | AM62: =IF(ISNUMBER(AK62),VLOOKUP(AL62,TEAMLIST,2,0),"")
C63: =IF(ISNUMBER(A63),VLOOKUP(A63,DATATABLE,2,0),"") | D63: =IF(ISNUMBER(A63),VLOOKUP(A63,DATATABLE,3,0),"") | H63: =IF(ISNUMBER(F63),VLOOKUP(F63,DATATABLE,2,0),"") | I63: =IF(ISNUMBER(F63),VLOOKUP(F63,DATATABLE,3,0),"") | M63: =IF(ISNUMBER(K63),VLOOKUP(K63,DATATABLE,2,0),"") | N63: =IF(ISNUMBER(K63),VLOOKUP(K63,DATATABLE,3,0),"") | R63: =IF(ISNUMBER(P63),VLOOKUP(P63,DATATABLE,2,0),"") | S63: =IF(ISNUMBER(P63),VLOOKUP(P63,DATATABLE,3,0),"") | W63: =IF(ISNUMBER(U63),VLOOKUP(U63,DATATABLE,2,0),"") | X63: =IF(ISNUMBER(U63),VLOOKUP(U63,DATATABLE,3,0),"") | AB63: =IF(ISNUMBER(Z63),VLOOKUP(Z63,DATATABLE,2,0),"") | AC63: =IF(ISNUMBER(Z63),VLOOKUP(Z63,DATATABLE,3,0),"") | AG63: =IF(ISNUMBER(AE63),VLOOKUP(AE63,DATATABLE,2,0),"") | AH63: =IF(ISNUMBER(AE63),VLOOKUP(AE63,DATATABLE,3,0),"") | AJ63: 59th
C64: =IF(ISNUMBER(A64),VLOOKUP(A64,DATATABLE,2,0),"") | D64: =IF(ISNUMBER(A64),VLOOKUP(A64,DATATABLE,3,0),"") | H64: =IF(ISNUMBER(F64),VLOOKUP(F64,DATATABLE,2,0),"") | I64: =IF(ISNUMBER(F64),VLOOKUP(F64,DATATABLE,3,0),"") | M64: =IF(ISNUMBER(K64),VLOOKUP(K64,DATATABLE,2,0),"") | N64: =IF(ISNUMBER(K64),VLOOKUP(K64,DATATABLE,3,0),"") | R64: =IF(ISNUMBER(P64),VLOOKUP(P64,DATATABLE,2,0),"") | S64: =IF(ISNUMBER(P64),VLOOKUP(P64,DATATABLE,3,0),"") | W64: =IF(ISNUMBER(U64),VLOOKUP(U64,DATATABLE,2,0),"") | X64: =IF(ISNUMBER(U64),VLOOKUP(U64,DATATABLE,3,0),"") | AB64: =IF(ISNUMBER(Z64),VLOOKUP(Z64,DATATABLE,2,0),"") | AC64: =IF(ISNUMBER(Z64),VLOOKUP(Z64,DATATABLE,3,0),"") | AG64: =IF(ISNUMBER(AE64),VLOOKUP(AE64,DATATABLE,2,0),"") | AH64: =IF(ISNUMBER(AE64),VLOOKUP(AE64,DATATABLE,3,0),"") | AJ64: 60th
C65: =IF(ISNUMBER(A65),VLOOKUP(A65,DATATABLE,2,0),"") | D65: =IF(ISNUMBER(A65),VLOOKUP(A65,DATATABLE,3,0),"") | H65: =IF(ISNUMBER(F65),VLOOKUP(F65,DATATABLE,2,0),"") | I65: =IF(ISNUMBER(F65),VLOOKUP(F65,DATATABLE,3,0),"") | M65: =IF(ISNUMBER(K65),VLOOKUP(K65,DATATABLE,2,0),"") | N65: =IF(ISNUMBER(K65),VLOOKUP(K65,DATATABLE,3,0),"") | R65: =IF(ISNUMBER(P65),VLOOKUP(P65,DATATABLE,2,0),"") | S65: =IF(ISNUMBER(P65),VLOOKUP(P65,DATATABLE,3,0),"") | W65: =IF(ISNUMBER(U65),VLOOKUP(U65,DATATABLE,2,0),"") | X65: =IF(ISNUMBER(U65),VLOOKUP(U65,DATATABLE,3,0),"") | AB65: =IF(ISNUMBER(Z65),VLOOKUP(Z65,DATATABLE,2,0),"") | AC65: =IF(ISNUMBER(Z65),VLOOKUP(Z65,DATATABLE,3,0),"") | AG65: =IF(ISNUMBER(AE65),VLOOKUP(AE65,DATATABLE,2,0),"") | AH65: =IF(ISNUMBER(AE65),VLOOKUP(AE65,DATATABLE,3,0),"")
C66: =IF(ISNUMBER(A66),VLOOKUP(A66,DATATABLE,2,0),"") | D66: =IF(ISNUMBER(A66),VLOOKUP(A66,DATATABLE,3,0),"") | H66: =IF(ISNUMBER(F66),VLOOKUP(F66,DATATABLE,2,0),"") | I66: =IF(ISNUMBER(F66),VLOOKUP(F66,DATATABLE,3,0),"") | M66: =IF(ISNUMBER(K66),VLOOKUP(K66,DATATABLE,2,0),"") | N66: =IF(ISNUMBER(K66),VLOOKUP(K66,DATATABLE,3,0),"") | R66: =IF(ISNUMBER(P66),VLOOKUP(P66,DATATABLE,2,0),"") | S66: =IF(ISNUMBER(P66),VLOOKUP(P66,DATATABLE,3,0),"") | W66: =IF(ISNUMBER(U66),VLOOKUP(U66,DATATABLE,2,0),"") | X66: =IF(ISNUMBER(U66),VLOOKUP(U66,DATATABLE,3,0),"") | AB66: =IF(ISNUMBER(Z66),VLOOKUP(Z66,DATATABLE,2,0),"") | AC66: =IF(ISNUMBER(Z66),VLOOKUP(Z66,DATATABLE,3,0),"") | AG66: =IF(ISNUMBER(AE66),VLOOKUP(AE66,DATATABLE,2,0),"") | AH66: =IF(ISNUMBER(AE66),VLOOKUP(AE66,DATATABLE,3,0),"")
C67: =IF(ISNUMBER(A67),VLOOKUP(A67,DATATABLE,2,0),"") | D67: =IF(ISNUMBER(A67),VLOOKUP(A67,DATATABLE,3,0),"") | H67: =IF(ISNUMBER(F67),VLOOKUP(F67,DATATABLE,2,0),"") | I67: =IF(ISNUMBER(F67),VLOOKUP(F67,DATATABLE,3,0),"") | M67: =IF(ISNUMBER(K67),VLOOKUP(K67,DATATABLE,2,0),"") | N67: =IF(ISNUMBER(K67),VLOOKUP(K67,DATATABLE,3,0),"") | R67: =IF(ISNUMBER(P67),VLOOKUP(P67,DATATABLE,2,0),"") | S67: =IF(ISNUMBER(P67),VLOOKUP(P67,DATATABLE,3,0),"") | W67: =IF(ISNUMBER(U67),VLOOKUP(U67,DATATABLE,2,0),"") | X67: =IF(ISNUMBER(U67),VLOOKUP(U67,DATATABLE,3,0),"") | AB67: =IF(ISNUMBER(Z67),VLOOKUP(Z67,DATATABLE,2,0),"") | AC67: =IF(ISNUMBER(Z67),VLOOKUP(Z67,DATATABLE,3,0),"") | AG67: =IF(ISNUMBER(AE67),VLOOKUP(AE67,DATATABLE,2,0),"") | AH67: =IF(ISNUMBER(AE67),VLOOKUP(AE67,DATATABLE,3,0),"")
C68: =IF(ISNUMBER(A68),VLOOKUP(A68,DATATABLE,2,0),"") | D68: =IF(ISNUMBER(A68),VLOOKUP(A68,DATATABLE,3,0),"") | H68: =IF(ISNUMBER(F68),VLOOKUP(F68,DATATABLE,2,0),"") | I68: =IF(ISNUMBER(F68),VLOOKUP(F68,DATATABLE,3,0),"") | M68: =IF(ISNUMBER(K68),VLOOKUP(K68,DATATABLE,2,0),"") | N68: =IF(ISNUMBER(K68),VLOOKUP(K68,DATATABLE,3,0),"") | R68: =IF(ISNUMBER(P68),VLOOKUP(P68,DATATABLE,2,0),"") | S68: =IF(ISNUMBER(P68),VLOOKUP(P68,DATATABLE,3,0),"") | W68: =IF(ISNUMBER(U68),VLOOKUP(U68,DATATABLE,2,0),"") | X68: =IF(ISNUMBER(U68),VLOOKUP(U68,DATATABLE,3,0),"") | AB68: =IF(ISNUMBER(Z68),VLOOKUP(Z68,DATATABLE,2,0),"") | AC68: =IF(ISNUMBER(Z68),VLOOKUP(Z68,DATATABLE,3,0),"") | AG68: =IF(ISNUMBER(AE68),VLOOKUP(AE68,DATATABLE,2,0),"") | AH68: =IF(ISNUMBER(AE68),VLOOKUP(AE68,DATATABLE,3,0),"")
C69: =IF(ISNUMBER(A69),VLOOKUP(A69,DATATABLE,2,0),"") | D69: =IF(ISNUMBER(A69),VLOOKUP(A69,DATATABLE,3,0),"") | H69: =IF(ISNUMBER(F69),VLOOKUP(F69,DATATABLE,2,0),"") | I69: =IF(ISNUMBER(F69),VLOOKUP(F69,DATATABLE,3,0),"") | M69: =IF(ISNUMBER(K69),VLOOKUP(K69,DATATABLE,2,0),"") | N69: =IF(ISNUMBER(K69),VLOOKUP(K69,DATATABLE,3,0),"") | R69: =IF(ISNUMBER(P69),VLOOKUP(P69,DATATABLE,2,0),"") | S69: =IF(ISNUMBER(P69),VLOOKUP(P69,DATATABLE,3,0),"") | W69: =IF(ISNUMBER(U69),VLOOKUP(U69,DATATABLE,2,0),"") | X69: =IF(ISNUMBER(U69),VLOOKUP(U69,DATATABLE,3,0),"") | AB69: =IF(ISNUMBER(Z69),VLOOKUP(Z69,DATATABLE,2,0),"") | AC69: =IF(ISNUMBER(Z69),VLOOKUP(Z69,DATATABLE,3,0),"") | AG69: =IF(ISNUMBER(AE69),VLOOKUP(AE69,DATATABLE,2,0),"") | AH69: =IF(ISNUMBER(AE69),VLOOKUP(AE69,DATATABLE,3,0),"")
C70: =IF(ISNUMBER(A70),VLOOKUP(A70,DATATABLE,2,0),"") | D70: =IF(ISNUMBER(A70),VLOOKUP(A70,DATATABLE,3,0),"") | H70: =IF(ISNUMBER(F70),VLOOKUP(F70,DATATABLE,2,0),"") | I70: =IF(ISNUMBER(F70),VLOOKUP(F70,DATATABLE,3,0),"") | M70: =IF(ISNUMBER(K70),VLOOKUP(K70,DATATABLE,2,0),"") | N70: =IF(ISNUMBER(K70),VLOOKUP(K70,DATATABLE,3,0),"") | R70: =IF(ISNUMBER(P70),VLOOKUP(P70,DATATABLE,2,0),"") | S70: =IF(ISNUMBER(P70),VLOOKUP(P70,DATATABLE,3,0),"") | W70: =IF(ISNUMBER(U70),VLOOKUP(U70,DATATABLE,2,0),"") | X70: =IF(ISNUMBER(U70),VLOOKUP(U70,DATATABLE,3,0),"") | AB70: =IF(ISNUMBER(Z70),VLOOKUP(Z70,DATATABLE,2,0),"") | AC70: =IF(ISNUMBER(Z70),VLOOKUP(Z70,DATATABLE,3,0),"") | AG70: =IF(ISNUMBER(AE70),VLOOKUP(AE70,DATATABLE,2,0),"") | AH70: =IF(ISNUMBER(AE70),VLOOKUP(AE70,DATATABLE,3,0),"")
C71: =IF(ISNUMBER(A71),VLOOKUP(A71,DATATABLE,2,0),"") | D71: =IF(ISNUMBER(A71),VLOOKUP(A71,DATATABLE,3,0),"") | H71: =IF(ISNUMBER(F71),VLOOKUP(F71,DATATABLE,2,0),"") | I71: =IF(ISNUMBER(F71),VLOOKUP(F71,DATATABLE,3,0),"") | M71: =IF(ISNUMBER(K71),VLOOKUP(K71,DATATABLE,2,0),"") | N71: =IF(ISNUMBER(K71),VLOOKUP(K71,DATATABLE,3,0),"") | R71: =IF(ISNUMBER(P71),VLOOKUP(P71,DATATABLE,2,0),"") | S71: =IF(ISNUMBER(P71),VLOOKUP(P71,DATATABLE,3,0),"") | W71: =IF(ISNUMBER(U71),VLOOKUP(U71,DATATABLE,2,0),"") | X71: =IF(ISNUMBER(U71),VLOOKUP(U71,DATATABLE,3,0),"") | AB71: =IF(ISNUMBER(Z71),VLOOKUP(Z71,DATATABLE,2,0),"") | AC71: =IF(ISNUMBER(Z71),VLOOKUP(Z71,DATATABLE,3,0),"") | AG71: =IF(ISNUMBER(AE71),VLOOKUP(AE71,DATATABLE,2,0),"") | AH71: =IF(ISNUMBER(AE71),VLOOKUP(AE71,DATATABLE,3,0),"")
C72: =IF(ISNUMBER(A72),VLOOKUP(A72,DATATABLE,2,0),"") | D72: =IF(ISNUMBER(A72),VLOOKUP(A72,DATATABLE,3,0),"") | H72: =IF(ISNUMBER(F72),VLOOKUP(F72,DATATABLE,2,0),"") | I72: =IF(ISNUMBER(F72),VLOOKUP(F72,DATATABLE,3,0),"") | M72: =IF(ISNUMBER(K72),VLOOKUP(K72,DATATABLE,2,0),"") | N72: =IF(ISNUMBER(K72),VLOOKUP(K72,DATATABLE,3,0),"") | R72: =IF(ISNUMBER(P72),VLOOKUP(P72,DATATABLE,2,0),"") | S72: =IF(ISNUMBER(P72),VLOOKUP(P72,DATATABLE,3,0),"") | W72: =IF(ISNUMBER(U72),VLOOKUP(U72,DATATABLE,2,0),"") | X72: =IF(ISNUMBER(U72),VLOOKUP(U72,DATATABLE,3,0),"") | AB72: =IF(ISNUMBER(Z72),VLOOKUP(Z72,DATATABLE,2,0),"") | AC72: =IF(ISNUMBER(Z72),VLOOKUP(Z72,DATATABLE,3,0),"") | AG72: =IF(ISNUMBER(AE72),VLOOKUP(AE72,DATATABLE,2,0),"") | AH72: =IF(ISNUMBER(AE72),VLOOKUP(AE72,DATATABLE,3,0),"")
C73: =IF(ISNUMBER(A73),VLOOKUP(A73,DATATABLE,2,0),"") | D73: =IF(ISNUMBER(A73),VLOOKUP(A73,DATATABLE,3,0),"") | H73: =IF(ISNUMBER(F73),VLOOKUP(F73,DATATABLE,2,0),"") | I73: =IF(ISNUMBER(F73),VLOOKUP(F73,DATATABLE,3,0),"") | M73: =IF(ISNUMBER(K73),VLOOKUP(K73,DATATABLE,2,0),"") | N73: =IF(ISNUMBER(K73),VLOOKUP(K73,DATATABLE,3,0),"") | R73: =IF(ISNUMBER(P73),VLOOKUP(P73,DATATABLE,2,0),"") | S73: =IF(ISNUMBER(P73),VLOOKUP(P73,DATATABLE,3,0),"") | W73: =IF(ISNUMBER(U73),VLOOKUP(U73,DATATABLE,2,0),"") | X73: =IF(ISNUMBER(U73),VLOOKUP(U73,DATATABLE,3,0),"") | AB73: =IF(ISNUMBER(Z73),VLOOKUP(Z73,DATATABLE,2,0),"") | AC73: =IF(ISNUMBER(Z73),VLOOKUP(Z73,DATATABLE,3,0),"") | AG73: =IF(ISNUMBER(AE73),VLOOKUP(AE73,DATATABLE,2,0),"") | AH73: =IF(ISNUMBER(AE73),VLOOKUP(AE73,DATATABLE,3,0),"")
C74: =IF(ISNUMBER(A74),VLOOKUP(A74,DATATABLE,2,0),"") | D74: =IF(ISNUMBER(A74),VLOOKUP(A74,DATATABLE,3,0),"") | H74: =IF(ISNUMBER(F74),VLOOKUP(F74,DATATABLE,2,0),"") | I74: =IF(ISNUMBER(F74),VLOOKUP(F74,DATATABLE,3,0),"") | M74: =IF(ISNUMBER(K74),VLOOKUP(K74,DATATABLE,2,0),"") | N74: =IF(ISNUMBER(K74),VLOOKUP(K74,DATATABLE,3,0),"") | R74: =IF(ISNUMBER(P74),VLOOKUP(P74,DATATABLE,2,0),"") | S74: =IF(ISNUMBER(P74),VLOOKUP(P74,DATATABLE,3,0),"") | W74: =IF(ISNUMBER(U74),VLOOKUP(U74,DATATABLE,2,0),"") | X74: =IF(ISNUMBER(U74),VLOOKUP(U74,DATATABLE,3,0),"") | AB74: =IF(ISNUMBER(Z74),VLOOKUP(Z74,DATATABLE,2,0),"") | AC74: =IF(ISNUMBER(Z74),VLOOKUP(Z74,DATATABLE,3,0),"") | AG74: =IF(ISNUMBER(AE74),VLOOKUP(AE74,DATATABLE,2,0),"") | AH74: =IF(ISNUMBER(AE74),VLOOKUP(AE74,DATATABLE,3,0),"")
C75: =IF(ISNUMBER(A75),VLOOKUP(A75,DATATABLE,2,0),"") | D75: =IF(ISNUMBER(A75),VLOOKUP(A75,DATATABLE,3,0),"") | H75: =IF(ISNUMBER(F75),VLOOKUP(F75,DATATABLE,2,0),"") | I75: =IF(ISNUMBER(F75),VLOOKUP(F75,DATATABLE,3,0),"") | M75: =IF(ISNUMBER(K75),VLOOKUP(K75,DATATABLE,2,0),"") | N75: =IF(ISNUMBER(K75),VLOOKUP(K75,DATATABLE,3,0),"") | R75: =IF(ISNUMBER(P75),VLOOKUP(P75,DATATABLE,2,0),"") | S75: =IF(ISNUMBER(P75),VLOOKUP(P75,DATATABLE,3,0),"") | W75: =IF(ISNUMBER(U75),VLOOKUP(U75,DATATABLE,2,0),"") | X75: =IF(ISNUMBER(U75),VLOOKUP(U75,DATATABLE,3,0),"") | AB75: =IF(ISNUMBER(Z75),VLOOKUP(Z75,DATATABLE,2,0),"") | AC75: =IF(ISNUMBER(Z75),VLOOKUP(Z75,DATATABLE,3,0),"") | AG75: =IF(ISNUMBER(AE75),VLOOKUP(AE75,DATATABLE,2,0),"") | AH75: =IF(ISNUMBER(AE75),VLOOKUP(AE75,DATATABLE,3,0),"")
C76: =IF(ISNUMBER(A76),VLOOKUP(A76,DATATABLE,2,0),"") | D76: =IF(ISNUMBER(A76),VLOOKUP(A76,DATATABLE,3,0),"") | H76: =IF(ISNUMBER(F76),VLOOKUP(F76,DATATABLE,2,0),"") | I76: =IF(ISNUMBER(F76),VLOOKUP(F76,DATATABLE,3,0),"") | M76: =IF(ISNUMBER(K76),VLOOKUP(K76,DATATABLE,2,0),"") | N76: =IF(ISNUMBER(K76),VLOOKUP(K76,DATATABLE,3,0),"") | R76: =IF(ISNUMBER(P76),VLOOKUP(P76,DATATABLE,2,0),"") | S76: =IF(ISNUMBER(P76),VLOOKUP(P76,DATATABLE,3,0),"") | W76: =IF(ISNUMBER(U76),VLOOKUP(U76,DATATABLE,2,0),"") | X76: =IF(ISNUMBER(U76),VLOOKUP(U76,DATATABLE,3,0),"") | AB76: =IF(ISNUMBER(Z76),VLOOKUP(Z76,DATATABLE,2,0),"") | AC76: =IF(ISNUMBER(Z76),VLOOKUP(Z76,DATATABLE,3,0),"") | AG76: =IF(ISNUMBER(AE76),VLOOKUP(AE76,DATATABLE,2,0),"") | AH76: =IF(ISNUMBER(AE76),VLOOKUP(AE76,DATATABLE,3,0),"")
... C308: =IF(ISNUMBER(A308),VLOOKUP(A308,DATATABLE,2,0),"") | D308: =IF(ISNUMBER(A308),VLOOKUP(A308,DATATABLE,3,0),"") | H308: =IF(ISNUMBER(F308),VLOOKUP(F308,DATATABLE,2,0),"") | I308: =IF(ISNUMBER(F308),VLOOKUP(F308,DATATABLE,3,0),"") | M308: =IF(ISNUMBER(K308),VLOOKUP(K308,DATATABLE,2,0),"") | N308: =IF(ISNUMBER(K308),VLOOKUP(K308,DATATABLE,3,0),"") | R308: =IF(ISNUMBER(P308),VLOOKUP(P308,DATATABLE,2,0),"") | S308: =IF(ISNUMBER(P308),VLOOKUP(P308,DATATABLE,3,0),"") | W308: =IF(ISNUMBER(U308),VLOOKUP(U308,DATATABLE,2,0),"") | X308: =IF(ISNUMBER(U308),VLOOKUP(U308,DATATABLE,3,0),"") | AB308: =IF(ISNUMBER(Z308),VLOOKUP(Z308,DATATABLE,2,0),"") | AC308: =IF(ISNUMBER(Z308),VLOOKUP(Z308,DATATABLE,3,0),"") | AG308: =IF(ISNUMBER(AE308),VLOOKUP(AE308,DATATABLE,2,0),"") | AH308: =IF(ISNUMBER(AE308),VLOOKUP(AE308,DATATABLE,3,0),"")

Sheet TEAMS
A1: SCORE | B1: EXAM CODE | C1: SUBJECT | D1: ID | E1: TEAM | F1: NAME | G1: SCHOOL
A2: =IF(ISNUMBER(Entry!A12),Entry!A12,"") -> 27 | B2: =IF(A2<>"",INDEX(SCORETABLE,ROW(),EXAMCODE),"") -> 1 | C2: =IF(B2=1,"BIOLOGY",IF(B2=2,"CHEMISTRY",IF(B2=3,"COMP SCI",IF(B2=4,"GRAPHICS",IF(B2=5,"ENGLISH",IF(B2=6,"MATHEMATICS",IF(B2=7,"PHYSICS",""))))))) -> BIOLOGY | D2: =IF(A2<>"",INDEX(SCORETABLE,ROW(),ID),"") -> 15301 | E2: =IF(A2<>"",QUOTIENT(D2,100),"") -> 153 | F2: =IF(D2<>"",VLOOKUP(D2,DATATABLE,2,0),"") -> Owen Gunderson | G2: =IF(D2<>"",VLOOKUP(E2,TEAMLIST,2,0),"") -> Eastland High School
A3: =IF(ISNUMBER(Entry!A13),Entry!A13,"") -> 14 | B3: =IF(A3<>"",INDEX(SCORETABLE,ROW(),EXAMCODE),"") -> 4 | C3: =IF(B3=1,"BIOLOGY",IF(B3=2,"CHEMISTRY",IF(B3=3,"COMP SCI",IF(B3=4,"GRAPHICS",IF(B3=5,"ENGLISH",IF(B3=6,"MATHEMATICS",IF(B3=7,"PHYSICS",""))))))) -> GRAPHICS | D3: =IF(A3<>"",INDEX(SCORETABLE,ROW(),ID),"") -> 15301 | E3: =IF(A3<>"",QUOTIENT(D3,100),"") -> 153 | F3: =IF(D3<>"",VLOOKUP(D3,DATATABLE,2,0),"") -> Owen Gunderson | G3: =IF(D3<>"",VLOOKUP(E3,TEAMLIST,2,0),"") -> Eastland High School
A4: =IF(ISNUMBER(Entry!A14),Entry!A14,"") -> 20 | B4: =IF(A4<>"",INDEX(SCORETABLE,ROW(),EXAMCODE),"") -> 1 | C4: =IF(B4=1,"BIOLOGY",IF(B4=2,"CHEMISTRY",IF(B4=3,"COMP SCI",IF(B4=4,"GRAPHICS",IF(B4=5,"ENGLISH",IF(B4=6,"MATHEMATICS",IF(B4=7,"PHYSICS",""))))))) -> BIOLOGY | D4: =IF(A4<>"",INDEX(SCORETABLE,ROW(),ID),"") -> 15302 | E4: =IF(A4<>"",QUOTIENT(D4,100),"") -> 153 | F4: =IF(D4<>"",VLOOKUP(D4,DATATABLE,2,0),"") -> Kalena Rominski | G4: =IF(D4<>"",VLOOKUP(E4,TEAMLIST,2,0),"") -> Eastland High School
A5: =IF(ISNUMBER(Entry!A15),Entry!A15,"") -> 50 | B5: =IF(A5<>"",INDEX(SCORETABLE,ROW(),EXAMCODE),"") -> 5 | C5: =IF(B5=1,"BIOLOGY",IF(B5=2,"CHEMISTRY",IF(B5=3,"COMP SCI",IF(B5=4,"GRAPHICS",IF(B5=5,"ENGLISH",IF(B5=6,"MATHEMATICS",IF(B5=7,"PHYSICS",""))))))) -> ENGLISH | D5: =IF(A5<>"",INDEX(SCORETABLE,ROW(),ID),"") -> 15302 | E5: =IF(A5<>"",QUOTIENT(D5,100),"") -> 153 | F5: =IF(D5<>"",VLOOKUP(D5,DATATABLE,2,0),"") -> Kalena Rominski | G5: =IF(D5<>"",VLOOKUP(E5,TEAMLIST,2,0),"") -> Eastland High School
A6: =IF(ISNUMBER(Entry!A16),Entry!A16,"") -> 22 | B6: =IF(A6<>"",INDEX(SCORETABLE,ROW(),EXAMCODE),"") -> 2 | C6: =IF(B6=1,"BIOLOGY",IF(B6=2,"CHEMISTRY",IF(B6=3,"COMP SCI",IF(B6=4,"GRAPHICS",IF(B6=5,"ENGLISH",IF(B6=6,"MATHEMATICS",IF(B6=7,"PHYSICS",""))))))) -> CHEMISTRY | D6: =IF(A6<>"",INDEX(SCORETABLE,ROW(),ID),"") -> 15303 | E6: =IF(A6<>"",QUOTIENT(D6,100),"") -> 153 | F6: =IF(D6<>"",VLOOKUP(D6,DATATABLE,2,0),"") -> Shelby Groezinger | G6: =IF(D6<>"",VLOOKUP(E6,TEAMLIST,2,0),"") -> Eastland High School
A7: =IF(ISNUMBER(Entry!A17),Entry!A17,"") -> 60 | B7: =IF(A7<>"",INDEX(SCORETABLE,ROW(),EXAMCODE),"") -> 5 | C7: =IF(B7=1,"BIOLOGY",IF(B7=2,"CHEMISTRY",IF(B7=3,"COMP SCI",IF(B7=4,"GRAPHICS",IF(B7=5,"ENGLISH",IF(B7=6,"MATHEMATICS",IF(B7=7,"PHYSICS",""))))))) -> ENGLISH | D7: =IF(A7<>"",INDEX(SCORETABLE,ROW(),ID),"") -> 15303 | E7: =IF(A7<>"",QUOTIENT(D7,100),"") -> 153 | F7: =IF(D7<>"",VLOOKUP(D7,DATATABLE,2,0),"") -> Shelby Groezinger | G7: =IF(D7<>"",VLOOKUP(E7,TEAMLIST,2,0),"") -> Eastland High School
A8: =IF(ISNUMBER(Entry!A18),Entry!A18,"") -> 34 | B8: =IF(A8<>"",INDEX(SCORETABLE,ROW(),EXAMCODE),"") -> 1 | C8: =IF(B8=1,"BIOLOGY",IF(B8=2,"CHEMISTRY",IF(B8=3,"COMP SCI",IF(B8=4,"GRAPHICS",IF(B8=5,"ENGLISH",IF(B8=6,"MATHEMATICS",IF(B8=7,"PHYSICS",""))))))) -> BIOLOGY | D8: =IF(A8<>"",INDEX(SCORETABLE,ROW(),ID),"") -> 15304 | E8: =IF(A8<>"",QUOTIENT(D8,100),"") -> 153 | F8: =IF(D8<>"",VLOOKUP(D8,DATATABLE,2,0),"") -> Kaleb LaRue | G8: =IF(D8<>"",VLOOKUP(E8,TEAMLIST,2,0),"") -> Eastland High School
A9: =IF(ISNUMBER(Entry!A19),Entry!A19,"") -> 14 | B9: =IF(A9<>"",INDEX(SCORETABLE,ROW(),EXAMCODE),"") -> 6 | C9: =IF(B9=1,"BIOLOGY",IF(B9=2,"CHEMISTRY",IF(B9=3,"COMP SCI",IF(B9=4,"GRAPHICS",IF(B9=5,"ENGLISH",IF(B9=6,"MATHEMATICS",IF(B9=7,"PHYSICS",""))))))) -> MATHEMATICS | D9: =IF(A9<>"",INDEX(SCORETABLE,ROW(),ID),"") -> 15304 | E9: =IF(A9<>"",QUOTIENT(D9,100),"") -> 153 | F9: =IF(D9<>"",VLOOKUP(D9,DATATABLE,2,0),"") -> Kaleb LaRue | G9: =IF(D9<>"",VLOOKUP(E9,TEAMLIST,2,0),"") -> Eastland High School
A10: =IF(ISNUMBER(Entry!A20),Entry!A20,"") -> 15 | B10: =IF(A10<>"",INDEX(SCORETABLE,ROW(),EXAMCODE),"") -> 2 | C10: =IF(B10=1,"BIOLOGY",IF(B10=2,"CHEMISTRY",IF(B10=3,"COMP SCI",IF(B10=4,"GRAPHICS",IF(B10=5,"ENGLISH",IF(B10=6,"MATHEMATICS",IF(B10=7,"PHYSICS",""))))))) -> CHEMISTRY | D10: =IF(A10<>"",INDEX(SCORETABLE,ROW(),ID),"") -> 15305 | E10: =IF(A10<>"",QUOTIENT(D10,100),"") -> 153 | F10: =IF(D10<>"",VLOOKUP(D10,DATATABLE,2,0),"") -> Jaidyn McKinney | G10: =IF(D10<>"",VLOOKUP(E10,TEAMLIST,2,0),"") -> Eastland High School
A11: =IF(ISNUMBER(Entry!A21),Entry!A21,"") -> 14 | B11: =IF(A11<>"",INDEX(SCORETABLE,ROW(),EXAMCODE),"") -> 4 | C11: =IF(B11=1,"BIOLOGY",IF(B11=2,"CHEMISTRY",IF(B11=3,"COMP SCI",IF(B11=4,"GRAPHICS",IF(B11=5,"ENGLISH",IF(B11=6,"MATHEMATICS",IF(B11=7,"PHYSICS",""))))))) -> GRAPHICS | D11: =IF(A11<>"",INDEX(SCORETABLE,ROW(),ID),"") -> 15305 | E11: =IF(A11<>"",QUOTIENT(D11,100),"") -> 153 | F11: =IF(D11<>"",VLOOKUP(D11,DATATABLE,2,0),"") -> Jaidyn McKinney | G11: =IF(D11<>"",VLOOKUP(E11,TEAMLIST,2,0),"") -> Eastland High School
A12: =IF(ISNUMBER(Entry!A22),Entry!A22,"") -> 32 | B12: =IF(A12<>"",INDEX(SCORETABLE,ROW(),EXAMCODE),"") -> 1 | C12: =IF(B12=1,"BIOLOGY",IF(B12=2,"CHEMISTRY",IF(B12=3,"COMP SCI",IF(B12=4,"GRAPHICS",IF(B12=5,"ENGLISH",IF(B12=6,"MATHEMATICS",IF(B12=7,"PHYSICS",""))))))) -> BIOLOGY | D12: =IF(A12<>"",INDEX(SCORETABLE,ROW(),ID),"") -> 15306 | E12: =IF(A12<>"",QUOTIENT(D12,100),"") -> 153 | F12: =IF(D12<>"",VLOOKUP(D12,DATATABLE,2,0),"") -> Ellie Hanviriyapunt | G12: =IF(D12<>"",VLOOKUP(E12,TEAMLIST,2,0),"") -> Eastland High School
A13: =IF(ISNUMBER(Entry!A23),Entry!A23,"") -> 51 | B13: =IF(A13<>"",INDEX(SCORETABLE,ROW(),EXAMCODE),"") -> 5 | C13: =IF(B13=1,"BIOLOGY",IF(B13=2,"CHEMISTRY",IF(B13=3,"COMP SCI",IF(B13=4,"GRAPHICS",IF(B13=5,"ENGLISH",IF(B13=6,"MATHEMATICS",IF(B13=7,"PHYSICS",""))))))) -> ENGLISH | D13: =IF(A13<>"",INDEX(SCORETABLE,ROW(),ID),"") -> 15306 | E13: =IF(A13<>"",QUOTIENT(D13,100),"") -> 153 | F13: =IF(D13<>"",VLOOKUP(D13,DATATABLE,2,0),"") -> Ellie Hanviriyapunt | G13: =IF(D13<>"",VLOOKUP(E13,TEAMLIST,2,0),"") -> Eastland High School
... A1961: =IF(ISNUMBER(Entry!A1971),Entry!A1971,"") | B1961: =IF(A1961<>"",INDEX(SCORETABLE,ROW(),EXAMCODE),"") | C1961: =IF(B1961=1,"BIOLOGY",IF(B1961=2,"CHEMISTRY",IF(B1961=3,"COMP SCI",IF(B1961=4,"GRAPHICS",IF(B1961=5,"ENGLISH",IF(B1961=6,"MATHEMATICS",IF(B1961=7,"PHYSICS",""))))))) | D1961: =IF(A1961<>"",INDEX(SCORETABLE,ROW(),ID),"") | E1961: =IF(A1961<>"",QUOTIENT(D1961,100),"") | F1961: =IF(D1961<>"",VLOOKUP(D1961,DATATABLE,2,0),"") | G1961: =IF(D1961<>"",VLOOKUP(E1961,TEAMLIST,2,0),"")
A1962: =IF(ISNUMBER(Entry!#REF!),Entry!#REF!,"") | B1962: =IF(A1962<>"",INDEX(SCORETABLE,ROW(),EXAMCODE),"") | C1962: =IF(B1962=1,"BIOLOGY",IF(B1962=2,"CHEMISTRY",IF(B1962=3,"COMP SCI",IF(B1962=4,"GRAPHICS",IF(B1962=5,"ENGLISH",IF(B1962=6,"MATHEMATICS",IF(B1962=7,"PHYSICS",""))))))) | D1962: =IF(A1962<>"",INDEX(SCORETABLE,ROW(),ID),"") | E1962: =IF(A1962<>"",QUOTIENT(D1962,100),"") | F1962: =IF(D1962<>"",VLOOKUP(D1962,DATATABLE,2,0),"") | G1962: =IF(D1962<>"",VLOOKUP(E1962,TEAMLIST,2,0),"")
A1963: =IF(ISNUMBER(Entry!#REF!),Entry!#REF!,"") | B1963: =IF(A1963<>"",INDEX(SCORETABLE,ROW(),EXAMCODE),"") | C1963: =IF(B1963=1,"BIOLOGY",IF(B1963=2,"CHEMISTRY",IF(B1963=3,"COMP SCI",IF(B1963=4,"GRAPHICS",IF(B1963=5,"ENGLISH",IF(B1963=6,"MATHEMATICS",IF(B1963=7,"PHYSICS",""))))))) | D1963: =IF(A1963<>"",INDEX(SCORETABLE,ROW(),ID),"") | E1963: =IF(A1963<>"",QUOTIENT(D1963,100),"") | F1963: =IF(D1963<>"",VLOOKUP(D1963,DATATABLE,2,0),"") | G1963: =IF(D1963<>"",VLOOKUP(E1963,TEAMLIST,2,0),"")
A1964: =IF(ISNUMBER(Entry!#REF!),Entry!#REF!,"") | B1964: =IF(A1964<>"",INDEX(SCORETABLE,ROW(),EXAMCODE),"") | C1964: =IF(B1964=1,"BIOLOGY",IF(B1964=2,"CHEMISTRY",IF(B1964=3,"COMP SCI",IF(B1964=4,"GRAPHICS",IF(B1964=5,"ENGLISH",IF(B1964=6,"MATHEMATICS",IF(B1964=7,"PHYSICS",""))))))) | D1964: =IF(A1964<>"",INDEX(SCORETABLE,ROW(),ID),"") | E1964: =IF(A1964<>"",QUOTIENT(D1964,100),"") | F1964: =IF(D1964<>"",VLOOKUP(D1964,DATATABLE,2,0),"") | G1964: =IF(D1964<>"",VLOOKUP(E1964,TEAMLIST,2,0),"")
A1965: =IF(ISNUMBER(Entry!#REF!),Entry!#REF!,"") | B1965: =IF(A1965<>"",INDEX(SCORETABLE,ROW(),EXAMCODE),"") | C1965: =IF(B1965=1,"BIOLOGY",IF(B1965=2,"CHEMISTRY",IF(B1965=3,"COMP SCI",IF(B1965=4,"GRAPHICS",IF(B1965=5,"ENGLISH",IF(B1965=6,"MATHEMATICS",IF(B1965=7,"PHYSICS",""))))))) | D1965: =IF(A1965<>"",INDEX(SCORETABLE,ROW(),ID),"") | E1965: =IF(A1965<>"",QUOTIENT(D1965,100),"") | F1965: =IF(D1965<>"",VLOOKUP(D1965,DATATABLE,2,0),"") | G1965: =IF(D1965<>"",VLOOKUP(E1965,TEAMLIST,2,0),"")
A1966: =IF(ISNUMBER(Entry!#REF!),Entry!#REF!,"") | B1966: =IF(A1966<>"",INDEX(SCORETABLE,ROW(),EXAMCODE),"") | C1966: =IF(B1966=1,"BIOLOGY",IF(B1966=2,"CHEMISTRY",IF(B1966=3,"COMP SCI",IF(B1966=4,"GRAPHICS",IF(B1966=5,"ENGLISH",IF(B1966=6,"MATHEMATICS",IF(B1966=7,"PHYSICS",""))))))) | D1966: =IF(A1966<>"",INDEX(SCORETABLE,ROW(),ID),"") | E1966: =IF(A1966<>"",QUOTIENT(D1966,100),"") | F1966: =IF(D1966<>"",VLOOKUP(D1966,DATATABLE,2,0),"") | G1966: =IF(D1966<>"",VLOOKUP(E1966,TEAMLIST,2,0),"")
A1967: =IF(ISNUMBER(Entry!#REF!),Entry!#REF!,"") | B1967: =IF(A1967<>"",INDEX(SCORETABLE,ROW(),EXAMCODE),"") | C1967: =IF(B1967=1,"BIOLOGY",IF(B1967=2,"CHEMISTRY",IF(B1967=3,"COMP SCI",IF(B1967=4,"GRAPHICS",IF(B1967=5,"ENGLISH",IF(B1967=6,"MATHEMATICS",IF(B1967=7,"PHYSICS",""))))))) | D1967: =IF(A1967<>"",INDEX(SCORETABLE,ROW(),ID),"") | E1967: =IF(A1967<>"",QUOTIENT(D1967,100),"") | F1967: =IF(D1967<>"",VLOOKUP(D1967,DATATABLE,2,0),"") | G1967: =IF(D1967<>"",VLOOKUP(E1967,TEAMLIST,2,0),"")
A1968: =IF(ISNUMBER(Entry!#REF!),Entry!#REF!,"") | B1968: =IF(A1968<>"",INDEX(SCORETABLE,ROW(),EXAMCODE),"") | C1968: =IF(B1968=1,"BIOLOGY",IF(B1968=2,"CHEMISTRY",IF(B1968=3,"COMP SCI",IF(B1968=4,"GRAPHICS",IF(B1968=5,"ENGLISH",IF(B1968=6,"MATHEMATICS",IF(B1968=7,"PHYSICS",""))))))) | D1968: =IF(A1968<>"",INDEX(SCORETABLE,ROW(),ID),"") | E1968: =IF(A1968<>"",QUOTIENT(D1968,100),"") | F1968: =IF(D1968<>"",VLOOKUP(D1968,DATATABLE,2,0),"") | G1968: =IF(D1968<>"",VLOOKUP(E1968,TEAMLIST,2,0),"")
A1969: =IF(ISNUMBER(Entry!#REF!),Entry!#REF!,"") | B1969: =IF(A1969<>"",INDEX(SCORETABLE,ROW(),EXAMCODE),"") | C1969: =IF(B1969=1,"BIOLOGY",IF(B1969=2,"CHEMISTRY",IF(B1969=3,"COMP SCI",IF(B1969=4,"GRAPHICS",IF(B1969=5,"ENGLISH",IF(B1969=6,"MATHEMATICS",IF(B1969=7,"PHYSICS",""))))))) | D1969: =IF(A1969<>"",INDEX(SCORETABLE,ROW(),ID),"") | E1969: =IF(A1969<>"",QUOTIENT(D1969,100),"") | F1969: =IF(D1969<>"",VLOOKUP(D1969,DATATABLE,2,0),"") | G1969: =IF(D1969<>"",VLOOKUP(E1969,TEAMLIST,2,0),"")
A1970: =IF(ISNUMBER(Entry!#REF!),Entry!#REF!,"") | B1970: =IF(A1970<>"",INDEX(SCORETABLE,ROW(),EXAMCODE),"") | C1970: =IF(B1970=1,"BIOLOGY",IF(B1970=2,"CHEMISTRY",IF(B1970=3,"COMP SCI",IF(B1970=4,"GRAPHICS",IF(B1970=5,"ENGLISH",IF(B1970=6,"MATHEMATICS",IF(B1970=7,"PHYSICS",""))))))) | D1970: =IF(A1970<>"",INDEX(SCORETABLE,ROW(),ID),"") | E1970: =IF(A1970<>"",QUOTIENT(D1970,100),"") | F1970: =IF(D1970<>"",VLOOKUP(D1970,DATATABLE,2,0),"") | G1970: =IF(D1970<>"",VLOOKUP(E1970,TEAMLIST,2,0),"")
A1971: =IF(ISNUMBER(Entry!#REF!),Entry!#REF!,"") | B1971: =IF(A1971<>"",INDEX(SCORETABLE,ROW(),EXAMCODE),"") | C1971: =IF(B1971=1,"BIOLOGY",IF(B1971=2,"CHEMISTRY",IF(B1971=3,"COMP SCI",IF(B1971=4,"GRAPHICS",IF(B1971=5,"ENGLISH",IF(B1971=6,"MATHEMATICS",IF(B1971=7,"PHYSICS",""))))))) | D1971: =IF(A1971<>"",INDEX(SCORETABLE,ROW(),ID),"") | E1971: =IF(A1971<>"",QUOTIENT(D1971,100),"") | F1971: =IF(D1971<>"",VLOOKUP(D1971,DATATABLE,2,0),"") | G1971: =IF(D1971<>"",VLOOKUP(E1971,TEAMLIST,2,0),"")
A1972: =IF(ISNUMBER(Entry!#REF!),Entry!#REF!,"") | B1972: =IF(A1972<>"",INDEX(SCORETABLE,ROW(),EXAMCODE),"") | C1972: =IF(B1972=1,"BIOLOGY",IF(B1972=2,"CHEMISTRY",IF(B1972=3,"COMP SCI",IF(B1972=4,"GRAPHICS",IF(B1972=5,"ENGLISH",IF(B1972=6,"MATHEMATICS",IF(B1972=7,"PHYSICS",""))))))) | D1972: =IF(A1972<>"",INDEX(SCORETABLE,ROW(),ID),"") | E1972: =IF(A1972<>"",QUOTIENT(D1972,100),"") | F1972: =IF(D1972<>"",VLOOKUP(D1972,DATATABLE,2,0),"") | G1972: =IF(D1972<>"",VLOOKUP(E1972,TEAMLIST,2,0),"")
A1973: =IF(ISNUMBER(Entry!#REF!),Entry!#REF!,"") | B1973: =IF(A1973<>"",INDEX(SCORETABLE,ROW(),EXAMCODE),"") | C1973: =IF(B1973=1,"BIOLOGY",IF(B1973=2,"CHEMISTRY",IF(B1973=3,"COMP SCI",IF(B1973=4,"GRAPHICS",IF(B1973=5,"ENGLISH",IF(B1973=6,"MATHEMATICS",IF(B1973=7,"PHYSICS",""))))))) | D1973: =IF(A1973<>"",INDEX(SCORETABLE,ROW(),ID),"") | E1973: =IF(A1973<>"",QUOTIENT(D1973,100),"") | F1973: =IF(D1973<>"",VLOOKUP(D1973,DATATABLE,2,0),"") | G1973: =IF(D1973<>"",VLOOKUP(E1973,TEAMLIST,2,0),"")
... A1989: =IF(ISNUMBER(Entry!#REF!),Entry!#REF!,"") | B1989: =IF(A1989<>"",INDEX(SCORETABLE,ROW(),EXAMCODE),"") | C1989: =IF(B1989=1,"BIOLOGY",IF(B1989=2,"CHEMISTRY",IF(B1989=3,"COMP SCI",IF(B1989=4,"GRAPHICS",IF(B1989=5,"ENGLISH",IF(B1989=6,"MATHEMATICS",IF(B1989=7,"PHYSICS",""))))))) | D1989: =IF(A1989<>"",INDEX(SCORETABLE,ROW(),ID),"") | E1989: =IF(A1989<>"",QUOTIENT(D1989,100),"") | F1989: =IF(D1989<>"",VLOOKUP(D1989,DATATABLE,2,0),"") | G1989: =IF(D1989<>"",VLOOKUP(E1989,TEAMLIST,2,0),"")
A1990: =IF(ISNUMBER(Entry!A2000),Entry!A2000,"") | B1990: =IF(A1990<>"",INDEX(SCORETABLE,ROW(),EXAMCODE),"") | C1990: =IF(B1990=1,"BIOLOGY",IF(B1990=2,"CHEMISTRY",IF(B1990=3,"COMP SCI",IF(B1990=4,"GRAPHICS",IF(B1990=5,"ENGLISH",IF(B1990=6,"MATHEMATICS",IF(B1990=7,"PHYSICS",""))))))) | D1990: =IF(A1990<>"",INDEX(SCORETABLE,ROW(),ID),"") | E1990: =IF(A1990<>"",QUOTIENT(D1990,100),"") | F1990: =IF(D1990<>"",VLOOKUP(D1990,DATATABLE,2,0),"") | G1990: =IF(D1990<>"",VLOOKUP(E1990,TEAMLIST,2,0),"")
A1991: =IF(ISNUMBER(Entry!A1972),Entry!A1972,"") | B1991: =IF(A1991<>"",INDEX(SCORETABLE,ROW(),EXAMCODE),"") | C1991: =IF(B1991=1,"BIOLOGY",IF(B1991=2,"CHEMISTRY",IF(B1991=3,"COMP SCI",IF(B1991=4,"GRAPHICS",IF(B1991=5,"ENGLISH",IF(B1991=6,"MATHEMATICS",IF(B1991=7,"PHYSICS",""))))))) | D1991: =IF(A1991<>"",INDEX(SCORETABLE,ROW(),ID),"") | E1991: =IF(A1991<>"",QUOTIENT(D1991,100),"") | F1991: =IF(D1991<>"",VLOOKUP(D1991,DATATABLE,2,0),"") | G1991: =IF(D1991<>"",VLOOKUP(E1991,TEAMLIST,2,0),"")
A1992: =IF(ISNUMBER(Entry!A1973),Entry!A1973,"") | B1992: =IF(A1992<>"",INDEX(SCORETABLE,ROW(),EXAMCODE),"") | C1992: =IF(B1992=1,"BIOLOGY",IF(B1992=2,"CHEMISTRY",IF(B1992=3,"COMP SCI",IF(B1992=4,"GRAPHICS",IF(B1992=5,"ENGLISH",IF(B1992=6,"MATHEMATICS",IF(B1992=7,"PHYSICS",""))))))) | D1992: =IF(A1992<>"",INDEX(SCORETABLE,ROW(),ID),"") | E1992: =IF(A1992<>"",QUOTIENT(D1992,100),"") | F1992: =IF(D1992<>"",VLOOKUP(D1992,DATATABLE,2,0),"") | G1992: =IF(D1992<>"",VLOOKUP(E1992,TEAMLIST,2,0),"")
A1993: =IF(ISNUMBER(Entry!A1974),Entry!A1974,"") | B1993: =IF(A1993<>"",INDEX(SCORETABLE,ROW(),EXAMCODE),"") | C1993: =IF(B1993=1,"BIOLOGY",IF(B1993=2,"CHEMISTRY",IF(B1993=3,"COMP SCI",IF(B1993=4,"GRAPHICS",IF(B1993=5,"ENGLISH",IF(B1993=6,"MATHEMATICS",IF(B1993=7,"PHYSICS",""))))))) | D1993: =IF(A1993<>"",INDEX(SCORETABLE,ROW(),ID),"") | E1993: =IF(A1993<>"",QUOTIENT(D1993,100),"") | F1993: =IF(D1993<>"",VLOOKUP(D1993,DATATABLE,2,0),"") | G1993: =IF(D1993<>"",VLOOKUP(E1993,TEAMLIST,2,0),"")
A1994: =IF(ISNUMBER(Entry!A1975),Entry!A1975,"") | B1994: =IF(A1994<>"",INDEX(SCORETABLE,ROW(),EXAMCODE),"") | C1994: =IF(B1994=1,"BIOLOGY",IF(B1994=2,"CHEMISTRY",IF(B1994=3,"COMP SCI",IF(B1994=4,"GRAPHICS",IF(B1994=5,"ENGLISH",IF(B1994=6,"MATHEMATICS",IF(B1994=7,"PHYSICS",""))))))) | D1994: =IF(A1994<>"",INDEX(SCORETABLE,ROW(),ID),"") | E1994: =IF(A1994<>"",QUOTIENT(D1994,100),"") | F1994: =IF(D1994<>"",VLOOKUP(D1994,DATATABLE,2,0),"") | G1994: =IF(D1994<>"",VLOOKUP(E1994,TEAMLIST,2,0),"")
A1995: =IF(ISNUMBER(Entry!A1976),Entry!A1976,"") | B1995: =IF(A1995<>"",INDEX(SCORETABLE,ROW(),EXAMCODE),"") | C1995: =IF(B1995=1,"BIOLOGY",IF(B1995=2,"CHEMISTRY",IF(B1995=3,"COMP SCI",IF(B1995=4,"GRAPHICS",IF(B1995=5,"ENGLISH",IF(B1995=6,"MATHEMATICS",IF(B1995=7,"PHYSICS",""))))))) | D1995: =IF(A1995<>"",INDEX(SCORETABLE,ROW(),ID),"") | E1995: =IF(A1995<>"",QUOTIENT(D1995,100),"") | F1995: =IF(D1995<>"",VLOOKUP(D1995,DATATABLE,2,0),"") | G1995: =IF(D1995<>"",VLOOKUP(E1995,TEAMLIST,2,0),"")
A1996: =IF(ISNUMBER(Entry!A1977),Entry!A1977,"") | B1996: =IF(A1996<>"",INDEX(SCORETABLE,ROW(),EXAMCODE),"") | C1996: =IF(B1996=1,"BIOLOGY",IF(B1996=2,"CHEMISTRY",IF(B1996=3,"COMP SCI",IF(B1996=4,"GRAPHICS",IF(B1996=5,"ENGLISH",IF(B1996=6,"MATHEMATICS",IF(B1996=7,"PHYSICS",""))))))) | D1996: =IF(A1996<>"",INDEX(SCORETABLE,ROW(),ID),"") | E1996: =IF(A1996<>"",QUOTIENT(D1996,100),"") | F1996: =IF(D1996<>"",VLOOKUP(D1996,DATATABLE,2,0),"") | G1996: =IF(D1996<>"",VLOOKUP(E1996,TEAMLIST,2,0),"")
A1997: =IF(ISNUMBER(Entry!A1978),Entry!A1978,"") | B1997: =IF(A1997<>"",INDEX(SCORETABLE,ROW(),EXAMCODE),"") | C1997: =IF(B1997=1,"BIOLOGY",IF(B1997=2,"CHEMISTRY",IF(B1997=3,"COMP SCI",IF(B1997=4,"GRAPHICS",IF(B1997=5,"ENGLISH",IF(B1997=6,"MATHEMATICS",IF(B1997=7,"PHYSICS",""))))))) | D1997: =IF(A1997<>"",INDEX(SCORETABLE,ROW(),ID),"") | E1997: =IF(A1997<>"",QUOTIENT(D1997,100),"") | F1997: =IF(D1997<>"",VLOOKUP(D1997,DATATABLE,2,0),"") | G1997: =IF(D1997<>"",VLOOKUP(E1997,TEAMLIST,2,0),"")
A1998: =IF(ISNUMBER(Entry!A1979),Entry!A1979,"") | B1998: =IF(A1998<>"",INDEX(SCORETABLE,ROW(),EXAMCODE),"") | C1998: =IF(B1998=1,"BIOLOGY",IF(B1998=2,"CHEMISTRY",IF(B1998=3,"COMP SCI",IF(B1998=4,"GRAPHICS",IF(B1998=5,"ENGLISH",IF(B1998=6,"MATHEMATICS",IF(B1998=7,"PHYSICS",""))))))) | D1998: =IF(A1998<>"",INDEX(SCORETABLE,ROW(),ID),"") | E1998: =IF(A1998<>"",QUOTIENT(D1998,100),"") | F1998: =IF(D1998<>"",VLOOKUP(D1998,DATATABLE,2,0),"") | G1998: =IF(D1998<>"",VLOOKUP(E1998,TEAMLIST,2,0),"")
A1999: =IF(ISNUMBER(Entry!A1980),Entry!A1980,"") | B1999: =IF(A1999<>"",INDEX(SCORETABLE,ROW(),EXAMCODE),"") | C1999: =IF(B1999=1,"BIOLOGY",IF(B1999=2,"CHEMISTRY",IF(B1999=3,"COMP SCI",IF(B1999=4,"GRAPHICS",IF(B1999=5,"ENGLISH",IF(B1999=6,"MATHEMATICS",IF(B1999=7,"PHYSICS",""))))))) | D1999: =IF(A1999<>"",INDEX(SCORETABLE,ROW(),ID),"") | E1999: =IF(A1999<>"",QUOTIENT(D1999,100),"") | F1999: =IF(D1999<>"",VLOOKUP(D1999,DATATABLE,2,0),"") | G1999: =IF(D1999<>"",VLOOKUP(E1999,TEAMLIST,2,0),"")
A2000: =IF(ISNUMBER(Entry!A1981),Entry!A1981,"") | B2000: =IF(A2000<>"",INDEX(SCORETABLE,ROW(),EXAMCODE),"") | C2000: =IF(B2000=1,"BIOLOGY",IF(B2000=2,"CHEMISTRY",IF(B2000=3,"COMP SCI",IF(B2000=4,"GRAPHICS",IF(B2000=5,"ENGLISH",IF(B2000=6,"MATHEMATICS",IF(B2000=7,"PHYSICS",""))))))) | D2000: =IF(A2000<>"",INDEX(SCORETABLE,ROW(),ID),"") | E2000: =IF(A2000<>"",QUOTIENT(D2000,100),"") | F2000: =IF(D2000<>"",VLOOKUP(D2000,DATATABLE,2,0),"") | G2000: =IF(D2000<>"",VLOOKUP(E2000,TEAMLIST,2,0),"")

Sheet WORK
A1: =IF(INDEX(DATA,ROW(),EXAMCODE)=0,0,IF(INDEX(KEYS,INDEX(DATA,ROW(),EXAMCODE),COLUMN()+1)<>"",IF(INDEX(KEYS,INDEX(DATA,ROW(),EXAMCODE),COLUMN()+1)=INDEX(DATA,ROW(),FIRSTRESPONSE+COLUMN()-1),1,0),0)) -> 0 | B1: =IF(INDEX(DATA,ROW(),EXAMCODE)=0,0,IF(INDEX(KEYS,INDEX(DATA,ROW(),EXAMCODE),COLUMN()+1)<>"",IF(INDEX(KEYS,INDEX(DATA,ROW(),EXAMCODE),COLUMN()+1)=INDEX(DATA,ROW(),FIRSTRESPONSE+COLUMN()-1),1,0),0)) -> 0 | C1: =IF(INDEX(DATA,ROW(),EXAMCODE)=0,0,IF(INDEX(KEYS,INDEX(DATA,ROW(),EXAMCODE),COLUMN()+1)<>"",IF(INDEX(KEYS,INDEX(DATA,ROW(),EXAMCODE),COLUMN()+1)=INDEX(DATA,ROW(),FIRSTRESPONSE+COLUMN()-1),1,0),0)) -> 0 | D1: =IF(INDEX(DATA,ROW(),EXAMCODE)=0,0,IF(INDEX(KEYS,INDEX(DATA,ROW(),EXAMCODE),COLUMN()+1)<>"",IF(INDEX(KEYS,INDEX(DATA,ROW(),EXAMCODE),COLUMN()+1)=INDEX(DATA,ROW(),FIRSTRESPONSE+COLUMN()-1),1,0),0)) -> 0 | E1: =IF(INDEX(DATA,ROW(),EXAMCODE)=0,0,IF(INDEX(KEYS,INDEX(DATA,ROW(),EXAMCODE),COLUMN()+1)<>"",IF(INDEX(KEYS,INDEX(DATA,ROW(),EXAMCODE),COLUMN()+1)=INDEX(DATA,ROW(),FIRSTRESPONSE+COLUMN()-1),1,0),0)) -> 0 | F1: =IF(INDEX(DATA,ROW(),EXAMCODE)=0,0,IF(INDEX(KEYS,INDEX(DATA,ROW(),EXAMCODE),COLUMN()+1)<>"",IF(INDEX(KEYS,INDEX(DATA,ROW(),EXAMCODE),COLUMN()+1)=INDEX(DATA,ROW(),FIRSTRESPONSE+COLUMN()-1),1,0),0)) -> 0 | G1: =IF(INDEX(DATA,ROW(),EXAMCODE)=0,0,IF(INDEX(KEYS,INDEX(DATA,ROW(),EXAMCODE),COLUMN()+1)<>"",IF(INDEX(KEYS,INDEX(DATA,ROW(),EXAMCODE),COLUMN()+1)=INDEX(DATA,ROW(),FIRSTRESPONSE+COLUMN()-1),1,0),0)) -> 0 | H1: =IF(INDEX(DATA,ROW(),EXAMCODE)=0,0,IF(INDEX(KEYS,INDEX(DATA,ROW(),EXAMCODE),COLUMN()+1)<>"",IF(INDEX(KEYS,INDEX(DATA,ROW(),EXAMCODE),COLUMN()+1)=INDEX(DATA,ROW(),FIRSTRESPONSE+COLUMN()-1),1,0),0)) -> 0 | ... CB1: =IF(INDEX(DATA,ROW(),EXAMCODE)=0,0,IF(INDEX(KEYS,INDEX(DATA,ROW(),EXAMCODE),COLUMN()+1)<>"",IF(INDEX(KEYS,INDEX(DATA,ROW(),EXAMCODE),COLUMN()+1)=INDEX(DATA,ROW(),FIRSTRESPONSE+COLUMN()-1),1,0),0)) -> 0
A2: =IF(INDEX(DATA,ROW(),EXAMCODE)=0,0,IF(INDEX(KEYS,INDEX(DATA,ROW(),EXAMCODE),COLUMN()+1)<>"",IF(INDEX(KEYS,INDEX(DATA,ROW(),EXAMCODE),COLUMN()+1)=INDEX(DATA,ROW(),FIRSTRESPONSE+COLUMN()-1),1,0),0)) -> 0 | B2: =IF(INDEX(DATA,ROW(),EXAMCODE)=0,0,IF(INDEX(KEYS,INDEX(DATA,ROW(),EXAMCODE),COLUMN()+1)<>"",IF(INDEX(KEYS,INDEX(DATA,ROW(),EXAMCODE),COLUMN()+1)=INDEX(DATA,ROW(),FIRSTRESPONSE+COLUMN()-1),1,0),0)) -> 0 | C2: =IF(INDEX(DATA,ROW(),EXAMCODE)=0,0,IF(INDEX(KEYS,INDEX(DATA,ROW(),EXAMCODE),COLUMN()+1)<>"",IF(INDEX(KEYS,INDEX(DATA,ROW(),EXAMCODE),COLUMN()+1)=INDEX(DATA,ROW(),FIRSTRESPONSE+COLUMN()-1),1,0),0)) -> 0 | D2: =IF(INDEX(DATA,ROW(),EXAMCODE)=0,0,IF(INDEX(KEYS,INDEX(DATA,ROW(),EXAMCODE),COLUMN()+1)<>"",IF(INDEX(KEYS,INDEX(DATA,ROW(),EXAMCODE),COLUMN()+1)=INDEX(DATA,ROW(),FIRSTRESPONSE+COLUMN()-1),1,0),0)) -> 0 | E2: =IF(INDEX(DATA,ROW(),EXAMCODE)=0,0,IF(INDEX(KEYS,INDEX(DATA,ROW(),EXAMCODE),COLUMN()+1)<>"",IF(INDEX(KEYS,INDEX(DATA,ROW(),EXAMCODE),COLUMN()+1)=INDEX(DATA,ROW(),FIRSTRESPONSE+COLUMN()-1),1,0),0)) -> 0 | F2: =IF(INDEX(DATA,ROW(),EXAMCODE)=0,0,IF(INDEX(KEYS,INDEX(DATA,ROW(),EXAMCODE),COLUMN()+1)<>"",IF(INDEX(KEYS,INDEX(DATA,ROW(),EXAMCODE),COLUMN()+1)=INDEX(DATA,ROW(),FIRSTRESPONSE+COLUMN()-1),1,0),0)) -> 0 | G2: =IF(INDEX(DATA,ROW(),EXAMCODE)=0,0,IF(INDEX(KEYS,INDEX(DATA,ROW(),EXAMCODE),COLUMN()+1)<>"",IF(INDEX(KEYS,INDEX(DATA,ROW(),EXAMCODE),COLUMN()+1)=INDEX(DATA,ROW(),FIRSTRESPONSE+COLUMN()-1),1,0),0)) -> 0 | H2: =IF(INDEX(DATA,ROW(),EXAMCODE)=0,0,IF(INDEX(KEYS,INDEX(DATA,ROW(),EXAMCODE),COLUMN()+1)<>"",IF(INDEX(KEYS,INDEX(DATA,ROW(),EXAMCODE),COLUMN()+1)=INDEX(DATA,ROW(),FIRSTRESPONSE+COLUMN()-1),1,0),0)) -> 0 | ... CB2: =IF(INDEX(DATA,ROW(),EXAMCODE)=0,0,IF(INDEX(KEYS,INDEX(DATA,ROW(),EXAMCODE),COLUMN()+1)<>"",IF(INDEX(KEYS,INDEX(DATA,ROW(),EXAMCODE),COLUMN()+1)=INDEX(DATA,ROW(),FIRSTRESPONSE+COLUMN()-1),1,0),0)) -> 0
A3: =IF(INDEX(DATA,ROW(),EXAMCODE)=0,0,IF(INDEX(KEYS,INDEX(DATA,ROW(),EXAMCODE),COLUMN()+1)<>"",IF(INDEX(KEYS,INDEX(DATA,ROW(),EXAMCODE),COLUMN()+1)=INDEX(DATA,ROW(),FIRSTRESPONSE+COLUMN()-1),1,0),0)) -> 0 | B3: =IF(INDEX(DATA,ROW(),EXAMCODE)=0,0,IF(INDEX(KEYS,INDEX(DATA,ROW(),EXAMCODE),COLUMN()+1)<>"",IF(INDEX(KEYS,INDEX(DATA,ROW(),EXAMCODE),COLUMN()+1)=INDEX(DATA,ROW(),FIRSTRESPONSE+COLUMN()-1),1,0),0)) -> 0 | C3: =IF(INDEX(DATA,ROW(),EXAMCODE)=0,0,IF(INDEX(KEYS,INDEX(DATA,ROW(),EXAMCODE),COLUMN()+1)<>"",IF(INDEX(KEYS,INDEX(DATA,ROW(),EXAMCODE),COLUMN()+1)=INDEX(DATA,ROW(),FIRSTRESPONSE+COLUMN()-1),1,0),0)) -> 0 | D3: =IF(INDEX(DATA,ROW(),EXAMCODE)=0,0,IF(INDEX(KEYS,INDEX(DATA,ROW(),EXAMCODE),COLUMN()+1)<>"",IF(INDEX(KEYS,INDEX(DATA,ROW(),EXAMCODE),COLUMN()+1)=INDEX(DATA,ROW(),FIRSTRESPONSE+COLUMN()-1),1,0),0)) -> 0 | E3: =IF(INDEX(DATA,ROW(),EXAMCODE)=0,0,IF(INDEX(KEYS,INDEX(DATA,ROW(),EXAMCODE),COLUMN()+1)<>"",IF(INDEX(KEYS,INDEX(DATA,ROW(),EXAMCODE),COLUMN()+1)=INDEX(DATA,ROW(),FIRSTRESPONSE+COLUMN()-1),1,0),0)) -> 0 | F3: =IF(INDEX(DATA,ROW(),EXAMCODE)=0,0,IF(INDEX(KEYS,INDEX(DATA,ROW(),EXAMCODE),COLUMN()+1)<>"",IF(INDEX(KEYS,INDEX(DATA,ROW(),EXAMCODE),COLUMN()+1)=INDEX(DATA,ROW(),FIRSTRESPONSE+COLUMN()-1),1,0),0)) -> 0 | G3: =IF(INDEX(DATA,ROW(),EXAMCODE)=0,0,IF(INDEX(KEYS,INDEX(DATA,ROW(),EXAMCODE),COLUMN()+1)<>"",IF(INDEX(KEYS,INDEX(DATA,ROW(),EXAMCODE),COLUMN()+1)=INDEX(DATA,ROW(),FIRSTRESPONSE+COLUMN()-1),1,0),0)) -> 0 | H3: =IF(INDEX(DATA,ROW(),EXAMCODE)=0,0,IF(INDEX(KEYS,INDEX(DATA,ROW(),EXAMCODE),COLUMN()+1)<>"",IF(INDEX(KEYS,INDEX(DATA,ROW(),EXAMCODE),COLUMN()+1)=INDEX(DATA,ROW(),FIRSTRESPONSE+COLUMN()-1),1,0),0)) -> 0 | ... CB3: =IF(INDEX(DATA,ROW(),EXAMCODE)=0,0,IF(INDEX(KEYS,INDEX(DATA,ROW(),EXAMCODE),COLUMN()+1)<>"",IF(INDEX(KEYS,INDEX(DATA,ROW(),EXAMCODE),COLUMN()+1)=INDEX(DATA,ROW(),FIRSTRESPONSE+COLUMN()-1),1,0),0)) -> 0
A4: =IF(INDEX(DATA,ROW(),EXAMCODE)=0,0,IF(INDEX(KEYS,INDEX(DATA,ROW(),EXAMCODE),COLUMN()+1)<>"",IF(INDEX(KEYS,INDEX(DATA,ROW(),EXAMCODE),COLUMN()+1)=INDEX(DATA,ROW(),FIRSTRESPONSE+COLUMN()-1),1,0),0)) -> 0 | B4: =IF(INDEX(DATA,ROW(),EXAMCODE)=0,0,IF(INDEX(KEYS,INDEX(DATA,ROW(),EXAMCODE),COLUMN()+1)<>"",IF(INDEX(KEYS,INDEX(DATA,ROW(),EXAMCODE),COLUMN()+1)=INDEX(DATA,ROW(),FIRSTRESPONSE+COLUMN()-1),1,0),0)) -> 0 | C4: =IF(INDEX(DATA,ROW(),EXAMCODE)=0,0,IF(INDEX(KEYS,INDEX(DATA,ROW(),EXAMCODE),COLUMN()+1)<>"",IF(INDEX(KEYS,INDEX(DATA,ROW(),EXAMCODE),COLUMN()+1)=INDEX(DATA,ROW(),FIRSTRESPONSE+COLUMN()-1),1,0),0)) -> 0 | D4: =IF(INDEX(DATA,ROW(),EXAMCODE)=0,0,IF(INDEX(KEYS,INDEX(DATA,ROW(),EXAMCODE),COLUMN()+1)<>"",IF(INDEX(KEYS,INDEX(DATA,ROW(),EXAMCODE),COLUMN()+1)=INDEX(DATA,ROW(),FIRSTRESPONSE+COLUMN()-1),1,0),0)) -> 0 | E4: =IF(INDEX(DATA,ROW(),EXAMCODE)=0,0,IF(INDEX(KEYS,INDEX(DATA,ROW(),EXAMCODE),COLUMN()+1)<>"",IF(INDEX(KEYS,INDEX(DATA,ROW(),EXAMCODE),COLUMN()+1)=INDEX(DATA,ROW(),FIRSTRESPONSE+COLUMN()-1),1,0),0)) -> 0 | F4: =IF(INDEX(DATA,ROW(),EXAMCODE)=0,0,IF(INDEX(KEYS,INDEX(DATA,ROW(),EXAMCODE),COLUMN()+1)<>"",IF(INDEX(KEYS,INDEX(DATA,ROW(),EXAMCODE),COLUMN()+1)=INDEX(DATA,ROW(),FIRSTRESPONSE+COLUMN()-1),1,0),0)) -> 0 | G4: =IF(INDEX(DATA,ROW(),EXAMCODE)=0,0,IF(INDEX(KEYS,INDEX(DATA,ROW(),EXAMCODE),COLUMN()+1)<>"",IF(INDEX(KEYS,INDEX(DATA,ROW(),EXAMCODE),COLUMN()+1)=INDEX(DATA,ROW(),FIRSTRESPONSE+COLUMN()-1),1,0),0)) -> 0 | H4: =IF(INDEX(DATA,ROW(),EXAMCODE)=0,0,IF(INDEX(KEYS,INDEX(DATA,ROW(),EXAMCODE),COLUMN()+1)<>"",IF(INDEX(KEYS,INDEX(DATA,ROW(),EXAMCODE),COLUMN()+1)=INDEX(DATA,ROW(),FIRSTRESPONSE+COLUMN()-1),1,0),0)) -> 0 | ... CB4: =IF(INDEX(DATA,ROW(),EXAMCODE)=0,0,IF(INDEX(KEYS,INDEX(DATA,ROW(),EXAMCODE),COLUMN()+1)<>"",IF(INDEX(KEYS,INDEX(DATA,ROW(),EXAMCODE),COLUMN()+1)=INDEX(DATA,ROW(),FIRSTRESPONSE+COLUMN()-1),1,0),0)) -> 0
A5: =IF(INDEX(DATA,ROW(),EXAMCODE)=0,0,IF(INDEX(KEYS,INDEX(DATA,ROW(),EXAMCODE),COLUMN()+1)<>"",IF(INDEX(KEYS,INDEX(DATA,ROW(),EXAMCODE),COLUMN()+1)=INDEX(DATA,ROW(),FIRSTRESPONSE+COLUMN()-1),1,0),0)) -> 0 | B5: =IF(INDEX(DATA,ROW(),EXAMCODE)=0,0,IF(INDEX(KEYS,INDEX(DATA,ROW(),EXAMCODE),COLUMN()+1)<>"",IF(INDEX(KEYS,INDEX(DATA,ROW(),EXAMCODE),COLUMN()+1)=INDEX(DATA,ROW(),FIRSTRESPONSE+COLUMN()-1),1,0),0)) -> 0 | C5: =IF(INDEX(DATA,ROW(),EXAMCODE)=0,0,IF(INDEX(KEYS,INDEX(DATA,ROW(),EXAMCODE),COLUMN()+1)<>"",IF(INDEX(KEYS,INDEX(DATA,ROW(),EXAMCODE),COLUMN()+1)=INDEX(DATA,ROW(),FIRSTRESPONSE+COLUMN()-1),1,0),0)) -> 0 | D5: =IF(INDEX(DATA,ROW(),EXAMCODE)=0,0,IF(INDEX(KEYS,INDEX(DATA,ROW(),EXAMCODE),COLUMN()+1)<>"",IF(INDEX(KEYS,INDEX(DATA,ROW(),EXAMCODE),COLUMN()+1)=INDEX(DATA,ROW(),FIRSTRESPONSE+COLUMN()-1),1,0),0)) -> 0 | E5: =IF(INDEX(DATA,ROW(),EXAMCODE)=0,0,IF(INDEX(KEYS,INDEX(DATA,ROW(),EXAMCODE),COLUMN()+1)<>"",IF(INDEX(KEYS,INDEX(DATA,ROW(),EXAMCODE),COLUMN()+1)=INDEX(DATA,ROW(),FIRSTRESPONSE+COLUMN()-1),1,0),0)) -> 0 | F5: =IF(INDEX(DATA,ROW(),EXAMCODE)=0,0,IF(INDEX(KEYS,INDEX(DATA,ROW(),EXAMCODE),COLUMN()+1)<>"",IF(INDEX(KEYS,INDEX(DATA,ROW(),EXAMCODE),COLUMN()+1)=INDEX(DATA,ROW(),FIRSTRESPONSE+COLUMN()-1),1,0),0)) -> 0 | G5: =IF(INDEX(DATA,ROW(),EXAMCODE)=0,0,IF(INDEX(KEYS,INDEX(DATA,ROW(),EXAMCODE),COLUMN()+1)<>"",IF(INDEX(KEYS,INDEX(DATA,ROW(),EXAMCODE),COLUMN()+1)=INDEX(DATA,ROW(),FIRSTRESPONSE+COLUMN()-1),1,0),0)) -> 0 | H5: =IF(INDEX(DATA,ROW(),EXAMCODE)=0,0,IF(INDEX(KEYS,INDEX(DATA,ROW(),EXAMCODE),COLUMN()+1)<>"",IF(INDEX(KEYS,INDEX(DATA,ROW(),EXAMCODE),COLUMN()+1)=INDEX(DATA,ROW(),FIRSTRESPONSE+COLUMN()-1),1,0),0)) -> 0 | ... CB5: =IF(INDEX(DATA,ROW(),EXAMCODE)=0,0,IF(INDEX(KEYS,INDEX(DATA,ROW(),EXAMCODE),COLUMN()+1)<>"",IF(INDEX(KEYS,INDEX(DATA,ROW(),EXAMCODE),COLUMN()+1)=INDEX(DATA,ROW(),FIRSTRESPONSE+COLUMN()-1),1,0),0)) -> 0
A6: =IF(INDEX(DATA,ROW(),EXAMCODE)=0,0,IF(INDEX(KEYS,INDEX(DATA,ROW(),EXAMCODE),COLUMN()+1)<>"",IF(INDEX(KEYS,INDEX(DATA,ROW(),EXAMCODE),COLUMN()+1)=INDEX(DATA,ROW(),FIRSTRESPONSE+COLUMN()-1),1,0),0)) -> 0 | B6: =IF(INDEX(DATA,ROW(),EXAMCODE)=0,0,IF(INDEX(KEYS,INDEX(DATA,ROW(),EXAMCODE),COLUMN()+1)<>"",IF(INDEX(KEYS,INDEX(DATA,ROW(),EXAMCODE),COLUMN()+1)=INDEX(DATA,ROW(),FIRSTRESPONSE+COLUMN()-1),1,0),0)) -> 0 | C6: =IF(INDEX(DATA,ROW(),EXAMCODE)=0,0,IF(INDEX(KEYS,INDEX(DATA,ROW(),EXAMCODE),COLUMN()+1)<>"",IF(INDEX(KEYS,INDEX(DATA,ROW(),EXAMCODE),COLUMN()+1)=INDEX(DATA,ROW(),FIRSTRESPONSE+COLUMN()-1),1,0),0)) -> 0 | D6: =IF(INDEX(DATA,ROW(),EXAMCODE)=0,0,IF(INDEX(KEYS,INDEX(DATA,ROW(),EXAMCODE),COLUMN()+1)<>"",IF(INDEX(KEYS,INDEX(DATA,ROW(),EXAMCODE),COLUMN()+1)=INDEX(DATA,ROW(),FIRSTRESPONSE+COLUMN()-1),1,0),0)) -> 0 | E6: =IF(INDEX(DATA,ROW(),EXAMCODE)=0,0,IF(INDEX(KEYS,INDEX(DATA,ROW(),EXAMCODE),COLUMN()+1)<>"",IF(INDEX(KEYS,INDEX(DATA,ROW(),EXAMCODE),COLUMN()+1)=INDEX(DATA,ROW(),FIRSTRESPONSE+COLUMN()-1),1,0),0)) -> 0 | F6: =IF(INDEX(DATA,ROW(),EXAMCODE)=0,0,IF(INDEX(KEYS,INDEX(DATA,ROW(),EXAMCODE),COLUMN()+1)<>"",IF(INDEX(KEYS,INDEX(DATA,ROW(),EXAMCODE),COLUMN()+1)=INDEX(DATA,ROW(),FIRSTRESPONSE+COLUMN()-1),1,0),0)) -> 0 | G6: =IF(INDEX(DATA,ROW(),EXAMCODE)=0,0,IF(INDEX(KEYS,INDEX(DATA,ROW(),EXAMCODE),COLUMN()+1)<>"",IF(INDEX(KEYS,INDEX(DATA,ROW(),EXAMCODE),COLUMN()+1)=INDEX(DATA,ROW(),FIRSTRESPONSE+COLUMN()-1),1,0),0)) -> 0 | H6: =IF(INDEX(DATA,ROW(),EXAMCODE)=0,0,IF(INDEX(KEYS,INDEX(DATA,ROW(),EXAMCODE),COLUMN()+1)<>"",IF(INDEX(KEYS,INDEX(DATA,ROW(),EXAMCODE),COLUMN()+1)=INDEX(DATA,ROW(),FIRSTRESPONSE+COLUMN()-1),1,0),0)) -> 0 | ... CB6: =IF(INDEX(DATA,ROW(),EXAMCODE)=0,0,IF(INDEX(KEYS,INDEX(DATA,ROW(),EXAMCODE),COLUMN()+1)<>"",IF(INDEX(KEYS,INDEX(DATA,ROW(),EXAMCODE),COLUMN()+1)=INDEX(DATA,ROW(),FIRSTRESPONSE+COLUMN()-1),1,0),0)) -> 0
A7: =IF(INDEX(DATA,ROW(),EXAMCODE)=0,0,IF(INDEX(KEYS,INDEX(DATA,ROW(),EXAMCODE),COLUMN()+1)<>"",IF(INDEX(KEYS,INDEX(DATA,ROW(),EXAMCODE),COLUMN()+1)=INDEX(DATA,ROW(),FIRSTRESPONSE+COLUMN()-1),1,0),0)) -> 0 | B7: =IF(INDEX(DATA,ROW(),EXAMCODE)=0,0,IF(INDEX(KEYS,INDEX(DATA,ROW(),EXAMCODE),COLUMN()+1)<>"",IF(INDEX(KEYS,INDEX(DATA,ROW(),EXAMCODE),COLUMN()+1)=INDEX(DATA,ROW(),FIRSTRESPONSE+COLUMN()-1),1,0),0)) -> 0 | C7: =IF(INDEX(DATA,ROW(),EXAMCODE)=0,0,IF(INDEX(KEYS,INDEX(DATA,ROW(),EXAMCODE),COLUMN()+1)<>"",IF(INDEX(KEYS,INDEX(DATA,ROW(),EXAMCODE),COLUMN()+1)=INDEX(DATA,ROW(),FIRSTRESPONSE+COLUMN()-1),1,0),0)) -> 0 | D7: =IF(INDEX(DATA,ROW(),EXAMCODE)=0,0,IF(INDEX(KEYS,INDEX(DATA,ROW(),EXAMCODE),COLUMN()+1)<>"",IF(INDEX(KEYS,INDEX(DATA,ROW(),EXAMCODE),COLUMN()+1)=INDEX(DATA,ROW(),FIRSTRESPONSE+COLUMN()-1),1,0),0)) -> 0 | E7: =IF(INDEX(DATA,ROW(),EXAMCODE)=0,0,IF(INDEX(KEYS,INDEX(DATA,ROW(),EXAMCODE),COLUMN()+1)<>"",IF(INDEX(KEYS,INDEX(DATA,ROW(),EXAMCODE),COLUMN()+1)=INDEX(DATA,ROW(),FIRSTRESPONSE+COLUMN()-1),1,0),0)) -> 0 | F7: =IF(INDEX(DATA,ROW(),EXAMCODE)=0,0,IF(INDEX(KEYS,INDEX(DATA,ROW(),EXAMCODE),COLUMN()+1)<>"",IF(INDEX(KEYS,INDEX(DATA,ROW(),EXAMCODE),COLUMN()+1)=INDEX(DATA,ROW(),FIRSTRESPONSE+COLUMN()-1),1,0),0)) -> 0 | G7: =IF(INDEX(DATA,ROW(),EXAMCODE)=0,0,IF(INDEX(KEYS,INDEX(DATA,ROW(),EXAMCODE),COLUMN()+1)<>"",IF(INDEX(KEYS,INDEX(DATA,ROW(),EXAMCODE),COLUMN()+1)=INDEX(DATA,ROW(),FIRSTRESPONSE+COLUMN()-1),1,0),0)) -> 0 | H7: =IF(INDEX(DATA,ROW(),EXAMCODE)=0,0,IF(INDEX(KEYS,INDEX(DATA,ROW(),EXAMCODE),COLUMN()+1)<>"",IF(INDEX(KEYS,INDEX(DATA,ROW(),EXAMCODE),COLUMN()+1)=INDEX(DATA,ROW(),FIRSTRESPONSE+COLUMN()-1),1,0),0)) -> 0 | ... CB7: =IF(INDEX(DATA,ROW(),EXAMCODE)=0,0,IF(INDEX(KEYS,INDEX(DATA,ROW(),EXAMCODE),COLUMN()+1)<>"",IF(INDEX(KEYS,INDEX(DATA,ROW(),EXAMCODE),COLUMN()+1)=INDEX(DATA,ROW(),FIRSTRESPONSE+COLUMN()-1),1,0),0)) -> 0
